Workbook

Sheet Лист1
A1: "СОГЛАСОВАНО" | H1: "УТВЕРЖДАЮ"
A3: ________________ | H3: ________________
A4: "_____" __________________ 20_____г. | H4: "_____" __________________ 20_____г.
A6: Наименование объекта: ФГУП "ПО "Маяк" завод РТ-1
A8: Л О К А Л Ь Н А Я С М Е Т А
A9: 41С/2012
A10: на капитальный ремонт системы отопления зд… завода РТ-1
A14: Составлена в ценах | C14: 2001г. С к=1,13,МДС 81-35.2004п.4.7;МДС81-38.2004 п.2.3
A15: Основание: Дефектная ведомость объемов работ | I15: Сметная стоимость | J15: 400.736 тыс. руб.
I16: Нормативная трудоемкость | J16: 4605 чел.-час.
I17: Текущая стоимость с НДС | J17: =G294/1000 -> 2933.4835 | K17: тыс.руб.
A18: № п/п | B18: Шифр и номер позиции норматива | C18: Наименование работ и затрат, единица измерения | D18: Количество | E18: Стоимость ед., руб. | G18: Общая стоимость, руб. | J18: Затраты труда, чел.-ч
E19: Всего | F19: Экспл. машин | G19: Всего | H19: Основная зарплата | I19: Экспл. машин | J19: основных рабочих
J20: машинистов
E21: Основная зарплата | F21: в т.ч. зарплата | I21: в т.ч. зарплата | J21: на единицу | K21: всего
A23: 1 | B23: 2 | C23: 3 | D23: 4 | E23: 5 | F23: 6 | G23: 7 | H23: 8 | I23: 9 | J23: 10 | K23: 11
A25: МДС 81-38.2004 п.2 .3 | C25: К=ЭММ*1,7, ЗПМ*1,7, ОЗП*1,7, ТЗ*1,7, ТЗМ*1,7
C26: К=ЭММ*1,5, ЗПМ*1,5, ОЗП*1,5, ТЗ*1,5, ТЗМ*1,5
A27: МДС 81-35.2004 п.4.7 | C27: К=ЭММ*1,25, ЗПМ*1,25, ОЗП*1,15, ТЗ*1,15, ТЗМ*1,25
C29: =Source!G24 -> Демонтажные работы
A30: =Source!E25 -> 1 | B30: =Source!F25 -> 65-1-3 | C30: =Source!G25 -> Разборка трубопроводов из водогазопроводных труб диаметром 108 мм с отборкой годных труб, арматуры, фасонных и крепежных частей | D30: =Source!I25 -> 0.01 | E30: =IF(Source!AB25=0,"-",ROUND(Source!AB25,2)) -> 1501.55 | F30: =IF(Source!AD25=0,"-",ROUND(Source!AD25,2)) -> 21.56 | G30: =IF(Source!O25=0,"-",ROUND(Source!O25,0)) -> 15 | H30: =IF(Source!S25=0,"-",ROUND(Source!S25,0)) -> 14 | I30: =IF(Source!Q25=0,"-",ROUND(Source!Q25,0)) -> - | J30: =IF(Source!AH25=0,"-",ROUND(Source!AH25,2)) -> 114.57 | K30: =IF(Source!U25=0,"-",ROUND(Source!U25,2)) -> 1.15
B31: К=ЭММ)*1,5, ЗПМ)*1,5, ОЗП)*1,5, ТЗ)*1,5, ТЗМ)*1,5 | C31: =Source!H25 -> 100 м | E31: =IF(Source!AF25=0,"-",ROUND(Source!AF25,2)) -> 1360.66 | F31: =IF(Source!AE25=0,"-",ROUND(Source!AE25,2)) -> 4.75 | I31: =IF(Source!R25=0,"-",ROUND(Source!R25,0)) -> - | J31: =IF(Source!AI25=0,"-",ROUND(Source!AI25,2)) -> 0.39 | K31: =IF(Source!V25=0,"-",ROUND(Source!V25,2)) -> 0
A32: =Source!E26 -> 1.1 | B32: =Source!F26 -> 999-9899 | C32: =Source!G26 -> Строительный мусор и масса возвратных материалов | D32: =Source!I26 -> 0.0043 | E32: =IF(Source!AB26=0,"-",ROUND(Source!AB26,2)) -> - | F32: =IF(Source!AD26=0,"-",ROUND(Source!AD26,2)) -> - | G32: =IF(Source!O26=0,"-",ROUND(Source!O26,0)) -> - | H32: =IF(Source!S26=0,"-",ROUND(Source!S26,0)) -> - | I32: =IF(Source!Q26=0,"-",ROUND(Source!Q26,0)) -> - | J32: =IF(Source!AH26=0,"-",ROUND(Source!AH26,2)) -> - | K32: =IF(Source!U26=0,"-",ROUND(Source!U26,2)) -> -
C33: =Source!H26 -> т | E33: =IF(Source!AF26=0,"-",ROUND(Source!AF26,2)) -> - | F33: =IF(Source!AE26=0,"-",ROUND(Source!AE26,2)) -> - | I33: =IF(Source!R26=0,"-",ROUND(Source!R26,0)) -> - | J33: =IF(Source!AI26=0,"-",ROUND(Source!AI26,2)) -> - | K33: =IF(Source!V26=0,"-",ROUND(Source!V26,2)) -> -
A34: =Source!E27 -> 2 | B34: =Source!F27 -> 16-02-004-6 | C34: =Source!G27 -> Демонтаж трубопроводов отопления и газоснабжения из стальных бесшовных труб диаметром, мм: 159х4,5 | D34: =Source!I27 -> 1 | E34: =IF(Source!AB27=0,"-",ROUND(Source!AB27,2)) -> 11.11 | F34: =IF(Source!AD27=0,"-",ROUND(Source!AD27,2)) -> 1.69 | G34: =IF(Source!O27=0,"-",ROUND(Source!O27,0)) -> 11 | H34: =IF(Source!S27=0,"-",ROUND(Source!S27,0)) -> 9 | I34: =IF(Source!Q27=0,"-",ROUND(Source!Q27,0)) -> 2 | J34: =IF(Source!AH27=0,"-",ROUND(Source!AH27,2)) -> 0.69 | K34: =IF(Source!U27=0,"-",ROUND(Source!U27,2)) -> 0.69
B35: К=МАТ)*0, ЭММ)*0,4)*1,5, ЗПМ)*0,4)*1,5, ОЗП)*0,4)*1,5, ТЗ)*0,4)*1,5, ТЗМ)*0,4)*1,5 | C35: =Source!H27 -> 1 м | E35: =IF(Source!AF27=0,"-",ROUND(Source!AF27,2)) -> 9.42 | F35: =IF(Source!AE27=0,"-",ROUND(Source!AE27,2)) -> 0.07 | I35: =IF(Source!R27=0,"-",ROUND(Source!R27,0)) -> - | J35: =IF(Source!AI27=0,"-",ROUND(Source!AI27,2)) -> 0 | K35: =IF(Source!V27=0,"-",ROUND(Source!V27,2)) -> 0
A36: =Source!E28 -> 3 | B36: =Source!F28 -> 65-1-2 | C36: =Source!G28 -> Разборка трубопроводов из водогазопроводных труб диаметром 57 мм с отборкой годных труб, арматуры, фасонных и крепежных частей | D36: =Source!I28 -> 0.3 | E36: =IF(Source!AB28=0,"-",ROUND(Source!AB28,2)) -> 1183.07 | F36: =IF(Source!AD28=0,"-",ROUND(Source!AD28,2)) -> 16.9 | G36: =IF(Source!O28=0,"-",ROUND(Source!O28,0)) -> 355 | H36: =IF(Source!S28=0,"-",ROUND(Source!S28,0)) -> 319 | I36: =IF(Source!Q28=0,"-",ROUND(Source!Q28,0)) -> 5 | J36: =IF(Source!AH28=0,"-",ROUND(Source!AH28,2)) -> 89.43 | K36: =IF(Source!U28=0,"-",ROUND(Source!U28,2)) -> 26.83
B37: К=ЭММ)*1,5, ЗПМ)*1,5, ОЗП)*1,5, ТЗ)*1,5, ТЗМ)*1,5 | C37: =Source!H28 -> 100 м | E37: =IF(Source!AF28=0,"-",ROUND(Source!AF28,2)) -> 1062.1 | F37: =IF(Source!AE28=0,"-",ROUND(Source!AE28,2)) -> 3.1 | I37: =IF(Source!R28=0,"-",ROUND(Source!R28,0)) -> 1 | J37: =IF(Source!AI28=0,"-",ROUND(Source!AI28,2)) -> 0.26 | K37: =IF(Source!V28=0,"-",ROUND(Source!V28,2)) -> 0.08
A38: =Source!E29 -> 3.1 | B38: =Source!F29 -> 999-9899 | C38: =Source!G29 -> Строительный мусор и масса возвратных материалов | D38: =Source!I29 -> 0.102 | E38: =IF(Source!AB29=0,"-",ROUND(Source!AB29,2)) -> - | F38: =IF(Source!AD29=0,"-",ROUND(Source!AD29,2)) -> - | G38: =IF(Source!O29=0,"-",ROUND(Source!O29,0)) -> - | H38: =IF(Source!S29=0,"-",ROUND(Source!S29,0)) -> - | I38: =IF(Source!Q29=0,"-",ROUND(Source!Q29,0)) -> - | J38: =IF(Source!AH29=0,"-",ROUND(Source!AH29,2)) -> - | K38: =IF(Source!U29=0,"-",ROUND(Source!U29,2)) -> -
C39: =Source!H29 -> т | E39: =IF(Source!AF29=0,"-",ROUND(Source!AF29,2)) -> - | F39: =IF(Source!AE29=0,"-",ROUND(Source!AE29,2)) -> - | I39: =IF(Source!R29=0,"-",ROUND(Source!R29,0)) -> - | J39: =IF(Source!AI29=0,"-",ROUND(Source!AI29,2)) -> - | K39: =IF(Source!V29=0,"-",ROUND(Source!V29,2)) -> -
A40: =Source!E30 -> 4 | B40: =Source!F30 -> 65-1-2 | C40: =Source!G30 -> Разборка трубопроводов из водогазопроводных труб диаметром 57 мм с отборкой годных труб, арматуры, фасонных и крепежных частей | D40: =Source!I30 -> 0.13 | E40: =IF(Source!AB30=0,"-",ROUND(Source!AB30,2)) -> 1183.07 | F40: =IF(Source!AD30=0,"-",ROUND(Source!AD30,2)) -> 16.9 | G40: =IF(Source!O30=0,"-",ROUND(Source!O30,0)) -> 154 | H40: =IF(Source!S30=0,"-",ROUND(Source!S30,0)) -> 138 | I40: =IF(Source!Q30=0,"-",ROUND(Source!Q30,0)) -> 2 | J40: =IF(Source!AH30=0,"-",ROUND(Source!AH30,2)) -> 89.43 | K40: =IF(Source!U30=0,"-",ROUND(Source!U30,2)) -> 11.63
B41: К=ЭММ)*1,5, ЗПМ)*1,5, ОЗП)*1,5, ТЗ)*1,5, ТЗМ)*1,5 | C41: =Source!H30 -> 100 м | E41: =IF(Source!AF30=0,"-",ROUND(Source!AF30,2)) -> 1062.1 | F41: =IF(Source!AE30=0,"-",ROUND(Source!AE30,2)) -> 3.1 | I41: =IF(Source!R30=0,"-",ROUND(Source!R30,0)) -> - | J41: =IF(Source!AI30=0,"-",ROUND(Source!AI30,2)) -> 0.26 | K41: =IF(Source!V30=0,"-",ROUND(Source!V30,2)) -> 0.03
A42: =Source!E31 -> 4.1 | B42: =Source!F31 -> 999-9899 | C42: =Source!G31 -> Строительный мусор и масса возвратных материалов | D42: =Source!I31 -> 0.0442 | E42: =IF(Source!AB31=0,"-",ROUND(Source!AB31,2)) -> - | F42: =IF(Source!AD31=0,"-",ROUND(Source!AD31,2)) -> - | G42: =IF(Source!O31=0,"-",ROUND(Source!O31,0)) -> - | H42: =IF(Source!S31=0,"-",ROUND(Source!S31,0)) -> - | I42: =IF(Source!Q31=0,"-",ROUND(Source!Q31,0)) -> - | J42: =IF(Source!AH31=0,"-",ROUND(Source!AH31,2)) -> - | K42: =IF(Source!U31=0,"-",ROUND(Source!U31,2)) -> -
C43: =Source!H31 -> т | E43: =IF(Source!AF31=0,"-",ROUND(Source!AF31,2)) -> - | F43: =IF(Source!AE31=0,"-",ROUND(Source!AE31,2)) -> - | I43: =IF(Source!R31=0,"-",ROUND(Source!R31,0)) -> - | J43: =IF(Source!AI31=0,"-",ROUND(Source!AI31,2)) -> - | K43: =IF(Source!V31=0,"-",ROUND(Source!V31,2)) -> -
A44: =Source!E32 -> 5 | B44: =Source!F32 -> 65-1-3 | C44: =Source!G32 -> Разборка трубопроводов из водогазопроводных труб диаметром 76 мм с отборкой годных труб, арматуры, фасонных и крепежных частей | D44: =Source!I32 -> 0.35 | E44: =IF(Source!AB32=0,"-",ROUND(Source!AB32,2)) -> 1501.55 | F44: =IF(Source!AD32=0,"-",ROUND(Source!AD32,2)) -> 21.56 | G44: =IF(Source!O32=0,"-",ROUND(Source!O32,0)) -> 526 | H44: =IF(Source!S32=0,"-",ROUND(Source!S32,0)) -> 476 | I44: =IF(Source!Q32=0,"-",ROUND(Source!Q32,0)) -> 8 | J44: =IF(Source!AH32=0,"-",ROUND(Source!AH32,2)) -> 114.57 | K44: =IF(Source!U32=0,"-",ROUND(Source!U32,2)) -> 40.1
B45: К=ЭММ)*1,5, ЗПМ)*1,5, ОЗП)*1,5, ТЗ)*1,5, ТЗМ)*1,5 | C45: =Source!H32 -> 100 м | E45: =IF(Source!AF32=0,"-",ROUND(Source!AF32,2)) -> 1360.66 | F45: =IF(Source!AE32=0,"-",ROUND(Source!AE32,2)) -> 4.75 | I45: =IF(Source!R32=0,"-",ROUND(Source!R32,0)) -> 2 | J45: =IF(Source!AI32=0,"-",ROUND(Source!AI32,2)) -> 0.39 | K45: =IF(Source!V32=0,"-",ROUND(Source!V32,2)) -> 0.14
A46: =Source!E33 -> 5.1 | B46: =Source!F33 -> 999-9899 | C46: =Source!G33 -> Строительный мусор и масса возвратных материалов | D46: =Source!I33 -> 0.1505 | E46: =IF(Source!AB33=0,"-",ROUND(Source!AB33,2)) -> - | F46: =IF(Source!AD33=0,"-",ROUND(Source!AD33,2)) -> - | G46: =IF(Source!O33=0,"-",ROUND(Source!O33,0)) -> - | H46: =IF(Source!S33=0,"-",ROUND(Source!S33,0)) -> - | I46: =IF(Source!Q33=0,"-",ROUND(Source!Q33,0)) -> - | J46: =IF(Source!AH33=0,"-",ROUND(Source!AH33,2)) -> - | K46: =IF(Source!U33=0,"-",ROUND(Source!U33,2)) -> -
C47: =Source!H33 -> т | E47: =IF(Source!AF33=0,"-",ROUND(Source!AF33,2)) -> - | F47: =IF(Source!AE33=0,"-",ROUND(Source!AE33,2)) -> - | I47: =IF(Source!R33=0,"-",ROUND(Source!R33,0)) -> - | J47: =IF(Source!AI33=0,"-",ROUND(Source!AI33,2)) -> - | K47: =IF(Source!V33=0,"-",ROUND(Source!V33,2)) -> -
A48: =Source!E34 -> 6 | B48: =Source!F34 -> 65-1-3 | C48: =Source!G34 -> Разборка трубопроводов из водогазопроводных труб диаметром 89 мм с отборкой годных труб, арматуры, фасонных и крепежных частей | D48: =Source!I34 -> 1.6 | E48: =IF(Source!AB34=0,"-",ROUND(Source!AB34,2)) -> 1501.55 | F48: =IF(Source!AD34=0,"-",ROUND(Source!AD34,2)) -> 21.56 | G48: =IF(Source!O34=0,"-",ROUND(Source!O34,0)) -> 2402 | H48: =IF(Source!S34=0,"-",ROUND(Source!S34,0)) -> 2177 | I48: =IF(Source!Q34=0,"-",ROUND(Source!Q34,0)) -> 34 | J48: =IF(Source!AH34=0,"-",ROUND(Source!AH34,2)) -> 114.57 | K48: =IF(Source!U34=0,"-",ROUND(Source!U34,2)) -> 183.31
B49: К=ЭММ)*1,5, ЗПМ)*1,5, ОЗП)*1,5, ТЗ)*1,5, ТЗМ)*1,5 | C49: =Source!H34 -> 100 м | E49: =IF(Source!AF34=0,"-",ROUND(Source!AF34,2)) -> 1360.66 | F49: =IF(Source!AE34=0,"-",ROUND(Source!AE34,2)) -> 4.75 | I49: =IF(Source!R34=0,"-",ROUND(Source!R34,0)) -> 8 | J49: =IF(Source!AI34=0,"-",ROUND(Source!AI34,2)) -> 0.39 | K49: =IF(Source!V34=0,"-",ROUND(Source!V34,2)) -> 0.62
A50: =Source!E35 -> 6.1 | B50: =Source!F35 -> 999-9899 | C50: =Source!G35 -> Строительный мусор и масса возвратных материалов | D50: =Source!I35 -> 0.688 | E50: =IF(Source!AB35=0,"-",ROUND(Source!AB35,2)) -> - | F50: =IF(Source!AD35=0,"-",ROUND(Source!AD35,2)) -> - | G50: =IF(Source!O35=0,"-",ROUND(Source!O35,0)) -> - | H50: =IF(Source!S35=0,"-",ROUND(Source!S35,0)) -> - | I50: =IF(Source!Q35=0,"-",ROUND(Source!Q35,0)) -> - | J50: =IF(Source!AH35=0,"-",ROUND(Source!AH35,2)) -> - | K50: =IF(Source!U35=0,"-",ROUND(Source!U35,2)) -> -
C51: =Source!H35 -> т | E51: =IF(Source!AF35=0,"-",ROUND(Source!AF35,2)) -> - | F51: =IF(Source!AE35=0,"-",ROUND(Source!AE35,2)) -> - | I51: =IF(Source!R35=0,"-",ROUND(Source!R35,0)) -> - | J51: =IF(Source!AI35=0,"-",ROUND(Source!AI35,2)) -> - | K51: =IF(Source!V35=0,"-",ROUND(Source!V35,2)) -> -
A52: =Source!E36 -> 7 | B52: =Source!F36 -> 65-1-3 | C52: =Source!G36 -> Разборка трубопроводов из водогазопроводных труб на сварке) аметром 89 мм с отборкой годных труб, арматуры, фасонных и крепежных частей | D52: =Source!I36 -> 0.1 | E52: =IF(Source!AB36=0,"-",ROUND(Source!AB36,2)) -> 1501.55 | F52: =IF(Source!AD36=0,"-",ROUND(Source!AD36,2)) -> 21.56 | G52: =IF(Source!O36=0,"-",ROUND(Source!O36,0)) -> 150 | H52: =IF(Source!S36=0,"-",ROUND(Source!S36,0)) -> 136 | I52: =IF(Source!Q36=0,"-",ROUND(Source!Q36,0)) -> 2 | J52: =IF(Source!AH36=0,"-",ROUND(Source!AH36,2)) -> 114.57 | K52: =IF(Source!U36=0,"-",ROUND(Source!U36,2)) -> 11.46
B53: К=ЭММ)*1,5, ЗПМ)*1,5, ОЗП)*1,5, ТЗ)*1,5, ТЗМ)*1,5 | C53: =Source!H36 -> 100 м | E53: =IF(Source!AF36=0,"-",ROUND(Source!AF36,2)) -> 1360.66 | F53: =IF(Source!AE36=0,"-",ROUND(Source!AE36,2)) -> 4.75 | I53: =IF(Source!R36=0,"-",ROUND(Source!R36,0)) -> - | J53: =IF(Source!AI36=0,"-",ROUND(Source!AI36,2)) -> 0.39 | K53: =IF(Source!V36=0,"-",ROUND(Source!V36,2)) -> 0.04
A54: =Source!E37 -> 7.1 | B54: =Source!F37 -> 999-9899 | C54: =Source!G37 -> Строительный мусор и масса возвратных материалов | D54: =Source!I37 -> 0.043 | E54: =IF(Source!AB37=0,"-",ROUND(Source!AB37,2)) -> - | F54: =IF(Source!AD37=0,"-",ROUND(Source!AD37,2)) -> - | G54: =IF(Source!O37=0,"-",ROUND(Source!O37,0)) -> - | H54: =IF(Source!S37=0,"-",ROUND(Source!S37,0)) -> - | I54: =IF(Source!Q37=0,"-",ROUND(Source!Q37,0)) -> - | J54: =IF(Source!AH37=0,"-",ROUND(Source!AH37,2)) -> - | K54: =IF(Source!U37=0,"-",ROUND(Source!U37,2)) -> -
C55: =Source!H37 -> т | E55: =IF(Source!AF37=0,"-",ROUND(Source!AF37,2)) -> - | F55: =IF(Source!AE37=0,"-",ROUND(Source!AE37,2)) -> - | I55: =IF(Source!R37=0,"-",ROUND(Source!R37,0)) -> - | J55: =IF(Source!AI37=0,"-",ROUND(Source!AI37,2)) -> - | K55: =IF(Source!V37=0,"-",ROUND(Source!V37,2)) -> -
A56: =Source!E38 -> 8 | B56: =Source!F38 -> 65-1-1 | C56: =Source!G38 -> Разборка трубопроводов из водогазопроводных труб диаметром 15 мм с отборкой годных труб, арматуры, фасонных и крепежных частей | D56: =Source!I38 -> 2.5 | E56: =IF(Source!AB38=0,"-",ROUND(Source!AB38,2)) -> 687.71 | F56: =IF(Source!AD38=0,"-",ROUND(Source!AD38,2)) -> 9.84 | G56: =IF(Source!O38=0,"-",ROUND(Source!O38,0)) -> 1719 | H56: =IF(Source!S38=0,"-",ROUND(Source!S38,0)) -> 1544 | I56: =IF(Source!Q38=0,"-",ROUND(Source!Q38,0)) -> 25 | J56: =IF(Source!AH38=0,"-",ROUND(Source!AH38,2)) -> 51.99 | K56: =IF(Source!U38=0,"-",ROUND(Source!U38,2)) -> 129.98
B57: К=ЭММ)*1,5, ЗПМ)*1,5, ОЗП)*1,5, ТЗ)*1,5, ТЗМ)*1,5 | C57: =Source!H38 -> 100 м | E57: =IF(Source!AF38=0,"-",ROUND(Source!AF38,2)) -> 617.45 | F57: =IF(Source!AE38=0,"-",ROUND(Source!AE38,2)) -> 1.83 | I57: =IF(Source!R38=0,"-",ROUND(Source!R38,0)) -> 5 | J57: =IF(Source!AI38=0,"-",ROUND(Source!AI38,2)) -> 0.15 | K57: =IF(Source!V38=0,"-",ROUND(Source!V38,2)) -> 0.38
A58: =Source!E39 -> 8.1 | B58: =Source!F39 -> 999-9899 | C58: =Source!G39 -> Строительный мусор и масса возвратных материалов | D58: =Source!I39 -> 0.55 | E58: =IF(Source!AB39=0,"-",ROUND(Source!AB39,2)) -> - | F58: =IF(Source!AD39=0,"-",ROUND(Source!AD39,2)) -> - | G58: =IF(Source!O39=0,"-",ROUND(Source!O39,0)) -> - | H58: =IF(Source!S39=0,"-",ROUND(Source!S39,0)) -> - | I58: =IF(Source!Q39=0,"-",ROUND(Source!Q39,0)) -> - | J58: =IF(Source!AH39=0,"-",ROUND(Source!AH39,2)) -> - | K58: =IF(Source!U39=0,"-",ROUND(Source!U39,2)) -> -
C59: =Source!H39 -> т | E59: =IF(Source!AF39=0,"-",ROUND(Source!AF39,2)) -> - | F59: =IF(Source!AE39=0,"-",ROUND(Source!AE39,2)) -> - | I59: =IF(Source!R39=0,"-",ROUND(Source!R39,0)) -> - | J59: =IF(Source!AI39=0,"-",ROUND(Source!AI39,2)) -> - | K59: =IF(Source!V39=0,"-",ROUND(Source!V39,2)) -> -
A60: =Source!E40 -> 9 | B60: =Source!F40 -> 65-1-1 | C60: =Source!G40 -> Разборка трубопроводов из водогазопроводных труб диаметром 20 мм с отборкой годных труб, арматуры, фасонных и крепежных частей | D60: =Source!I40 -> 1 | E60: =IF(Source!AB40=0,"-",ROUND(Source!AB40,2)) -> 687.71 | F60: =IF(Source!AD40=0,"-",ROUND(Source!AD40,2)) -> 9.84 | G60: =IF(Source!O40=0,"-",ROUND(Source!O40,0)) -> 688 | H60: =IF(Source!S40=0,"-",ROUND(Source!S40,0)) -> 617 | I60: =IF(Source!Q40=0,"-",ROUND(Source!Q40,0)) -> 10 | J60: =IF(Source!AH40=0,"-",ROUND(Source!AH40,2)) -> 51.99 | K60: =IF(Source!U40=0,"-",ROUND(Source!U40,2)) -> 51.99
B61: К=ЭММ)*1,5, ЗПМ)*1,5, ОЗП)*1,5, ТЗ)*1,5, ТЗМ)*1,5 | C61: =Source!H40 -> 100 м | E61: =IF(Source!AF40=0,"-",ROUND(Source!AF40,2)) -> 617.45 | F61: =IF(Source!AE40=0,"-",ROUND(Source!AE40,2)) -> 1.83 | I61: =IF(Source!R40=0,"-",ROUND(Source!R40,0)) -> 2 | J61: =IF(Source!AI40=0,"-",ROUND(Source!AI40,2)) -> 0.15 | K61: =IF(Source!V40=0,"-",ROUND(Source!V40,2)) -> 0.15
A62: =Source!E41 -> 9.1 | B62: =Source!F41 -> 999-9899 | C62: =Source!G41 -> Строительный мусор и масса возвратных материалов | D62: =Source!I41 -> 0.22 | E62: =IF(Source!AB41=0,"-",ROUND(Source!AB41,2)) -> - | F62: =IF(Source!AD41=0,"-",ROUND(Source!AD41,2)) -> - | G62: =IF(Source!O41=0,"-",ROUND(Source!O41,0)) -> - | H62: =IF(Source!S41=0,"-",ROUND(Source!S41,0)) -> - | I62: =IF(Source!Q41=0,"-",ROUND(Source!Q41,0)) -> - | J62: =IF(Source!AH41=0,"-",ROUND(Source!AH41,2)) -> - | K62: =IF(Source!U41=0,"-",ROUND(Source!U41,2)) -> -
C63: =Source!H41 -> т | E63: =IF(Source!AF41=0,"-",ROUND(Source!AF41,2)) -> - | F63: =IF(Source!AE41=0,"-",ROUND(Source!AE41,2)) -> - | I63: =IF(Source!R41=0,"-",ROUND(Source!R41,0)) -> - | J63: =IF(Source!AI41=0,"-",ROUND(Source!AI41,2)) -> - | K63: =IF(Source!V41=0,"-",ROUND(Source!V41,2)) -> -
A64: =Source!E42 -> 10 | B64: =Source!F42 -> 65-1-1 | C64: =Source!G42 -> Разборка трубопроводов из водогазопроводных труб диаметром 25 мм с отборкой годных труб, арматуры, фасонных и крепежных частей | D64: =Source!I42 -> 0.7 | E64: =IF(Source!AB42=0,"-",ROUND(Source!AB42,2)) -> 687.71 | F64: =IF(Source!AD42=0,"-",ROUND(Source!AD42,2)) -> 9.84 | G64: =IF(Source!O42=0,"-",ROUND(Source!O42,0)) -> 481 | H64: =IF(Source!S42=0,"-",ROUND(Source!S42,0)) -> 432 | I64: =IF(Source!Q42=0,"-",ROUND(Source!Q42,0)) -> 7 | J64: =IF(Source!AH42=0,"-",ROUND(Source!AH42,2)) -> 51.99 | K64: =IF(Source!U42=0,"-",ROUND(Source!U42,2)) -> 36.39
B65: К=ЭММ)*1,5, ЗПМ)*1,5, ОЗП)*1,5, ТЗ)*1,5, ТЗМ)*1,5 | C65: =Source!H42 -> 100 м | E65: =IF(Source!AF42=0,"-",ROUND(Source!AF42,2)) -> 617.45 | F65: =IF(Source!AE42=0,"-",ROUND(Source!AE42,2)) -> 1.83 | I65: =IF(Source!R42=0,"-",ROUND(Source!R42,0)) -> 1 | J65: =IF(Source!AI42=0,"-",ROUND(Source!AI42,2)) -> 0.15 | K65: =IF(Source!V42=0,"-",ROUND(Source!V42,2)) -> 0.11
A66: =Source!E43 -> 10.1 | B66: =Source!F43 -> 999-9899 | C66: =Source!G43 -> Строительный мусор и масса возвратных материалов | D66: =Source!I43 -> 0.154 | E66: =IF(Source!AB43=0,"-",ROUND(Source!AB43,2)) -> - | F66: =IF(Source!AD43=0,"-",ROUND(Source!AD43,2)) -> - | G66: =IF(Source!O43=0,"-",ROUND(Source!O43,0)) -> - | H66: =IF(Source!S43=0,"-",ROUND(Source!S43,0)) -> - | I66: =IF(Source!Q43=0,"-",ROUND(Source!Q43,0)) -> - | J66: =IF(Source!AH43=0,"-",ROUND(Source!AH43,2)) -> - | K66: =IF(Source!U43=0,"-",ROUND(Source!U43,2)) -> -
C67: =Source!H43 -> т | E67: =IF(Source!AF43=0,"-",ROUND(Source!AF43,2)) -> - | F67: =IF(Source!AE43=0,"-",ROUND(Source!AE43,2)) -> - | I67: =IF(Source!R43=0,"-",ROUND(Source!R43,0)) -> - | J67: =IF(Source!AI43=0,"-",ROUND(Source!AI43,2)) -> - | K67: =IF(Source!V43=0,"-",ROUND(Source!V43,2)) -> -
A68: =Source!E44 -> 11 | B68: =Source!F44 -> 65-1-1 | C68: =Source!G44 -> Разборка трубопроводов из водогазопроводных труб диаметром 32 мм с отборкой годных труб, арматуры, фасонных и крепежных частей | D68: =Source!I44 -> 0.35 | E68: =IF(Source!AB44=0,"-",ROUND(Source!AB44,2)) -> 687.71 | F68: =IF(Source!AD44=0,"-",ROUND(Source!AD44,2)) -> 9.84 | G68: =IF(Source!O44=0,"-",ROUND(Source!O44,0)) -> 241 | H68: =IF(Source!S44=0,"-",ROUND(Source!S44,0)) -> 216 | I68: =IF(Source!Q44=0,"-",ROUND(Source!Q44,0)) -> 3 | J68: =IF(Source!AH44=0,"-",ROUND(Source!AH44,2)) -> 51.99 | K68: =IF(Source!U44=0,"-",ROUND(Source!U44,2)) -> 18.2
B69: К=ЭММ)*1,5, ЗПМ)*1,5, ОЗП)*1,5, ТЗ)*1,5, ТЗМ)*1,5 | C69: =Source!H44 -> 100 м | E69: =IF(Source!AF44=0,"-",ROUND(Source!AF44,2)) -> 617.45 | F69: =IF(Source!AE44=0,"-",ROUND(Source!AE44,2)) -> 1.83 | I69: =IF(Source!R44=0,"-",ROUND(Source!R44,0)) -> 1 | J69: =IF(Source!AI44=0,"-",ROUND(Source!AI44,2)) -> 0.15 | K69: =IF(Source!V44=0,"-",ROUND(Source!V44,2)) -> 0.05
A70: =Source!E45 -> 11.1 | B70: =Source!F45 -> 999-9899 | C70: =Source!G45 -> Строительный мусор и масса возвратных материалов | D70: =Source!I45 -> 0.077 | E70: =IF(Source!AB45=0,"-",ROUND(Source!AB45,2)) -> - | F70: =IF(Source!AD45=0,"-",ROUND(Source!AD45,2)) -> - | G70: =IF(Source!O45=0,"-",ROUND(Source!O45,0)) -> - | H70: =IF(Source!S45=0,"-",ROUND(Source!S45,0)) -> - | I70: =IF(Source!Q45=0,"-",ROUND(Source!Q45,0)) -> - | J70: =IF(Source!AH45=0,"-",ROUND(Source!AH45,2)) -> - | K70: =IF(Source!U45=0,"-",ROUND(Source!U45,2)) -> -
C71: =Source!H45 -> т | E71: =IF(Source!AF45=0,"-",ROUND(Source!AF45,2)) -> - | F71: =IF(Source!AE45=0,"-",ROUND(Source!AE45,2)) -> - | I71: =IF(Source!R45=0,"-",ROUND(Source!R45,0)) -> - | J71: =IF(Source!AI45=0,"-",ROUND(Source!AI45,2)) -> - | K71: =IF(Source!V45=0,"-",ROUND(Source!V45,2)) -> -
A72: =Source!E46 -> 12 | B72: =Source!F46 -> 65-1-2 | C72: =Source!G46 -> Разборка трубопроводов из водогазопроводных труб диаметром 40 мм с отборкой годных труб, арматуры, фасонных и крепежных частей | D72: =Source!I46 -> 0.6 | E72: =IF(Source!AB46=0,"-",ROUND(Source!AB46,2)) -> 1183.07 | F72: =IF(Source!AD46=0,"-",ROUND(Source!AD46,2)) -> 16.9 | G72: =IF(Source!O46=0,"-",ROUND(Source!O46,0)) -> 710 | H72: =IF(Source!S46=0,"-",ROUND(Source!S46,0)) -> 637 | I72: =IF(Source!Q46=0,"-",ROUND(Source!Q46,0)) -> 10 | J72: =IF(Source!AH46=0,"-",ROUND(Source!AH46,2)) -> 89.43 | K72: =IF(Source!U46=0,"-",ROUND(Source!U46,2)) -> 53.66
B73: К=ЭММ)*1,5, ЗПМ)*1,5, ОЗП)*1,5, ТЗ)*1,5, ТЗМ)*1,5 | C73: =Source!H46 -> 100 м | E73: =IF(Source!AF46=0,"-",ROUND(Source!AF46,2)) -> 1062.1 | F73: =IF(Source!AE46=0,"-",ROUND(Source!AE46,2)) -> 3.1 | I73: =IF(Source!R46=0,"-",ROUND(Source!R46,0)) -> 2 | J73: =IF(Source!AI46=0,"-",ROUND(Source!AI46,2)) -> 0.26 | K73: =IF(Source!V46=0,"-",ROUND(Source!V46,2)) -> 0.15
A74: =Source!E47 -> 12.1 | B74: =Source!F47 -> 999-9899 | C74: =Source!G47 -> Строительный мусор и масса возвратных материалов | D74: =Source!I47 -> 0.204 | E74: =IF(Source!AB47=0,"-",ROUND(Source!AB47,2)) -> - | F74: =IF(Source!AD47=0,"-",ROUND(Source!AD47,2)) -> - | G74: =IF(Source!O47=0,"-",ROUND(Source!O47,0)) -> - | H74: =IF(Source!S47=0,"-",ROUND(Source!S47,0)) -> - | I74: =IF(Source!Q47=0,"-",ROUND(Source!Q47,0)) -> - | J74: =IF(Source!AH47=0,"-",ROUND(Source!AH47,2)) -> - | K74: =IF(Source!U47=0,"-",ROUND(Source!U47,2)) -> -
C75: =Source!H47 -> т | E75: =IF(Source!AF47=0,"-",ROUND(Source!AF47,2)) -> - | F75: =IF(Source!AE47=0,"-",ROUND(Source!AE47,2)) -> - | I75: =IF(Source!R47=0,"-",ROUND(Source!R47,0)) -> - | J75: =IF(Source!AI47=0,"-",ROUND(Source!AI47,2)) -> - | K75: =IF(Source!V47=0,"-",ROUND(Source!V47,2)) -> -
A76: =Source!E48 -> 13 | B76: =Source!F48 -> 18-03-004-8 | C76: =Source!G48 -> Демонтаж регистров из стальных электросварных труб, диаметром нитки, мм: 114 | D76: =Source!I48 -> 170 | E76: =IF(Source!AB48=0,"-",ROUND(Source!AB48,2)) -> 2.64 | F76: =IF(Source!AD48=0,"-",ROUND(Source!AD48,2)) -> 0.61 | G76: =IF(Source!O48=0,"-",ROUND(Source!O48,0)) -> 449 | H76: =IF(Source!S48=0,"-",ROUND(Source!S48,0)) -> 345 | I76: =IF(Source!Q48=0,"-",ROUND(Source!Q48,0)) -> 104 | J76: =IF(Source!AH48=0,"-",ROUND(Source!AH48,2)) -> 0.16 | K76: =IF(Source!U48=0,"-",ROUND(Source!U48,2)) -> 26.57
B77: К=МАТ)*0, ЭММ)*0,4)*1,5, ЗПМ)*0,4)*1,5, ОЗП)*0,4)*1,5, ТЗ)*0,4)*1,5, ТЗМ)*0,4)*1,5 | C77: =Source!H48 -> 1 м | E77: =IF(Source!AF48=0,"-",ROUND(Source!AF48,2)) -> 2.03 | F77: =IF(Source!AE48=0,"-",ROUND(Source!AE48,2)) -> 0.01 | I77: =IF(Source!R48=0,"-",ROUND(Source!R48,0)) -> 2 | J77: =IF(Source!AI48=0,"-",ROUND(Source!AI48,2)) -> 0 | K77: =IF(Source!V48=0,"-",ROUND(Source!V48,2)) -> 0.14
A78: =Source!E49 -> 14 | B78: =Source!F49 -> 18-03-004-8 | C78: =Source!G49 -> Демонтаж регистров из стальных электросварных труб, диаметром нитки, мм: 133 | D78: =Source!I49 -> 45 | E78: =IF(Source!AB49=0,"-",ROUND(Source!AB49,2)) -> 2.64 | F78: =IF(Source!AD49=0,"-",ROUND(Source!AD49,2)) -> 0.61 | G78: =IF(Source!O49=0,"-",ROUND(Source!O49,0)) -> 119 | H78: =IF(Source!S49=0,"-",ROUND(Source!S49,0)) -> 91 | I78: =IF(Source!Q49=0,"-",ROUND(Source!Q49,0)) -> 27 | J78: =IF(Source!AH49=0,"-",ROUND(Source!AH49,2)) -> 0.16 | K78: =IF(Source!U49=0,"-",ROUND(Source!U49,2)) -> 7.03
B79: К=МАТ)*0, ЭММ)*0,4)*1,5, ЗПМ)*0,4)*1,5, ОЗП)*0,4)*1,5, ТЗ)*0,4)*1,5, ТЗМ)*0,4)*1,5 | C79: =Source!H49 -> 1 м | E79: =IF(Source!AF49=0,"-",ROUND(Source!AF49,2)) -> 2.03 | F79: =IF(Source!AE49=0,"-",ROUND(Source!AE49,2)) -> 0.01 | I79: =IF(Source!R49=0,"-",ROUND(Source!R49,0)) -> - | J79: =IF(Source!AI49=0,"-",ROUND(Source!AI49,2)) -> 0 | K79: =IF(Source!V49=0,"-",ROUND(Source!V49,2)) -> 0.04
A80: =Source!E50 -> 15 | B80: =Source!F50 -> ЕНиР1-19-02-А | C80: =Source!G50 -> Переноска приборов отопления по вертикале вниз на расстояние 30м и по горизонтале на 100 свыше 50м (учтенных) на первые 10м | D80: =Source!I50 -> 3.2 | E80: =IF(Source!AB50=0,"-",ROUND(Source!AB50,2)) -> 20.9 | F80: =IF(Source!AD50=0,"-",ROUND(Source!AD50,2)) -> - | G80: =IF(Source!O50=0,"-",ROUND(Source!O50,0)) -> 67 | H80: =IF(Source!S50=0,"-",ROUND(Source!S50,0)) -> 67 | I80: =IF(Source!Q50=0,"-",ROUND(Source!Q50,0)) -> - | J80: =IF(Source!AH50=0,"-",ROUND(Source!AH50,2)) -> 1.8 | K80: =IF(Source!U50=0,"-",ROUND(Source!U50,2)) -> 5.76
B81: К=ЭММ*1.5, ЗПМ*1.5, ОЗП*1.5, ТЗ*1.5, ТЗМ*1.5 | C81: =Source!H50 -> ТН | E81: =IF(Source!AF50=0,"-",ROUND(Source!AF50,2)) -> 20.9 | F81: =IF(Source!AE50=0,"-",ROUND(Source!AE50,2)) -> - | I81: =IF(Source!R50=0,"-",ROUND(Source!R50,0)) -> - | J81: =IF(Source!AI50=0,"-",ROUND(Source!AI50,2)) -> - | K81: =IF(Source!V50=0,"-",ROUND(Source!V50,2)) -> -
A82: =Source!E51 -> 16 | B82: =Source!F51 -> ЕНиР1-19-02-Б | C82: =Source!G51 -> Переноска приборов отопления по вертикале вниз на расстояние 30м и по горизонтали на 100 свыше 50м (учтенных): добавить на каждые следующие 10м | D82: =Source!I51 -> 3.2 | E82: =IF(Source!AB51=0,"-",ROUND(Source!AB51,2)) -> 189.84 | F82: =IF(Source!AD51=0,"-",ROUND(Source!AD51,2)) -> - | G82: =IF(Source!O51=0,"-",ROUND(Source!O51,0)) -> 607 | H82: =IF(Source!S51=0,"-",ROUND(Source!S51,0)) -> 607 | I82: =IF(Source!Q51=0,"-",ROUND(Source!Q51,0)) -> - | J82: =IF(Source!AH51=0,"-",ROUND(Source!AH51,2)) -> 16.38 | K82: =IF(Source!U51=0,"-",ROUND(Source!U51,2)) -> 52.42
B83: К=МАТ)*28, ЭММ*1.5)*28, ЗПМ*1.5)*28, ОЗП*1.5)*28, ТЗ*1.5)*28, ТЗМ*1.5)*28 | C83: =Source!H51 -> ТН | E83: =IF(Source!AF51=0,"-",ROUND(Source!AF51,2)) -> 189.84 | F83: =IF(Source!AE51=0,"-",ROUND(Source!AE51,2)) -> - | I83: =IF(Source!R51=0,"-",ROUND(Source!R51,0)) -> - | J83: =IF(Source!AI51=0,"-",ROUND(Source!AI51,2)) -> - | K83: =IF(Source!V51=0,"-",ROUND(Source!V51,2)) -> -
C84: =Source!G52 -> Монтажные работы
A85: =Source!E53 -> 17 | B85: =Source!F53 -> 18-03-004-8 | C85: =Source!G53 -> Установка регистров из стальных электросварных труб, диаметром нитки, мм: 100 | D85: =Source!I53 -> 10 | E85: =IF(Source!AB53=0,"-",ROUND(Source!AB53,2)) -> 12.83 | F85: =IF(Source!AD53=0,"-",ROUND(Source!AD53,2)) -> 2.15 | G85: =IF(Source!O53=0,"-",ROUND(Source!O53,0)) -> 128 | H85: =IF(Source!S53=0,"-",ROUND(Source!S53,0)) -> 66 | I85: =IF(Source!Q53=0,"-",ROUND(Source!Q53,0)) -> 22 | J85: =IF(Source!AH53=0,"-",ROUND(Source!AH53,2)) -> 0.51 | K85: =IF(Source!U53=0,"-",ROUND(Source!U53,2)) -> 5.09
B86: К=ЭММ)*1,25)*1,7, ЗПМ)*1,25)*1,7, ОЗП)*1,15)*1,7, ТЗ)*1,15)*1,7, ТЗМ)*1,25)*1,7 | C86: =Source!H53 -> 1 м | E86: =IF(Source!AF53=0,"-",ROUND(Source!AF53,2)) -> 6.61 | F86: =IF(Source!AE53=0,"-",ROUND(Source!AE53,2)) -> 0.05 | I86: =IF(Source!R53=0,"-",ROUND(Source!R53,0)) -> 1 | J86: =IF(Source!AI53=0,"-",ROUND(Source!AI53,2)) -> 0 | K86: =IF(Source!V53=0,"-",ROUND(Source!V53,2)) -> 0.03
A87: =Source!E54 -> 18 | B87: =Source!F54 -> 300-0590 | C87: =Source!G54 -> Регистры отопительные из стальных электросварных труб диаметром нитки, мм: 133 | D87: =Source!I54 -> 10 | E87: =IF(Source!AB54=0,"-",ROUND(Source!AB54,2)) -> 158 | F87: =IF(Source!AD54=0,"-",ROUND(Source!AD54,2)) -> - | G87: =IF(Source!O54=0,"-",ROUND(Source!O54,0)) -> 1580 | H87: =IF(Source!S54=0,"-",ROUND(Source!S54,0)) -> - | I87: =IF(Source!Q54=0,"-",ROUND(Source!Q54,0)) -> - | J87: =IF(Source!AH54=0,"-",ROUND(Source!AH54,2)) -> - | K87: =IF(Source!U54=0,"-",ROUND(Source!U54,2)) -> -
C88: =Source!H54 -> м | E88: =IF(Source!AF54=0,"-",ROUND(Source!AF54,2)) -> - | F88: =IF(Source!AE54=0,"-",ROUND(Source!AE54,2)) -> - | I88: =IF(Source!R54=0,"-",ROUND(Source!R54,0)) -> - | J88: =IF(Source!AI54=0,"-",ROUND(Source!AI54,2)) -> - | K88: =IF(Source!V54=0,"-",ROUND(Source!V54,2)) -> -
A89: =Source!E55 -> 19 | B89: =Source!F55 -> 16-02-004-1 | C89: =Source!G55 -> Прокладка трубопроводов отопления и газоснабжения из стальных бесшовных труб диаметром, мм: 57х3,5 | D89: =Source!I55 -> 3.4 | E89: =IF(Source!AB55=0,"-",ROUND(Source!AB55,2)) -> 71.54 | F89: =IF(Source!AD55=0,"-",ROUND(Source!AD55,2)) -> 2.73 | G89: =IF(Source!O55=0,"-",ROUND(Source!O55,0)) -> 243 | H89: =IF(Source!S55=0,"-",ROUND(Source!S55,0)) -> 56 | I89: =IF(Source!Q55=0,"-",ROUND(Source!Q55,0)) -> 9 | J89: =IF(Source!AH55=0,"-",ROUND(Source!AH55,2)) -> 1.19 | K89: =IF(Source!U55=0,"-",ROUND(Source!U55,2)) -> 4.04
B90: К=ЭММ)*1,25)*1,7, ЗПМ)*1,25)*1,7, ОЗП)*1,15)*1,7, ТЗ)*1,15)*1,7, ТЗМ)*1,25)*1,7 | C90: =Source!H55 -> 1 м | E90: =IF(Source!AF55=0,"-",ROUND(Source!AF55,2)) -> 16.61 | F90: =IF(Source!AE55=0,"-",ROUND(Source!AE55,2)) -> 0.07 | I90: =IF(Source!R55=0,"-",ROUND(Source!R55,0)) -> - | J90: =IF(Source!AI55=0,"-",ROUND(Source!AI55,2)) -> 0 | K90: =IF(Source!V55=0,"-",ROUND(Source!V55,2)) -> 0.01
A91: =Source!E56 -> 20 | B91: =Source!F56 -> 18-03-004-8 | C91: =Source!G56 -> Установка регистров из стальных электросварных труб, диаметром нитки, мм: 100 | D91: =Source!I56 -> 270 | E91: =IF(Source!AB56=0,"-",ROUND(Source!AB56,2)) -> 12.83 | F91: =IF(Source!AD56=0,"-",ROUND(Source!AD56,2)) -> 2.15 | G91: =IF(Source!O56=0,"-",ROUND(Source!O56,0)) -> 3464 | H91: =IF(Source!S56=0,"-",ROUND(Source!S56,0)) -> 1785 | I91: =IF(Source!Q56=0,"-",ROUND(Source!Q56,0)) -> 581 | J91: =IF(Source!AH56=0,"-",ROUND(Source!AH56,2)) -> 0.51 | K91: =IF(Source!U56=0,"-",ROUND(Source!U56,2)) -> 137.5
B92: К=ЭММ)*1,25)*1,7, ЗПМ)*1,25)*1,7, ОЗП)*1,15)*1,7, ТЗ)*1,15)*1,7, ТЗМ)*1,25)*1,7 | C92: =Source!H56 -> 1 м | E92: =IF(Source!AF56=0,"-",ROUND(Source!AF56,2)) -> 6.61 | F92: =IF(Source!AE56=0,"-",ROUND(Source!AE56,2)) -> 0.05 | I92: =IF(Source!R56=0,"-",ROUND(Source!R56,0)) -> 14 | J92: =IF(Source!AI56=0,"-",ROUND(Source!AI56,2)) -> 0 | K92: =IF(Source!V56=0,"-",ROUND(Source!V56,2)) -> 0.8
A93: =Source!E57 -> 21 | B93: =Source!F57 -> 300-0590 | C93: =Source!G57 -> Регистры отопительные из стальных электросварных труб диаметром нитки, мм: 133 | D93: =Source!I57 -> 270 | E93: =IF(Source!AB57=0,"-",ROUND(Source!AB57,2)) -> 158 | F93: =IF(Source!AD57=0,"-",ROUND(Source!AD57,2)) -> - | G93: =IF(Source!O57=0,"-",ROUND(Source!O57,0)) -> 42660 | H93: =IF(Source!S57=0,"-",ROUND(Source!S57,0)) -> - | I93: =IF(Source!Q57=0,"-",ROUND(Source!Q57,0)) -> - | J93: =IF(Source!AH57=0,"-",ROUND(Source!AH57,2)) -> - | K93: =IF(Source!U57=0,"-",ROUND(Source!U57,2)) -> -
C94: =Source!H57 -> м | E94: =IF(Source!AF57=0,"-",ROUND(Source!AF57,2)) -> - | F94: =IF(Source!AE57=0,"-",ROUND(Source!AE57,2)) -> - | I94: =IF(Source!R57=0,"-",ROUND(Source!R57,0)) -> - | J94: =IF(Source!AI57=0,"-",ROUND(Source!AI57,2)) -> - | K94: =IF(Source!V57=0,"-",ROUND(Source!V57,2)) -> -
A95: =Source!E58 -> 22 | B95: =Source!F58 -> 16-02-004-1 | C95: =Source!G58 -> Прокладка трубопроводов отопления и газоснабжения из стальных бесшовных труб диаметром, мм: 57х3,5 | D95: =Source!I58 -> 48 | E95: =IF(Source!AB58=0,"-",ROUND(Source!AB58,2)) -> 71.54 | F95: =IF(Source!AD58=0,"-",ROUND(Source!AD58,2)) -> 2.73 | G95: =IF(Source!O58=0,"-",ROUND(Source!O58,0)) -> 3434 | H95: =IF(Source!S58=0,"-",ROUND(Source!S58,0)) -> 797 | I95: =IF(Source!Q58=0,"-",ROUND(Source!Q58,0)) -> 131 | J95: =IF(Source!AH58=0,"-",ROUND(Source!AH58,2)) -> 1.19 | K95: =IF(Source!U58=0,"-",ROUND(Source!U58,2)) -> 57.08
B96: К=ЭММ)*1,25)*1,7, ЗПМ)*1,25)*1,7, ОЗП)*1,15)*1,7, ТЗ)*1,15)*1,7, ТЗМ)*1,25)*1,7 | C96: =Source!H58 -> 1 м | E96: =IF(Source!AF58=0,"-",ROUND(Source!AF58,2)) -> 16.61 | F96: =IF(Source!AE58=0,"-",ROUND(Source!AE58,2)) -> 0.07 | I96: =IF(Source!R58=0,"-",ROUND(Source!R58,0)) -> 3 | J96: =IF(Source!AI58=0,"-",ROUND(Source!AI58,2)) -> 0 | K96: =IF(Source!V58=0,"-",ROUND(Source!V58,2)) -> 0.19
A97: =Source!E59 -> 23 | B97: =Source!F59 -> 18-03-004-8 | C97: =Source!G59 -> Установка регистров из стальных электросварных труб, диаметром нитки, мм: 100 | D97: =Source!I59 -> 60 | E97: =IF(Source!AB59=0,"-",ROUND(Source!AB59,2)) -> 12.83 | F97: =IF(Source!AD59=0,"-",ROUND(Source!AD59,2)) -> 2.15 | G97: =IF(Source!O59=0,"-",ROUND(Source!O59,0)) -> 770 | H97: =IF(Source!S59=0,"-",ROUND(Source!S59,0)) -> 397 | I97: =IF(Source!Q59=0,"-",ROUND(Source!Q59,0)) -> 129 | J97: =IF(Source!AH59=0,"-",ROUND(Source!AH59,2)) -> 0.51 | K97: =IF(Source!U59=0,"-",ROUND(Source!U59,2)) -> 30.56
B98: К=ЭММ)*1,25)*1,7, ЗПМ)*1,25)*1,7, ОЗП)*1,15)*1,7, ТЗ)*1,15)*1,7, ТЗМ)*1,25)*1,7 | C98: =Source!H59 -> 1 м | E98: =IF(Source!AF59=0,"-",ROUND(Source!AF59,2)) -> 6.61 | F98: =IF(Source!AE59=0,"-",ROUND(Source!AE59,2)) -> 0.05 | I98: =IF(Source!R59=0,"-",ROUND(Source!R59,0)) -> 3 | J98: =IF(Source!AI59=0,"-",ROUND(Source!AI59,2)) -> 0 | K98: =IF(Source!V59=0,"-",ROUND(Source!V59,2)) -> 0.18
A99: =Source!E60 -> 24 | B99: =Source!F60 -> 300-0590 | C99: =Source!G60 -> Регистры отопительные из стальных электросварных труб диаметром нитки, мм: 133 | D99: =Source!I60 -> 60 | E99: =IF(Source!AB60=0,"-",ROUND(Source!AB60,2)) -> 158 | F99: =IF(Source!AD60=0,"-",ROUND(Source!AD60,2)) -> - | G99: =IF(Source!O60=0,"-",ROUND(Source!O60,0)) -> 9480 | H99: =IF(Source!S60=0,"-",ROUND(Source!S60,0)) -> - | I99: =IF(Source!Q60=0,"-",ROUND(Source!Q60,0)) -> - | J99: =IF(Source!AH60=0,"-",ROUND(Source!AH60,2)) -> - | K99: =IF(Source!U60=0,"-",ROUND(Source!U60,2)) -> -
C100: =Source!H60 -> м | E100: =IF(Source!AF60=0,"-",ROUND(Source!AF60,2)) -> - | F100: =IF(Source!AE60=0,"-",ROUND(Source!AE60,2)) -> - | I100: =IF(Source!R60=0,"-",ROUND(Source!R60,0)) -> - | J100: =IF(Source!AI60=0,"-",ROUND(Source!AI60,2)) -> - | K100: =IF(Source!V60=0,"-",ROUND(Source!V60,2)) -> -
A101: =Source!E61 -> 25 | B101: =Source!F61 -> 16-02-004-1 | C101: =Source!G61 -> Прокладка трубопроводов отопления и газоснабжения из стальных бесшовных труб диаметром, мм: 57х3,5 | D101: =Source!I61 -> 8.2 | E101: =IF(Source!AB61=0,"-",ROUND(Source!AB61,2)) -> 71.54 | F101: =IF(Source!AD61=0,"-",ROUND(Source!AD61,2)) -> 2.73 | G101: =IF(Source!O61=0,"-",ROUND(Source!O61,0)) -> 587 | H101: =IF(Source!S61=0,"-",ROUND(Source!S61,0)) -> 136 | I101: =IF(Source!Q61=0,"-",ROUND(Source!Q61,0)) -> 22 | J101: =IF(Source!AH61=0,"-",ROUND(Source!AH61,2)) -> 1.19 | K101: =IF(Source!U61=0,"-",ROUND(Source!U61,2)) -> 9.75
B102: К=ЭММ)*1,25)*1,7, ЗПМ)*1,25)*1,7, ОЗП)*1,15)*1,7, ТЗ)*1,15)*1,7, ТЗМ)*1,25)*1,7 | C102: =Source!H61 -> 1 м | E102: =IF(Source!AF61=0,"-",ROUND(Source!AF61,2)) -> 16.61 | F102: =IF(Source!AE61=0,"-",ROUND(Source!AE61,2)) -> 0.07 | I102: =IF(Source!R61=0,"-",ROUND(Source!R61,0)) -> 1 | J102: =IF(Source!AI61=0,"-",ROUND(Source!AI61,2)) -> 0 | K102: =IF(Source!V61=0,"-",ROUND(Source!V61,2)) -> 0.03
A103: =Source!E62 -> 26 | B103: =Source!F62 -> 18-03-004-8 | C103: =Source!G62 -> Установка регистров из стальных электросварных труб, диаметром нитки, мм: 100 | D103: =Source!I62 -> 30 | E103: =IF(Source!AB62=0,"-",ROUND(Source!AB62,2)) -> 159.83 | F103: =IF(Source!AD62=0,"-",ROUND(Source!AD62,2)) -> 2.15 | G103: =IF(Source!O62=0,"-",ROUND(Source!O62,0)) -> 4795 | H103: =IF(Source!S62=0,"-",ROUND(Source!S62,0)) -> 198 | I103: =IF(Source!Q62=0,"-",ROUND(Source!Q62,0)) -> 65 | J103: =IF(Source!AH62=0,"-",ROUND(Source!AH62,2)) -> 0.51 | K103: =IF(Source!U62=0,"-",ROUND(Source!U62,2)) -> 15.28
B104: К=ЭММ)*1,25)*1,7, ЗПМ)*1,25)*1,7, ОЗП)*1,15)*1,7, ТЗ)*1,15)*1,7, ТЗМ)*1,25)*1,7 | C104: =Source!H62 -> 1 м | E104: =IF(Source!AF62=0,"-",ROUND(Source!AF62,2)) -> 6.61 | F104: =IF(Source!AE62=0,"-",ROUND(Source!AE62,2)) -> 0.05 | I104: =IF(Source!R62=0,"-",ROUND(Source!R62,0)) -> 2 | J104: =IF(Source!AI62=0,"-",ROUND(Source!AI62,2)) -> 0 | K104: =IF(Source!V62=0,"-",ROUND(Source!V62,2)) -> 0.09
A105: =Source!E63 -> 27 | B105: =Source!F63 -> 16-02-004-1 | C105: =Source!G63 -> Прокладка трубопроводов отопления и газоснабжения из стальных бесшовных труб диаметром, мм: 57х3,5 | D105: =Source!I63 -> 4.2 | E105: =IF(Source!AB63=0,"-",ROUND(Source!AB63,2)) -> 71.54 | F105: =IF(Source!AD63=0,"-",ROUND(Source!AD63,2)) -> 2.73 | G105: =IF(Source!O63=0,"-",ROUND(Source!O63,0)) -> 300 | H105: =IF(Source!S63=0,"-",ROUND(Source!S63,0)) -> 70 | I105: =IF(Source!Q63=0,"-",ROUND(Source!Q63,0)) -> 11 | J105: =IF(Source!AH63=0,"-",ROUND(Source!AH63,2)) -> 1.19 | K105: =IF(Source!U63=0,"-",ROUND(Source!U63,2)) -> 4.99
B106: К=ЭММ)*1,25)*1,7, ЗПМ)*1,25)*1,7, ОЗП)*1,15)*1,7, ТЗ)*1,15)*1,7, ТЗМ)*1,25)*1,7 | C106: =Source!H63 -> 1 м | E106: =IF(Source!AF63=0,"-",ROUND(Source!AF63,2)) -> 16.61 | F106: =IF(Source!AE63=0,"-",ROUND(Source!AE63,2)) -> 0.07 | I106: =IF(Source!R63=0,"-",ROUND(Source!R63,0)) -> - | J106: =IF(Source!AI63=0,"-",ROUND(Source!AI63,2)) -> 0 | K106: =IF(Source!V63=0,"-",ROUND(Source!V63,2)) -> 0.02
A107: =Source!E64 -> 28 | B107: =Source!F64 -> 18-03-004-8 | C107: =Source!G64 -> Установка регистров из стальных электросварных труб, диаметром нитки, мм: 100 | D107: =Source!I64 -> 20 | E107: =IF(Source!AB64=0,"-",ROUND(Source!AB64,2)) -> 159.83 | F107: =IF(Source!AD64=0,"-",ROUND(Source!AD64,2)) -> 2.15 | G107: =IF(Source!O64=0,"-",ROUND(Source!O64,0)) -> 3197 | H107: =IF(Source!S64=0,"-",ROUND(Source!S64,0)) -> 132 | I107: =IF(Source!Q64=0,"-",ROUND(Source!Q64,0)) -> 43 | J107: =IF(Source!AH64=0,"-",ROUND(Source!AH64,2)) -> 0.51 | K107: =IF(Source!U64=0,"-",ROUND(Source!U64,2)) -> 10.19
B108: К=ЭММ)*1,25)*1,7, ЗПМ)*1,25)*1,7, ОЗП)*1,15)*1,7, ТЗ)*1,15)*1,7, ТЗМ)*1,25)*1,7 | C108: =Source!H64 -> 1 м | E108: =IF(Source!AF64=0,"-",ROUND(Source!AF64,2)) -> 6.61 | F108: =IF(Source!AE64=0,"-",ROUND(Source!AE64,2)) -> 0.05 | I108: =IF(Source!R64=0,"-",ROUND(Source!R64,0)) -> 1 | J108: =IF(Source!AI64=0,"-",ROUND(Source!AI64,2)) -> 0 | K108: =IF(Source!V64=0,"-",ROUND(Source!V64,2)) -> 0.06
A109: =Source!E65 -> 29 | B109: =Source!F65 -> 16-02-004-1 | C109: =Source!G65 -> Прокладка трубопроводов отопления и газоснабжения из стальных бесшовных труб диаметром, мм: 57х3,5 | D109: =Source!I65 -> 2.784 | E109: =IF(Source!AB65=0,"-",ROUND(Source!AB65,2)) -> 71.54 | F109: =IF(Source!AD65=0,"-",ROUND(Source!AD65,2)) -> 2.73 | G109: =IF(Source!O65=0,"-",ROUND(Source!O65,0)) -> 199 | H109: =IF(Source!S65=0,"-",ROUND(Source!S65,0)) -> 46 | I109: =IF(Source!Q65=0,"-",ROUND(Source!Q65,0)) -> 8 | J109: =IF(Source!AH65=0,"-",ROUND(Source!AH65,2)) -> 1.19 | K109: =IF(Source!U65=0,"-",ROUND(Source!U65,2)) -> 3.31
...

Sheet Source
A1: 0 | B1: Smeta.ru (495) 974-1589 | D1: _PS_ | F1: 0 | G1: 0 | H1: 0 | I1: Smeta.ru | J1: ФГУП ПО МАЯК Доп. раб. место FStS-0035985 | K1: 1 | L1: 35985
A12: 1 | B12: 1 | C12: 0 | D12: =ROW(A165) -> 165 | E12: 0 | F12: Новый объект | G12: ФГУП ПО МАЯК Завод 235 | I12: 0 | P12: 0 | Q12: 0 | V12: -3 | X12: 0 | Y12: 2 | Z12: 1 | AA12: 1 | AC12: 0 | AD12: 2 | AE12: 0 | AF12: 0 | AG12: 0 | AH12: 0 | AI12: 0 | AJ12: 0 | AK12: 0 | AN12: 0 | BA12: 0 | BB12: 0 | BC12: 0 | BD12: 15091337 | BE12: Сметные нормы списания | BF12: Коды ценников | BG12: 12288679 | BH12: 0 | BI12: 1 | BK12: 1 | BL12: 0 | BM12: 1 | BN12: 1 | BO12: 0 | BP12: 2 | BR12: 0 | BT12: 0 | BU12: 1 | BV12: 1 | BW12: 0 | BX12: 0 | BY12: 0 | BZ12: 0 | CA12: 12287021 | CB12: 12287016 | CC12: 12287014 | CD12: 12287012 | CE12: 0 | CF12: 0 | CJ12: 0 | CK12: 12288933 | CL12: ТЕР Челябинская область | CM12: 2001 Челябинск Ремонт {МДС 33+АП-5536 06} | CN12: Челябинск 2001 | CO12: Челябинск 2001 Работы | CP12: Челябинск 2001 Механизмы | CQ12: Челябинск 2001 Материалы | CS12: 0 | CT12: 0 | CU12: 0 | CV12: 0 | CW12: 0 | CX12: 0 | CY12: 9
A15: 15 | B15: 1
A18: 52 | B18: =B165 -> 1 | C18: =C165 -> 1 | D18: =D165 -> 12 | E18: =E165 -> 0 | F18: =F165 -> Новый объект | G18: =G165 -> ФГУП ПО МАЯК Завод 235 | H18: =H165 -> 0 | I18: =I165 -> 0 | ... AQ18: =AQ165 -> 0
G19: 0
A20: 3 | B20: 1 | D20: =ROW(A145) -> 145 | F20: Новая локальная смета | G20: Новая локальная смета | X20: 0 | AJ20: 0 | AK20: 0 | AL20: 0 | BE20: {BA78DE29-97E7-4521-BBC9-C17FDD505FD9} | BF20: 0 | BG20: 0 | BM20: 0
A22: 52 | B22: =B145 -> 1 | C22: =C145 -> 3 | D22: =D145 -> 20 | E22: =E145 -> 0 | F22: =F145 -> Новая локальная смета | G22: =G145 -> Новая локальная смета | H22: =H145 -> 0 | I22: =I145 -> 0 | ... AQ22: =AQ145 -> 0
A24: 19 | B24: 1 | G24: Демонтажные работы | AA24: 1 | DX24: 0
A25: 17 | B25: 1 | C25: =ROW(SmtRes!A7) -> 7 | D25: =ROW(EtalonRes!A7) -> 7 | E25: 1 | F25: 65-1-3 | G25: Разборка трубопроводов из водогазопроводных труб диаметром 108 мм с отборкой годных труб, арматуры, фасонных и крепежных частей | H25: 100 м | I25: 0.01 | J25: 0 | O25: =ROUND(CP25*I25,0) -> 15 | P25: =ROUND(CQ25*I25,0) -> 1 | Q25: =ROUND(CR25*I25,0) -> 0 | R25: =ROUND(CS25*I25,0) -> 0 | S25: =ROUND(CT25*I25,0) -> 14 | T25: =ROUND(CU25*I25,0) -> 0 | U25: =CV25*I25 -> 1.1457 | V25: =CW25*I25 -> 0.0039 | W25: =ROUND(CX25*I25,0) -> 0 | X25: =ROUND(CY25,0) -> 10 | Y25: =ROUND(CZ25,0) -> 7 | AA25: 0 | AB25: =ROUND((AC25+AD25+AF25),2) -> 1501.55 | AC25: =ROUND((ES25),2) -> 119.33 | AD25: =ROUND((((ET25*1.5))+((((EU25*1.5))*1.13)-((EU25*1.5)))),2) -> 21.56 | AE25: =ROUND((((EU25*1.5))*1.13),2) -> 4.75 | AF25: =ROUND((((EV25*1.5))*1.13),2) -> 1360.66 | AG25: =ROUND((AP25),2) -> 0 | AH25: =((EW25*1.5)) -> 114.57 | AI25: =((EX25*1.5)) -> 0.39 | AJ25: =ROUND((AS25),2) -> 0 | AK25: 936.09 | AL25: 119.33 | AM25: 14.01 | AN25: 2.8 | AO25: 802.75 | AP25: 0 | AQ25: 76.38 | AR25: 0.26 | AS25: 0 | AT25: =BZ25 -> 74 | AU25: =CA25 -> 50 | AV25: 1 | AW25: 1 | AX25: 1 | AY25: 1 | AZ25: 1 | BA25: 1 | BB25: 1 | BC25: 1 | BH25: 0 | BI25: 1 | BJ25: ТЕР Челябинской обл.,сб.65,табл.1-3 | BM25: 173 | BN25: 0 | BO25: 65-1-3 | BP25: 1 | BQ25: 5 | BR25: 0 | BS25: 1 | BT25: 1 | BU25: 1 | BV25: 1 | BW25: 1 | BX25: 1 | BZ25: 74 | CA25: 50 | CF25: 0 | CG25: 0 | CM25: 0 | CO25: 0 | CP25: =(AB25)*AZ25 -> 1501.55 | CQ25: =(AC25)*BC25 -> 119.33 | CR25: =(AD25)*BB25 -> 21.56 | CS25: =(AE25)*BS25 -> 4.75 | CT25: =(AF25)*BA25 -> 1360.66 | CU25: =(AG25)*BT25 -> 0 | CV25: =(AH25)*BU25 -> 114.57 | CW25: =(AI25)*BV25 -> 0.39 | CX25: =(AJ25)*BW25 -> 0 | CY25: =(((R25+S25)*BZ25*1)/100) -> 10.36 | CZ25: =(((R25+S25)*CA25*1)/100) -> 7 | DE25: )*1,5 | DF25: )*1,5 | DG25: )*1,5 | DI25: )*1,5 | DJ25: )*1,5 | DN25: 0 | DO25: 0 | DP25: 1 | DQ25: 1 | DR25: 1 | DS25: 1 | DT25: 1 | DU25: 1013 | DV25: 100 м | DW25: 100М | DX25: 1 | EE25: 13991008 | EF25: 5 | EG25: Сантехнические работы | EH25: 0 | EJ25: 1 | EK25: 173 | EL25: Ремонт. Внутренние санитарнотехнические работы - демонтаж и разборка | EQ25: 512 | ER25: 936.09 | ES25: 119.33 | ET25: 14.01 | EU25: 2.8 | EV25: 802.75 | EW25: 76.38 | EX25: 0.26 | EY25: 0 | EZ25: 0 | FQ25: 0 | FR25: =ROUND(IF(AND(AA25=0,BI25=3),P25,0),0) -> 0 | FS25: 0
A26: 18 | B26: 1 | C26: 7 | E26: 1.1 | F26: 999-9899 | G26: Строительный мусор и масса возвратных материалов | H26: т | I26: =I25*J26 -> 0.0043 | J26: 0.43 | O26: =ROUND(CP26*I26,0) -> 0 | P26: =ROUND(CQ26*I26,0) -> 0 | Q26: =ROUND(CR26*I26,0) -> 0 | R26: =ROUND(CS26*I26,0) -> 0 | S26: =ROUND(CT26*I26,0) -> 0 | T26: =ROUND(CU26*I26,0) -> 0 | U26: =CV26*I26 -> 0 | V26: =CW26*I26 -> 0 | W26: =ROUND(CX26*I26,0) -> 0 | X26: =ROUND(CY26,0) -> 0 | Y26: =ROUND(CZ26,0) -> 0 | AA26: 0 | AB26: =ROUND((AC26+AD26+AF26),2) -> 0 | AC26: =ROUND(AL26,2) -> 0 | AD26: =ROUND((AM26+((AN26*1.13)-AN26)),2) -> 0 | AE26: =ROUND((AN26*1.13),2) -> 0 | AF26: =ROUND((AO26*1.13),2) -> 0 | AG26: =ROUND(AP26,2) -> 0 | AH26: =AQ26 -> 0 | AI26: =AR26 -> 0 | AJ26: =ROUND(AS26,2) -> 0 | AK26: 0 | AL26: 0 | AM26: 0 | AN26: 0 | AO26: 0 | AP26: 0 | AQ26: 0 | AR26: 0 | AS26: 0 | AT26: =BZ26 -> 74 | AU26: =CA26 -> 50 | AV26: 1 | AW26: 1 | AX26: 1 | AY26: 1 | AZ26: 1 | BA26: 1 | BB26: 1 | BC26: 1 | BH26: 3 | BI26: 1 | BJ26: ССЦ Челябинской обл.,сб.999,поз.9899 | BM26: 173 | BN26: 0 | BO26: 999-9899 | BP26: 1 | BQ26: 5 | BR26: 0 | BS26: 1 | BT26: 1 | BU26: 1 | BV26: 1 | BW26: 1 | BX26: 1 | BZ26: 74 | CA26: 50 | CF26: 0 | CG26: 0 | CM26: 0 | CO26: 0 | CP26: =(AB26)*AZ26 -> 0 | CQ26: =(AC26)*BC26 -> 0 | CR26: =(AD26)*BB26 -> 0 | CS26: =(AE26)*BS26 -> 0 | CT26: =(AF26)*BA26 -> 0 | CU26: =(AG26)*BT26 -> 0 | CV26: =(AH26)*BU26 -> 0 | CW26: =(AI26)*BV26 -> 0 | CX26: =(AJ26)*BW26 -> 0 | CY26: =(((R26+S26)*BZ26*1)/100) -> 0 | CZ26: =(((R26+S26)*CA26*1)/100) -> 0 | DN26: 0 | DO26: 0 | DP26: 1 | DQ26: 1 | DR26: 1 | DS26: 1 | DT26: 1 | DU26: 1009 | DV26: т | DW26: т | DX26: 1000 | EE26: 13991008 | EF26: 5 | EG26: Сантехнические работы | EH26: 0 | EJ26: 1 | EK26: 173 | EL26: Ремонт. Внутренние санитарнотехнические работы - демонтаж и разборка | EQ26: 512 | ER26: 0 | ES26: 0 | ET26: 0 | EU26: 0 | EV26: 0 | EW26: 0 | EX26: 0 | EZ26: 0 | FQ26: 0 | FR26: =ROUND(IF(AND(AA26=0,BI26=3),P26,0),0) -> 0 | FS26: 0
A27: 17 | B27: 1 | C27: =ROW(SmtRes!A21) -> 21 | D27: =ROW(EtalonRes!A21) -> 21 | E27: 2 | F27: 16-02-004-6 | G27: Демонтаж трубопроводов отопления и газоснабжения из стальных бесшовных труб диаметром, мм: 159х4,5 | H27: 1 м | I27: 1 | J27: 0 | O27: =ROUND(CP27*I27,0) -> 11 | P27: =ROUND(CQ27*I27,0) -> 0 | Q27: =ROUND(CR27*I27,0) -> 2 | R27: =ROUND(CS27*I27,0) -> 0 | S27: =ROUND(CT27*I27,0) -> 9 | T27: =ROUND(CU27*I27,0) -> 0 | U27: =CV27*I27 -> 0.69264 | V27: =CW27*I27 -> 0.0039 | W27: =ROUND(CX27*I27,0) -> 0 | X27: =ROUND(CY27,0) -> 12 | Y27: =ROUND(CZ27,0) -> 6 | AA27: 0 | AB27: =ROUND((AC27+AD27+AF27),2) -> 11.11 | AC27: =ROUND(((ES27*0)),2) -> 0 | AD27: =ROUND(((((ET27*0.4)*1.5))+(((((EU27*0.4)*1.5))*1.13)-(((EU27*0.4)*1.5)))),2) -> 1.69 | AE27: =ROUND(((((EU27*0.4)*1.5))*1.13),2) -> 0.07 | AF27: =ROUND(((((EV27*0.4)*1.5))*1.13),2) -> 9.42 | AG27: =ROUND((AP27),2) -> 0 | AH27: =(((EW27*0.4)*1.5)) -> 0.69264 | AI27: =(((EX27*0.4)*1.5)) -> 0.0039 | AJ27: =ROUND((AS27),2) -> 0 | AK27: 197.23 | AL27: 180.53 | AM27: 2.8 | AN27: 0.1 | AO27: 13.9 | AP27: 0 | AQ27: 1.1544 | AR27: 0.0065 | AS27: 0 | AT27: =BZ27 -> 128 | AU27: =CA27 -> 71 | AV27: 1 | AW27: 1 | AX27: 1 | AY27: 1 | AZ27: 1 | BA27: 1 | BB27: 1 | BC27: 1 | BH27: 0 | BI27: 1 | BJ27: ТЕР Челябинской обл.,сб.16,гл.02,табл.004,поз.6 | BM27: 130 | BN27: 0 | BO27: 16-02-004-6 | BP27: 1 | BQ27: 5 | BR27: 0 | BS27: 1 | BT27: 1 | BU27: 1 | BV27: 1 | BW27: 1 | BX27: 1 | BZ27: 128 | CA27: 71 | CF27: 0 | CG27: 0 | CM27: 0 | CO27: 0 | CP27: =(AB27)*AZ27 -> 11.11 | CQ27: =(AC27)*BC27 -> 0 | CR27: =(AD27)*BB27 -> 1.69 | CS27: =(AE27)*BS27 -> 0.07 | CT27: =(AF27)*BA27 -> 9.42 | CU27: =(AG27)*BT27 -> 0 | CV27: =(AH27)*BU27 -> 0.69264 | CW27: =(AI27)*BV27 -> 0.0039 | CX27: =(AJ27)*BW27 -> 0 | CY27: =(((R27+S27)*BZ27*1)/100) -> 11.52 | CZ27: =(((R27+S27)*CA27*1)/100) -> 6.39 | DD27: )*0 | DE27: )*0,4)*1,5 | DF27: )*0,4)*1,5 | DG27: )*0,4)*1,5 | DI27: )*0,4)*1,5 | DJ27: )*0,4)*1,5 | DN27: 0 | DO27: 0 | DP27: 1 | DQ27: 1 | DR27: 1 | DS27: 1 | DT27: 1 | DU27: 1003 | DV27: 1 м | DW27: 1 м трубопровода | DX27: 1 | EE27: 13990945 | EF27: 5 | EG27: Сантехнические работы | EH27: 0 | EJ27: 1 | EK27: 130 | EL27: Санитарнотехнические работы -внутренние (трубопроводы, водопровод, канализация, отопление, газоснабжение, вентиляция, кондиционирование воздуха) | EQ27: 576 | ER27: 197.23 | ES27: 180.53 | ET27: 2.8 | EU27: 0.1 | EV27: 13.9 | EW27: 1.1544 | EX27: 0.0065 | EY27: 0 | EZ27: 0 | FQ27: 0 | FR27: =ROUND(IF(AND(AA27=0,BI27=3),P27,0),0) -> 0 | FS27: 0
A28: 17 | B28: 1 | C28: =ROW(SmtRes!A28) -> 28 | D28: =ROW(EtalonRes!A28) -> 28 | E28: 3 | F28: 65-1-2 | G28: Разборка трубопроводов из водогазопроводных труб диаметром 57 мм с отборкой годных труб, арматуры, фасонных и крепежных частей | H28: 100 м | I28: 0.3 | J28: 0 | O28: =ROUND(CP28*I28,0) -> 355 | P28: =ROUND(CQ28*I28,0) -> 31 | Q28: =ROUND(CR28*I28,0) -> 5 | R28: =ROUND(CS28*I28,0) -> 1 | S28: =ROUND(CT28*I28,0) -> 319 | T28: =ROUND(CU28*I28,0) -> 0 | U28: =CV28*I28 -> 26.829 | V28: =CW28*I28 -> 0.0765 | W28: =ROUND(CX28*I28,0) -> 0 | X28: =ROUND(CY28,0) -> 237 | Y28: =ROUND(CZ28,0) -> 160 | AA28: 0 | AB28: =ROUND((AC28+AD28+AF28),2) -> 1183.07 | AC28: =ROUND((ES28),2) -> 104.07 | AD28: =ROUND((((ET28*1.5))+((((EU28*1.5))*1.13)-((EU28*1.5)))),2) -> 16.9 | AE28: =ROUND((((EU28*1.5))*1.13),2) -> 3.1 | AF28: =ROUND((((EV28*1.5))*1.13),2) -> 1062.1 | AG28: =ROUND((AP28),2) -> 0 | AH28: =((EW28*1.5)) -> 89.43 | AI28: =((EX28*1.5)) -> 0.255 | AJ28: =ROUND((AS28),2) -> 0 | AK28: 741.71 | AL28: 104.07 | AM28: 11.03 | AN28: 1.83 | AO28: 626.61 | AP28: 0 | AQ28: 59.62 | AR28: 0.17 | AS28: 0 | AT28: =BZ28 -> 74 | AU28: =CA28 -> 50 | AV28: 1 | AW28: 1 | AX28: 1 | AY28: 1 | AZ28: 1 | BA28: 1 | BB28: 1 | BC28: 1 | BH28: 0 | BI28: 1 | BJ28: ТЕР Челябинской обл.,сб.65,табл.1-2 | BM28: 173 | BN28: 0 | BO28: 65-1-2 | BP28: 1 | BQ28: 5 | BR28: 0 | BS28: 1 | BT28: 1 | BU28: 1 | BV28: 1 | BW28: 1 | BX28: 1 | BZ28: 74 | CA28: 50 | CF28: 0 | CG28: 0 | CM28: 0 | CO28: 0 | CP28: =(AB28)*AZ28 -> 1183.07 | CQ28: =(AC28)*BC28 -> 104.07 | CR28: =(AD28)*BB28 -> 16.9 | CS28: =(AE28)*BS28 -> 3.1 | CT28: =(AF28)*BA28 -> 1062.1 | CU28: =(AG28)*BT28 -> 0 | CV28: =(AH28)*BU28 -> 89.43 | CW28: =(AI28)*BV28 -> 0.255 | CX28: =(AJ28)*BW28 -> 0 | CY28: =(((R28+S28)*BZ28*1)/100) -> 236.8 | CZ28: =(((R28+S28)*CA28*1)/100) -> 160 | DE28: )*1,5 | DF28: )*1,5 | DG28: )*1,5 | DI28: )*1,5 | DJ28: )*1,5 | DN28: 0 | DO28: 0 | DP28: 1 | DQ28: 1 | DR28: 1 | DS28: 1 | DT28: 1 | DU28: 1013 | DV28: 100 м | DW28: 100М | DX28: 1 | EE28: 13991008 | EF28: 5 | EG28: Сантехнические работы | EH28: 0 | EJ28: 1 | EK28: 173 | EL28: Ремонт. Внутренние санитарнотехнические работы - демонтаж и разборка | EQ28: 512 | ER28: 741.71 | ES28: 104.07 | ET28: 11.03 | EU28: 1.83 | EV28: 626.61 | EW28: 59.62 | EX28: 0.17 | EY28: 0 | EZ28: 0 | FQ28: 0 | FR28: =ROUND(IF(AND(AA28=0,BI28=3),P28,0),0) -> 0 | FS28: 0
A29: 18 | B29: 1 | C29: 28 | E29: 3.1 | F29: 999-9899 | G29: Строительный мусор и масса возвратных материалов | H29: т | I29: =I28*J29 -> 0.102 | J29: 0.34 | O29: =ROUND(CP29*I29,0) -> 0 | P29: =ROUND(CQ29*I29,0) -> 0 | Q29: =ROUND(CR29*I29,0) -> 0 | R29: =ROUND(CS29*I29,0) -> 0 | S29: =ROUND(CT29*I29,0) -> 0 | T29: =ROUND(CU29*I29,0) -> 0 | U29: =CV29*I29 -> 0 | V29: =CW29*I29 -> 0 | W29: =ROUND(CX29*I29,0) -> 0 | X29: =ROUND(CY29,0) -> 0 | Y29: =ROUND(CZ29,0) -> 0 | AA29: 0 | AB29: =ROUND((AC29+AD29+AF29),2) -> 0 | AC29: =ROUND(AL29,2) -> 0 | AD29: =ROUND((AM29+((AN29*1.13)-AN29)),2) -> 0 | AE29: =ROUND((AN29*1.13),2) -> 0 | AF29: =ROUND((AO29*1.13),2) -> 0 | AG29: =ROUND(AP29,2) -> 0 | AH29: =AQ29 -> 0 | AI29: =AR29 -> 0 | AJ29: =ROUND(AS29,2) -> 0 | AK29: 0 | AL29: 0 | AM29: 0 | AN29: 0 | AO29: 0 | AP29: 0 | AQ29: 0 | AR29: 0 | AS29: 0 | AT29: =BZ29 -> 74 | AU29: =CA29 -> 50 | AV29: 1 | AW29: 1 | AX29: 1 | AY29: 1 | AZ29: 1 | BA29: 1 | BB29: 1 | BC29: 1 | BH29: 3 | BI29: 1 | BJ29: ССЦ Челябинской обл.,сб.999,поз.9899 | BM29: 173 | BN29: 0 | BO29: 999-9899 | BP29: 1 | BQ29: 5 | BR29: 0 | BS29: 1 | BT29: 1 | BU29: 1 | BV29: 1 | BW29: 1 | BX29: 1 | BZ29: 74 | CA29: 50 | CF29: 0 | CG29: 0 | CM29: 0 | CO29: 0 | CP29: =(AB29)*AZ29 -> 0 | CQ29: =(AC29)*BC29 -> 0 | CR29: =(AD29)*BB29 -> 0 | CS29: =(AE29)*BS29 -> 0 | CT29: =(AF29)*BA29 -> 0 | CU29: =(AG29)*BT29 -> 0 | CV29: =(AH29)*BU29 -> 0 | CW29: =(AI29)*BV29 -> 0 | CX29: =(AJ29)*BW29 -> 0 | CY29: =(((R29+S29)*BZ29*1)/100) -> 0 | CZ29: =(((R29+S29)*CA29*1)/100) -> 0 | DN29: 0 | DO29: 0 | DP29: 1 | DQ29: 1 | DR29: 1 | DS29: 1 | DT29: 1 | DU29: 1009 | DV29: т | DW29: т | DX29: 1000 | EE29: 13991008 | EF29: 5 | EG29: Сантехнические работы | EH29: 0 | EJ29: 1 | EK29: 173 | EL29: Ремонт. Внутренние санитарнотехнические работы - демонтаж и разборка | EQ29: 512 | ER29: 0 | ES29: 0 | ET29: 0 | EU29: 0 | EV29: 0 | EW29: 0 | EX29: 0 | EZ29: 0 | FQ29: 0 | FR29: =ROUND(IF(AND(AA29=0,BI29=3),P29,0),0) -> 0 | FS29: 0
A30: 17 | B30: 1 | C30: =ROW(SmtRes!A35) -> 35 | D30: =ROW(EtalonRes!A35) -> 35 | E30: 4 | F30: 65-1-2 | G30: Разборка трубопроводов из водогазопроводных труб диаметром 57 мм с отборкой годных труб, арматуры, фасонных и крепежных частей | H30: 100 м | I30: 0.13 | J30: 0 | O30: =ROUND(CP30*I30,0) -> 154 | P30: =ROUND(CQ30*I30,0) -> 14 | Q30: =ROUND(CR30*I30,0) -> 2 | R30: =ROUND(CS30*I30,0) -> 0 | S30: =ROUND(CT30*I30,0) -> 138 | T30: =ROUND(CU30*I30,0) -> 0 | U30: =CV30*I30 -> 11.6259 | V30: =CW30*I30 -> 0.03315 | W30: =ROUND(CX30*I30,0) -> 0 | X30: =ROUND(CY30,0) -> 102 | Y30: =ROUND(CZ30,0) -> 69 | AA30: 0 | AB30: =ROUND((AC30+AD30+AF30),2) -> 1183.07 | AC30: =ROUND((ES30),2) -> 104.07 | AD30: =ROUND((((ET30*1.5))+((((EU30*1.5))*1.13)-((EU30*1.5)))),2) -> 16.9 | AE30: =ROUND((((EU30*1.5))*1.13),2) -> 3.1 | AF30: =ROUND((((EV30*1.5))*1.13),2) -> 1062.1 | AG30: =ROUND((AP30),2) -> 0 | AH30: =((EW30*1.5)) -> 89.43 | AI30: =((EX30*1.5)) -> 0.255 | AJ30: =ROUND((AS30),2) -> 0 | AK30: 741.71 | AL30: 104.07 | AM30: 11.03 | AN30: 1.83 | AO30: 626.61 | AP30: 0 | AQ30: 59.62 | AR30: 0.17 | AS30: 0 | AT30: =BZ30 -> 74 | AU30: =CA30 -> 50 | AV30: 1 | AW30: 1 | AX30: 1 | AY30: 1 | AZ30: 1 | BA30: 1 | BB30: 1 | BC30: 1 | BH30: 0 | BI30: 1 | BJ30: ТЕР Челябинской обл.,сб.65,табл.1-2 | BM30: 173 | BN30: 0 | BO30: 65-1-2 | BP30: 1 | BQ30: 5 | BR30: 0 | BS30: 1 | BT30: 1 | BU30: 1 | BV30: 1 | BW30: 1 | BX30: 1 | BZ30: 74 | CA30: 50 | CF30: 0 | CG30: 0 | CM30: 0 | CO30: 0 | CP30: =(AB30)*AZ30 -> 1183.07 | CQ30: =(AC30)*BC30 -> 104.07 | CR30: =(AD30)*BB30 -> 16.9 | CS30: =(AE30)*BS30 -> 3.1 | CT30: =(AF30)*BA30 -> 1062.1 | CU30: =(AG30)*BT30 -> 0 | CV30: =(AH30)*BU30 -> 89.43 | CW30: =(AI30)*BV30 -> 0.255 | CX30: =(AJ30)*BW30 -> 0 | CY30: =(((R30+S30)*BZ30*1)/100) -> 102.12 | CZ30: =(((R30+S30)*CA30*1)/100) -> 69 | DE30: )*1,5 | DF30: )*1,5 | DG30: )*1,5 | DI30: )*1,5 | DJ30: )*1,5 | DN30: 0 | DO30: 0 | DP30: 1 | DQ30: 1 | DR30: 1 | DS30: 1 | DT30: 1 | DU30: 1013 | DV30: 100 м | DW30: 100М | DX30: 1 | EE30: 13991008 | EF30: 5 | EG30: Сантехнические работы | EH30: 0 | EJ30: 1 | EK30: 173 | EL30: Ремонт. Внутренние санитарнотехнические работы - демонтаж и разборка | EQ30: 512 | ER30: 741.71 | ES30: 104.07 | ET30: 11.03 | EU30: 1.83 | EV30: 626.61 | EW30: 59.62 | EX30: 0.17 | EY30: 0 | EZ30: 0 | FQ30: 0 | FR30: =ROUND(IF(AND(AA30=0,BI30=3),P30,0),0) -> 0 | FS30: 0
A31: 18 | B31: 1 | C31: 35 | E31: 4.1 | F31: 999-9899 | G31: Строительный мусор и масса возвратных материалов | H31: т | I31: =I30*J31 -> 0.0442 | J31: 0.34 | O31: =ROUND(CP31*I31,0) -> 0 | P31: =ROUND(CQ31*I31,0) -> 0 | Q31: =ROUND(CR31*I31,0) -> 0 | R31: =ROUND(CS31*I31,0) -> 0 | S31: =ROUND(CT31*I31,0) -> 0 | T31: =ROUND(CU31*I31,0) -> 0 | U31: =CV31*I31 -> 0 | V31: =CW31*I31 -> 0 | W31: =ROUND(CX31*I31,0) -> 0 | X31: =ROUND(CY31,0) -> 0 | Y31: =ROUND(CZ31,0) -> 0 | AA31: 0 | AB31: =ROUND((AC31+AD31+AF31),2) -> 0 | AC31: =ROUND(AL31,2) -> 0 | AD31: =ROUND((AM31+((AN31*1.13)-AN31)),2) -> 0 | AE31: =ROUND((AN31*1.13),2) -> 0 | AF31: =ROUND((AO31*1.13),2) -> 0 | AG31: =ROUND(AP31,2) -> 0 | AH31: =AQ31 -> 0 | AI31: =AR31 -> 0 | AJ31: =ROUND(AS31,2) -> 0 | AK31: 0 | AL31: 0 | AM31: 0 | AN31: 0 | AO31: 0 | AP31: 0 | AQ31: 0 | AR31: 0 | AS31: 0 | AT31: =BZ31 -> 74 | AU31: =CA31 -> 50 | AV31: 1 | AW31: 1 | AX31: 1 | AY31: 1 | AZ31: 1 | BA31: 1 | BB31: 1 | BC31: 1 | BH31: 3 | BI31: 1 | BJ31: ССЦ Челябинской обл.,сб.999,поз.9899 | BM31: 173 | BN31: 0 | BO31: 999-9899 | BP31: 1 | BQ31: 5 | BR31: 0 | BS31: 1 | BT31: 1 | BU31: 1 | BV31: 1 | BW31: 1 | BX31: 1 | BZ31: 74 | CA31: 50 | CF31: 0 | CG31: 0 | CM31: 0 | CO31: 0 | CP31: =(AB31)*AZ31 -> 0 | CQ31: =(AC31)*BC31 -> 0 | CR31: =(AD31)*BB31 -> 0 | CS31: =(AE31)*BS31 -> 0 | CT31: =(AF31)*BA31 -> 0 | CU31: =(AG31)*BT31 -> 0 | CV31: =(AH31)*BU31 -> 0 | CW31: =(AI31)*BV31 -> 0 | CX31: =(AJ31)*BW31 -> 0 | CY31: =(((R31+S31)*BZ31*1)/100) -> 0 | CZ31: =(((R31+S31)*CA31*1)/100) -> 0 | DN31: 0 | DO31: 0 | DP31: 1 | DQ31: 1 | DR31: 1 | DS31: 1 | DT31: 1 | DU31: 1009 | DV31: т | DW31: т | DX31: 1000 | EE31: 13991008 | EF31: 5 | EG31: Сантехнические работы | EH31: 0 | EJ31: 1 | EK31: 173 | EL31: Ремонт. Внутренние санитарнотехнические работы - демонтаж и разборка | EQ31: 512 | ER31: 0 | ES31: 0 | ET31: 0 | EU31: 0 | EV31: 0 | EW31: 0 | EX31: 0 | EZ31: 0 | FQ31: 0 | FR31: =ROUND(IF(AND(AA31=0,BI31=3),P31,0),0) -> 0 | FS31: 0
A32: 17 | B32: 1 | C32: =ROW(SmtRes!A42) -> 42 | D32: =ROW(EtalonRes!A42) -> 42 | E32: 5 | F32: 65-1-3 | G32: Разборка трубопроводов из водогазопроводных труб диаметром 76 мм с отборкой годных труб, арматуры, фасонных и крепежных частей | H32: 100 м | I32: 0.35 | J32: 0 | O32: =ROUND(CP32*I32,0) -> 526 | P32: =ROUND(CQ32*I32,0) -> 42 | Q32: =ROUND(CR32*I32,0) -> 8 | R32: =ROUND(CS32*I32,0) -> 2 | S32: =ROUND(CT32*I32,0) -> 476 | T32: =ROUND(CU32*I32,0) -> 0 | U32: =CV32*I32 -> 40.0995 | V32: =CW32*I32 -> 0.1365 | W32: =ROUND(CX32*I32,0) -> 0 | X32: =ROUND(CY32,0) -> 354 | Y32: =ROUND(CZ32,0) -> 239 | AA32: 0 | AB32: =ROUND((AC32+AD32+AF32),2) -> 1501.55 | AC32: =ROUND((ES32),2) -> 119.33 | AD32: =ROUND((((ET32*1.5))+((((EU32*1.5))*1.13)-((EU32*1.5)))),2) -> 21.56 | AE32: =ROUND((((EU32*1.5))*1.13),2) -> 4.75 | AF32: =ROUND((((EV32*1.5))*1.13),2) -> 1360.66 | AG32: =ROUND((AP32),2) -> 0 | AH32: =((EW32*1.5)) -> 114.57 | AI32: =((EX32*1.5)) -> 0.39 | AJ32: =ROUND((AS32),2) -> 0 | AK32: 936.09 | AL32: 119.33 | AM32: 14.01 | AN32: 2.8 | AO32: 802.75 | AP32: 0 | AQ32: 76.38 | AR32: 0.26 | AS32: 0 | AT32: =BZ32 -> 74 | AU32: =CA32 -> 50 | AV32: 1 | AW32: 1 | AX32: 1 | AY32: 1 | AZ32: 1 | BA32: 1 | BB32: 1 | BC32: 1 | BH32: 0 | BI32: 1 | BJ32: ТЕР Челябинской обл.,сб.65,табл.1-3 | BM32: 173 | BN32: 0 | BO32: 65-1-3 | BP32: 1 | BQ32: 5 | BR32: 0 | BS32: 1 | BT32: 1 | BU32: 1 | BV32: 1 | BW32: 1 | BX32: 1 | BZ32: 74 | CA32: 50 | CF32: 0 | CG32: 0 | CM32: 0 | CO32: 0 | CP32: =(AB32)*AZ32 -> 1501.55 | CQ32: =(AC32)*BC32 -> 119.33 | CR32: =(AD32)*BB32 -> 21.56 | CS32: =(AE32)*BS32 -> 4.75 | CT32: =(AF32)*BA32 -> 1360.66 | CU32: =(AG32)*BT32 -> 0 | CV32: =(AH32)*BU32 -> 114.57 | CW32: =(AI32)*BV32 -> 0.39 | CX32: =(AJ32)*BW32 -> 0 | CY32: =(((R32+S32)*BZ32*1)/100) -> 353.72 | CZ32: =(((R32+S32)*CA32*1)/100) -> 239 | DE32: )*1,5 | DF32: )*1,5 | DG32: )*1,5 | DI32: )*1,5 | DJ32: )*1,5 | DN32: 0 | DO32: 0 | DP32: 1 | DQ32: 1 | DR32: 1 | DS32: 1 | DT32: 1 | DU32: 1013 | DV32: 100 м | DW32: 100М | DX32: 1 | EE32: 13991008 | EF32: 5 | EG32: Сантехнические работы | EH32: 0 | EJ32: 1 | EK32: 173 | EL32: Ремонт. Внутренние санитарнотехнические работы - демонтаж и разборка | EQ32: 512 | ER32: 936.09 | ES32: 119.33 | ET32: 14.01 | EU32: 2.8 | EV32: 802.75 | EW32: 76.38 | EX32: 0.26 | EY32: 0 | EZ32: 0 | FQ32: 0 | FR32: =ROUND(IF(AND(AA32=0,BI32=3),P32,0),0) -> 0 | FS32: 0
A33: 18 | B33: 1 | C33: 42 | E33: 5.1 | F33: 999-9899 | G33: Строительный мусор и масса возвратных материалов | H33: т | I33: =I32*J33 -> 0.1505 | J33: 0.43 | O33: =ROUND(CP33*I33,0) -> 0 | P33: =ROUND(CQ33*I33,0) -> 0 | Q33: =ROUND(CR33*I33,0) -> 0 | R33: =ROUND(CS33*I33,0) -> 0 | S33: =ROUND(CT33*I33,0) -> 0 | T33: =ROUND(CU33*I33,0) -> 0 | U33: =CV33*I33 -> 0 | V33: =CW33*I33 -> 0 | W33: =ROUND(CX33*I33,0) -> 0 | X33: =ROUND(CY33,0) -> 0 | Y33: =ROUND(CZ33,0) -> 0 | AA33: 0 | AB33: =ROUND((AC33+AD33+AF33),2) -> 0 | AC33: =ROUND(AL33,2) -> 0 | AD33: =ROUND((AM33+((AN33*1.13)-AN33)),2) -> 0 | AE33: =ROUND((AN33*1.13),2) -> 0 | AF33: =ROUND((AO33*1.13),2) -> 0 | AG33: =ROUND(AP33,2) -> 0 | AH33: =AQ33 -> 0 | AI33: =AR33 -> 0 | AJ33: =ROUND(AS33,2) -> 0 | AK33: 0 | AL33: 0 | AM33: 0 | AN33: 0 | AO33: 0 | AP33: 0 | AQ33: 0 | AR33: 0 | AS33: 0 | AT33: =BZ33 -> 74 | AU33: =CA33 -> 50 | AV33: 1 | AW33: 1 | AX33: 1 | AY33: 1 | AZ33: 1 | BA33: 1 | BB33: 1 | BC33: 1 | BH33: 3 | BI33: 1 | BJ33: ССЦ Челябинской обл.,сб.999,поз.9899 | BM33: 173 | BN33: 0 | BO33: 999-9899 | BP33: 1 | BQ33: 5 | BR33: 0 | BS33: 1 | BT33: 1 | BU33: 1 | BV33: 1 | BW33: 1 | BX33: 1 | BZ33: 74 | CA33: 50 | CF33: 0 | CG33: 0 | CM33: 0 | CO33: 0 | CP33: =(AB33)*AZ33 -> 0 | CQ33: =(AC33)*BC33 -> 0 | CR33: =(AD33)*BB33 -> 0 | CS33: =(AE33)*BS33 -> 0 | CT33: =(AF33)*BA33 -> 0 | CU33: =(AG33)*BT33 -> 0 | CV33: =(AH33)*BU33 -> 0 | CW33: =(AI33)*BV33 -> 0 | CX33: =(AJ33)*BW33 -> 0 | CY33: =(((R33+S33)*BZ33*1)/100) -> 0 | CZ33: =(((R33+S33)*CA33*1)/100) -> 0 | DN33: 0 | DO33: 0 | DP33: 1 | DQ33: 1 | DR33: 1 | DS33: 1 | DT33: 1 | DU33: 1009 | DV33: т | DW33: т | DX33: 1000 | EE33: 13991008 | EF33: 5 | EG33: Сантехнические работы | EH33: 0 | EJ33: 1 | EK33: 173 | EL33: Ремонт. Внутренние санитарнотехнические работы - демонтаж и разборка | EQ33: 512 | ER33: 0 | ES33: 0 | ET33: 0 | EU33: 0 | EV33: 0 | EW33: 0 | EX33: 0 | EZ33: 0 | FQ33: 0 | FR33: =ROUND(IF(AND(AA33=0,BI33=3),P33,0),0) -> 0 | FS33: 0
A34: 17 | B34: 1 | C34: =ROW(SmtRes!A49) -> 49 | D34: =ROW(EtalonRes!A49) -> 49 | E34: 6 | F34: 65-1-3 | G34: Разборка трубопроводов из водогазопроводных труб диаметром 89 мм с отборкой годных труб, арматуры, фасонных и крепежных частей | H34: 100 м | I34: 1.6 | J34: 0 | O34: =ROUND(CP34*I34,0) -> 2402 | P34: =ROUND(CQ34*I34,0) -> 191 | Q34: =ROUND(CR34*I34,0) -> 34 | R34: =ROUND(CS34*I34,0) -> 8 | S34: =ROUND(CT34*I34,0) -> 2177 | T34: =ROUND(CU34*I34,0) -> 0 | U34: =CV34*I34 -> 183.312 | V34: =CW34*I34 -> 0.624 | W34: =ROUND(CX34*I34,0) -> 0 | X34: =ROUND(CY34,0) -> 1617 | Y34: =ROUND(CZ34,0) -> 1093 | AA34: 0 | AB34: =ROUND((AC34+AD34+AF34),2) -> 1501.55 | AC34: =ROUND((ES34),2) -> 119.33 | AD34: =ROUND((((ET34*1.5))+((((EU34*1.5))*1.13)-((EU34*1.5)))),2) -> 21.56 | AE34: =ROUND((((EU34*1.5))*1.13),2) -> 4.75 | AF34: =ROUND((((EV34*1.5))*1.13),2) -> 1360.66 | AG34: =ROUND((AP34),2) -> 0 | AH34: =((EW34*1.5)) -> 114.57 | AI34: =((EX34*1.5)) -> 0.39 | AJ34: =ROUND((AS34),2) -> 0 | AK34: 936.09 | AL34: 119.33 | AM34: 14.01 | AN34: 2.8 | AO34: 802.75 | AP34: 0 | AQ34: 76.38 | AR34: 0.26 | AS34: 0 | AT34: =BZ34 -> 74 | AU34: =CA34 -> 50 | AV34: 1 | AW34: 1 | AX34: 1 | AY34: 1 | AZ34: 1 | BA34: 1 | BB34: 1 | BC34: 1 | BH34: 0 | BI34: 1 | BJ34: ТЕР Челябинской обл.,сб.65,табл.1-3 | BM34: 173 | BN34: 0 | BO34: 65-1-3 | BP34: 1 | BQ34: 5 | BR34: 0 | BS34: 1 | BT34: 1 | BU34: 1 | BV34: 1 | BW34: 1 | BX34: 1 | BZ34: 74 | CA34: 50 | CF34: 0 | CG34: 0 | CM34: 0 | CO34: 0 | CP34: =(AB34)*AZ34 -> 1501.55 | CQ34: =(AC34)*BC34 -> 119.33 | CR34: =(AD34)*BB34 -> 21.56 | CS34: =(AE34)*BS34 -> 4.75 | CT34: =(AF34)*BA34 -> 1360.66 | CU34: =(AG34)*BT34 -> 0 | CV34: =(AH34)*BU34 -> 114.57 | CW34: =(AI34)*BV34 -> 0.39 | CX34: =(AJ34)*BW34 -> 0 | CY34: =(((R34+S34)*BZ34*1)/100) -> 1616.9 | CZ34: =(((R34+S34)*CA34*1)/100) -> 1092.5 | DE34: )*1,5 | DF34: )*1,5 | DG34: )*1,5 | DI34: )*1,5 | DJ34: )*1,5 | DN34: 0 | DO34: 0 | DP34: 1 | DQ34: 1 | DR34: 1 | DS34: 1 | DT34: 1 | DU34: 1013 | DV34: 100 м | DW34: 100М | DX34: 1 | EE34: 13991008 | EF34: 5 | EG34: Сантехнические работы | EH34: 0 | EJ34: 1 | EK34: 173 | EL34: Ремонт. Внутренние санитарнотехнические работы - демонтаж и разборка | EQ34: 512 | ER34: 936.09 | ES34: 119.33 | ET34: 14.01 | EU34: 2.8 | EV34: 802.75 | EW34: 76.38 | EX34: 0.26 | EY34: 0 | EZ34: 0 | FQ34: 0 | FR34: =ROUND(IF(AND(AA34=0,BI34=3),P34,0),0) -> 0 | FS34: 0
A35: 18 | B35: 1 | C35: 49 | E35: 6.1 | F35: 999-9899 | G35: Строительный мусор и масса возвратных материалов | H35: т | I35: =I34*J35 -> 0.688 | J35: 0.43 | O35: =ROUND(CP35*I35,0) -> 0 | P35: =ROUND(CQ35*I35,0) -> 0 | Q35: =ROUND(CR35*I35,0) -> 0 | R35: =ROUND(CS35*I35,0) -> 0 | S35: =ROUND(CT35*I35,0) -> 0 | T35: =ROUND(CU35*I35,0) -> 0 | U35: =CV35*I35 -> 0 | V35: =CW35*I35 -> 0 | W35: =ROUND(CX35*I35,0) -> 0 | X35: =ROUND(CY35,0) -> 0 | Y35: =ROUND(CZ35,0) -> 0 | AA35: 0 | AB35: =ROUND((AC35+AD35+AF35),2) -> 0 | AC35: =ROUND(AL35,2) -> 0 | AD35: =ROUND((AM35+((AN35*1.13)-AN35)),2) -> 0 | AE35: =ROUND((AN35*1.13),2) -> 0 | AF35: =ROUND((AO35*1.13),2) -> 0 | AG35: =ROUND(AP35,2) -> 0 | AH35: =AQ35 -> 0 | AI35: =AR35 -> 0 | AJ35: =ROUND(AS35,2) -> 0 | AK35: 0 | AL35: 0 | AM35: 0 | AN35: 0 | AO35: 0 | AP35: 0 | AQ35: 0 | AR35: 0 | AS35: 0 | AT35: =BZ35 -> 74 | AU35: =CA35 -> 50 | AV35: 1 | AW35: 1 | AX35: 1 | AY35: 1 | AZ35: 1 | BA35: 1 | BB35: 1 | BC35: 1 | BH35: 3 | BI35: 1 | BJ35: ССЦ Челябинской обл.,сб.999,поз.9899 | BM35: 173 | BN35: 0 | BO35: 999-9899 | BP35: 1 | BQ35: 5 | BR35: 0 | BS35: 1 | BT35: 1 | BU35: 1 | BV35: 1 | BW35: 1 | BX35: 1 | BZ35: 74 | CA35: 50 | CF35: 0 | CG35: 0 | CM35: 0 | CO35: 0 | CP35: =(AB35)*AZ35 -> 0 | CQ35: =(AC35)*BC35 -> 0 | CR35: =(AD35)*BB35 -> 0 | CS35: =(AE35)*BS35 -> 0 | CT35: =(AF35)*BA35 -> 0 | CU35: =(AG35)*BT35 -> 0 | CV35: =(AH35)*BU35 -> 0 | CW35: =(AI35)*BV35 -> 0 | CX35: =(AJ35)*BW35 -> 0 | CY35: =(((R35+S35)*BZ35*1)/100) -> 0 | CZ35: =(((R35+S35)*CA35*1)/100) -> 0 | DN35: 0 | DO35: 0 | DP35: 1 | DQ35: 1 | DR35: 1 | DS35: 1 | DT35: 1 | DU35: 1009 | DV35: т | DW35: т | DX35: 1000 | EE35: 13991008 | EF35: 5 | EG35: Сантехнические работы | EH35: 0 | EJ35: 1 | EK35: 173 | EL35: Ремонт. Внутренние санитарнотехнические работы - демонтаж и разборка | EQ35: 512 | ER35: 0 | ES35: 0 | ET35: 0 | EU35: 0 | EV35: 0 | EW35: 0 | EX35: 0 | EZ35: 0 | FQ35: 0 | FR35: =ROUND(IF(AND(AA35=0,BI35=3),P35,0),0) -> 0 | FS35: 0
A36: 17 | B36: 1 | C36: =ROW(SmtRes!A56) -> 56 | D36: =ROW(EtalonRes!A56) -> 56 | E36: 7 | F36: 65-1-3 | G36: Разборка трубопроводов из водогазопроводных труб на сварке) аметром 89 мм с отборкой годных труб, арматуры, фасонных и крепежных частей | H36: 100 м | I36: 0.1 | J36: 0 | O36: =ROUND(CP36*I36,0) -> 150 | P36: =ROUND(CQ36*I36,0) -> 12 | Q36: =ROUND(CR36*I36,0) -> 2 | R36: =ROUND(CS36*I36,0) -> 0 | S36: =ROUND(CT36*I36,0) -> 136 | T36: =ROUND(CU36*I36,0) -> 0 | U36: =CV36*I36 -> 11.457 | V36: =CW36*I36 -> 0.039 | W36: =ROUND(CX36*I36,0) -> 0 | X36: =ROUND(CY36,0) -> 101 | Y36: =ROUND(CZ36,0) -> 68 | AA36: 0 | AB36: =ROUND((AC36+AD36+AF36),2) -> 1501.55 | AC36: =ROUND((ES36),2) -> 119.33 | AD36: =ROUND((((ET36*1.5))+((((EU36*1.5))*1.13)-((EU36*1.5)))),2) -> 21.56 | AE36: =ROUND((((EU36*1.5))*1.13),2) -> 4.75 | AF36: =ROUND((((EV36*1.5))*1.13),2) -> 1360.66 | AG36: =ROUND((AP36),2) -> 0 | AH36: =((EW36*1.5)) -> 114.57 | AI36: =((EX36*1.5)) -> 0.39 | AJ36: =ROUND((AS36),2) -> 0 | AK36: 936.09 | AL36: 119.33 | AM36: 14.01 | AN36: 2.8 | AO36: 802.75 | AP36: 0 | AQ36: 76.38 | AR36: 0.26 | AS36: 0 | AT36: =BZ36 -> 74 | AU36: =CA36 -> 50 | AV36: 1 | AW36: 1 | AX36: 1 | AY36: 1 | AZ36: 1 | BA36: 1 | BB36: 1 | BC36: 1 | BH36: 0 | BI36: 1 | BJ36: ТЕР Челябинской обл.,сб.65,табл.1-3 | BM36: 173 | BN36: 0 | BO36: 65-1-3 | BP36: 1 | BQ36: 5 | BR36: 0 | BS36: 1 | BT36: 1 | BU36: 1 | BV36: 1 | BW36: 1 | BX36: 1 | BZ36: 74 | CA36: 50 | CF36: 0 | CG36: 0 | CM36: 0 | CO36: 0 | CP36: =(AB36)*AZ36 -> 1501.55 | CQ36: =(AC36)*BC36 -> 119.33 | CR36: =(AD36)*BB36 -> 21.56 | CS36: =(AE36)*BS36 -> 4.75 | CT36: =(AF36)*BA36 -> 1360.66 | CU36: =(AG36)*BT36 -> 0 | CV36: =(AH36)*BU36 -> 114.57 | CW36: =(AI36)*BV36 -> 0.39 | CX36: =(AJ36)*BW36 -> 0 | CY36: =(((R36+S36)*BZ36*1)/100) -> 100.64 | CZ36: =(((R36+S36)*CA36*1)/100) -> 68 | DE36: )*1,5 | DF36: )*1,5 | DG36: )*1,5 | DI36: )*1,5 | DJ36: )*1,5 | DN36: 0 | DO36: 0 | DP36: 1 | DQ36: 1 | DR36: 1 | DS36: 1 | DT36: 1 | DU36: 1013 | DV36: 100 м | DW36: 100М | DX36: 1 | EE36: 13991008 | EF36: 5 | EG36: Сантехнические работы | EH36: 0 | EJ36: 1 | EK36: 173 | EL36: Ремонт. Внутренние санитарнотехнические работы - демонтаж и разборка | EQ36: 512 | ER36: 936.09 | ES36: 119.33 | ET36: 14.01 | EU36: 2.8 | EV36: 802.75 | EW36: 76.38 | EX36: 0.26 | EY36: 0 | EZ36: 0 | FQ36: 0 | FR36: =ROUND(IF(AND(AA36=0,BI36=3),P36,0),0) -> 0 | FS36: 0
A37: 18 | B37: 1 | C37: 56 | E37: 7.1 | F37: 999-9899 | G37: Строительный мусор и масса возвратных материалов | H37: т | I37: =I36*J37 -> 0.043 | J37: 0.43 | O37: =ROUND(CP37*I37,0) -> 0 | P37: =ROUND(CQ37*I37,0) -> 0 | Q37: =ROUND(CR37*I37,0) -> 0 | R37: =ROUND(CS37*I37,0) -> 0 | S37: =ROUND(CT37*I37,0) -> 0 | T37: =ROUND(CU37*I37,0) -> 0 | U37: =CV37*I37 -> 0 | V37: =CW37*I37 -> 0 | W37: =ROUND(CX37*I37,0) -> 0 | X37: =ROUND(CY37,0) -> 0 | Y37: =ROUND(CZ37,0) -> 0 | AA37: 0 | AB37: =ROUND((AC37+AD37+AF37),2) -> 0 | AC37: =ROUND(AL37,2) -> 0 | AD37: =ROUND((AM37+((AN37*1.13)-AN37)),2) -> 0 | AE37: =ROUND((AN37*1.13),2) -> 0 | AF37: =ROUND((AO37*1.13),2) -> 0 | AG37: =ROUND(AP37,2) -> 0 | AH37: =AQ37 -> 0 | AI37: =AR37 -> 0 | AJ37: =ROUND(AS37,2) -> 0 | AK37: 0 | AL37: 0 | AM37: 0 | AN37: 0 | AO37: 0 | AP37: 0 | AQ37: 0 | AR37: 0 | AS37: 0 | AT37: =BZ37 -> 74 | AU37: =CA37 -> 50 | AV37: 1 | AW37: 1 | AX37: 1 | AY37: 1 | AZ37: 1 | BA37: 1 | BB37: 1 | BC37: 1 | BH37: 3 | BI37: 1 | BJ37: ССЦ Челябинской обл.,сб.999,поз.9899 | BM37: 173 | BN37: 0 | BO37: 999-9899 | BP37: 1 | BQ37: 5 | BR37: 0 | BS37: 1 | BT37: 1 | BU37: 1 | BV37: 1 | BW37: 1 | BX37: 1 | BZ37: 74 | CA37: 50 | CF37: 0 | CG37: 0 | CM37: 0 | CO37: 0 | CP37: =(AB37)*AZ37 -> 0 | CQ37: =(AC37)*BC37 -> 0 | CR37: =(AD37)*BB37 -> 0 | CS37: =(AE37)*BS37 -> 0 | CT37: =(AF37)*BA37 -> 0 | CU37: =(AG37)*BT37 -> 0 | CV37: =(AH37)*BU37 -> 0 | CW37: =(AI37)*BV37 -> 0 | CX37: =(AJ37)*BW37 -> 0 | CY37: =(((R37+S37)*BZ37*1)/100) -> 0 | CZ37: =(((R37+S37)*CA37*1)/100) -> 0 | DN37: 0 | DO37: 0 | DP37: 1 | DQ37: 1 | DR37: 1 | DS37: 1 | DT37: 1 | DU37: 1009 | DV37: т | DW37: т | DX37: 1000 | EE37: 13991008 | EF37: 5 | EG37: Сантехнические работы | EH37: 0 | EJ37: 1 | EK37: 173 | EL37: Ремонт. Внутренние санитарнотехнические работы - демонтаж и разборка | EQ37: 512 | ER37: 0 | ES37: 0 | ET37: 0 | EU37: 0 | EV37: 0 | EW37: 0 | EX37: 0 | EZ37: 0 | FQ37: 0 | FR37: =ROUND(IF(AND(AA37=0,BI37=3),P37,0),0) -> 0 | FS37: 0
A38: 17 | B38: 1 | C38: =ROW(SmtRes!A63) -> 63 | D38: =ROW(EtalonRes!A63) -> 63 | E38: 8 | F38: 65-1-1 | G38: Разборка трубопроводов из водогазопроводных труб диаметром 15 мм с отборкой годных труб, арматуры, фасонных и крепежных частей | H38: 100 м | I38: 2.5 | J38: 0 | O38: =ROUND(CP38*I38,0) -> 1719 | P38: =ROUND(CQ38*I38,0) -> 151 | Q38: =ROUND(CR38*I38,0) -> 25 | R38: =ROUND(CS38*I38,0) -> 5 | S38: =ROUND(CT38*I38,0) -> 1544 | T38: =ROUND(CU38*I38,0) -> 0 | U38: =CV38*I38 -> 129.975 | V38: =CW38*I38 -> 0.375 | W38: =ROUND(CX38*I38,0) -> 0 | X38: =ROUND(CY38,0) -> 1146 | Y38: =ROUND(CZ38,0) -> 775 | AA38: 0 | AB38: =ROUND((AC38+AD38+AF38),2) -> 687.71 | AC38: =ROUND((ES38),2) -> 60.42 | AD38: =ROUND((((ET38*1.5))+((((EU38*1.5))*1.13)-((EU38*1.5)))),2) -> 9.84 | AE38: =ROUND((((EU38*1.5))*1.13),2) -> 1.83 | AF38: =ROUND((((EV38*1.5))*1.13),2) -> 617.45 | AG38: =ROUND((AP38),2) -> 0 | AH38: =((EW38*1.5)) -> 51.99 | AI38: =((EX38*1.5)) -> 0.15 | AJ38: =ROUND((AS38),2) -> 0 | AK38: 431.12 | AL38: 60.42 | AM38: 6.42 | AN38: 1.08 | AO38: 364.28 | AP38: 0 | AQ38: 34.66 | AR38: 0.1 | AS38: 0 | AT38: =BZ38 -> 74 | AU38: =CA38 -> 50 | AV38: 1 | AW38: 1 | AX38: 1 | AY38: 1 | AZ38: 1 | BA38: 1 | BB38: 1 | BC38: 1 | BH38: 0 | BI38: 1 | BJ38: ТЕР Челябинской обл.,сб.65,табл.1-1 | BM38: 173 | BN38: 0 | BO38: 65-1-1 | BP38: 1 | BQ38: 5 | BR38: 0 | BS38: 1 | BT38: 1 | BU38: 1 | BV38: 1 | BW38: 1 | BX38: 1 | BZ38: 74 | CA38: 50 | CF38: 0 | CG38: 0 | CM38: 0 | CO38: 0 | CP38: =(AB38)*AZ38 -> 687.71 | CQ38: =(AC38)*BC38 -> 60.42 | CR38: =(AD38)*BB38 -> 9.84 | CS38: =(AE38)*BS38 -> 1.83 | CT38: =(AF38)*BA38 -> 617.45 | CU38: =(AG38)*BT38 -> 0 | CV38: =(AH38)*BU38 -> 51.99 | CW38: =(AI38)*BV38 -> 0.15 | CX38: =(AJ38)*BW38 -> 0 | CY38: =(((R38+S38)*BZ38*1)/100) -> 1146.26 | CZ38: =(((R38+S38)*CA38*1)/100) -> 774.5 | DE38: )*1,5 | DF38: )*1,5 | DG38: )*1,5 | DI38: )*1,5 | DJ38: )*1,5 | DN38: 0 | DO38: 0 | DP38: 1 | DQ38: 1 | DR38: 1 | DS38: 1 | DT38: 1 | DU38: 1013 | DV38: 100 м | DW38: 100М | DX38: 1 | EE38: 13991008 | EF38: 5 | EG38: Сантехнические работы | EH38: 0 | EJ38: 1 | EK38: 173 | EL38: Ремонт. Внутренние санитарнотехнические работы - демонтаж и разборка | EQ38: 512 | ER38: 431.12 | ES38: 60.42 | ET38: 6.42 | EU38: 1.08 | EV38: 364.28 | EW38: 34.66 | EX38: 0.1 | EY38: 0 | EZ38: 0 | FQ38: 0 | FR38: =ROUND(IF(AND(AA38=0,BI38=3),P38,0),0) -> 0 | FS38: 0
A39: 18 | B39: 1 | C39: 63 | E39: 8.1 | F39: 999-9899 | G39: Строительный мусор и масса возвратных материалов | H39: т | I39: =I38*J39 -> 0.55 | J39: 0.22 | O39: =ROUND(CP39*I39,0) -> 0 | P39: =ROUND(CQ39*I39,0) -> 0 | Q39: =ROUND(CR39*I39,0) -> 0 | R39: =ROUND(CS39*I39,0) -> 0 | S39: =ROUND(CT39*I39,0) -> 0 | T39: =ROUND(CU39*I39,0) -> 0 | U39: =CV39*I39 -> 0 | V39: =CW39*I39 -> 0 | W39: =ROUND(CX39*I39,0) -> 0 | X39: =ROUND(CY39,0) -> 0 | Y39: =ROUND(CZ39,0) -> 0 | AA39: 0 | AB39: =ROUND((AC39+AD39+AF39),2) -> 0 | AC39: =ROUND(AL39,2) -> 0 | AD39: =ROUND((AM39+((AN39*1.13)-AN39)),2) -> 0 | AE39: =ROUND((AN39*1.13),2) -> 0 | AF39: =ROUND((AO39*1.13),2) -> 0 | AG39: =ROUND(AP39,2) -> 0 | AH39: =AQ39 -> 0 | AI39: =AR39 -> 0 | AJ39: =ROUND(AS39,2) -> 0 | AK39: 0 | AL39: 0 | AM39: 0 | AN39: 0 | AO39: 0 | AP39: 0 | AQ39: 0 | AR39: 0 | AS39: 0 | AT39: =BZ39 -> 74 | AU39: =CA39 -> 50 | AV39: 1 | AW39: 1 | AX39: 1 | AY39: 1 | AZ39: 1 | BA39: 1 | BB39: 1 | BC39: 1 | BH39: 3 | BI39: 1 | BJ39: ССЦ Челябинской обл.,сб.999,поз.9899 | BM39: 173 | BN39: 0 | BO39: 999-9899 | BP39: 1 | BQ39: 5 | BR39: 0 | BS39: 1 | BT39: 1 | BU39: 1 | BV39: 1 | BW39: 1 | BX39: 1 | BZ39: 74 | CA39: 50 | CF39: 0 | CG39: 0 | CM39: 0 | CO39: 0 | CP39: =(AB39)*AZ39 -> 0 | CQ39: =(AC39)*BC39 -> 0 | CR39: =(AD39)*BB39 -> 0 | CS39: =(AE39)*BS39 -> 0 | CT39: =(AF39)*BA39 -> 0 | CU39: =(AG39)*BT39 -> 0 | CV39: =(AH39)*BU39 -> 0 | CW39: =(AI39)*BV39 -> 0 | CX39: =(AJ39)*BW39 -> 0 | CY39: =(((R39+S39)*BZ39*1)/100) -> 0 | CZ39: =(((R39+S39)*CA39*1)/100) -> 0 | DN39: 0 | DO39: 0 | DP39: 1 | DQ39: 1 | DR39: 1 | DS39: 1 | DT39: 1 | DU39: 1009 | DV39: т | DW39: т | DX39: 1000 | EE39: 13991008 | EF39: 5 | EG39: Сантехнические работы | EH39: 0 | EJ39: 1 | EK39: 173 | EL39: Ремонт. Внутренние санитарнотехнические работы - демонтаж и разборка | EQ39: 512 | ER39: 0 | ES39: 0 | ET39: 0 | EU39: 0 | EV39: 0 | EW39: 0 | EX39: 0 | EZ39: 0 | FQ39: 0 | FR39: =ROUND(IF(AND(AA39=0,BI39=3),P39,0),0) -> 0 | FS39: 0
A40: 17 | B40: 1 | C40: =ROW(SmtRes!A70) -> 70 | D40: =ROW(EtalonRes!A70) -> 70 | E40: 9 | F40: 65-1-1 | G40: Разборка трубопроводов из водогазопроводных труб диаметром 20 мм с отборкой годных труб, арматуры, фасонных и крепежных частей | H40: 100 м | I40: 1 | J40: 0 | O40: =ROUND(CP40*I40,0) -> 688 | P40: =ROUND(CQ40*I40,0) -> 60 | Q40: =ROUND(CR40*I40,0) -> 10 | R40: =ROUND(CS40*I40,0) -> 2 | S40: =ROUND(CT40*I40,0) -> 617 | T40: =ROUND(CU40*I40,0) -> 0 | U40: =CV40*I40 -> 51.99 | V40: =CW40*I40 -> 0.15 | W40: =ROUND(CX40*I40,0) -> 0 | X40: =ROUND(CY40,0) -> 458 | Y40: =ROUND(CZ40,0) -> 310 | AA40: 0 | AB40: =ROUND((AC40+AD40+AF40),2) -> 687.71 | AC40: =ROUND((ES40),2) -> 60.42 | AD40: =ROUND((((ET40*1.5))+((((EU40*1.5))*1.13)-((EU40*1.5)))),2) -> 9.84 | AE40: =ROUND((((EU40*1.5))*1.13),2) -> 1.83 | AF40: =ROUND((((EV40*1.5))*1.13),2) -> 617.45 | AG40: =ROUND((AP40),2) -> 0 | AH40: =((EW40*1.5)) -> 51.99 | AI40: =((EX40*1.5)) -> 0.15 | AJ40: =ROUND((AS40),2) -> 0 | AK40: 431.12 | AL40: 60.42 | AM40: 6.42 | AN40: 1.08 | AO40: 364.28 | AP40: 0 | AQ40: 34.66 | AR40: 0.1 | AS40: 0 | AT40: =BZ40 -> 74 | AU40: =CA40 -> 50 | AV40: 1 | AW40: 1 | AX40: 1 | AY40: 1 | AZ40: 1 | BA40: 1 | BB40: 1 | BC40: 1 | BH40: 0 | BI40: 1 | BJ40: ТЕР Челябинской обл.,сб.65,табл.1-1 | BM40: 173 | BN40: 0 | BO40: 65-1-1 | BP40: 1 | BQ40: 5 | BR40: 0 | BS40: 1 | BT40: 1 | BU40: 1 | BV40: 1 | BW40: 1 | BX40: 1 | BZ40: 74 | CA40: 50 | CF40: 0 | CG40: 0 | CM40: 0 | CO40: 0 | CP40: =(AB40)*AZ40 -> 687.71 | CQ40: =(AC40)*BC40 -> 60.42 | CR40: =(AD40)*BB40 -> 9.84 | CS40: =(AE40)*BS40 -> 1.83 | CT40: =(AF40)*BA40 -> 617.45 | CU40: =(AG40)*BT40 -> 0 | CV40: =(AH40)*BU40 -> 51.99 | CW40: =(AI40)*BV40 -> 0.15 | CX40: =(AJ40)*BW40 -> 0 | CY40: =(((R40+S40)*BZ40*1)/100) -> 458.06 | CZ40: =(((R40+S40)*CA40*1)/100) -> 309.5 | DE40: )*1,5 | DF40: )*1,5 | DG40: )*1,5 | DI40: )*1,5 | DJ40: )*1,5 | DN40: 0 | DO40: 0 | DP40: 1 | DQ40: 1 | DR40: 1 | DS40: 1 | DT40: 1 | DU40: 1013 | DV40: 100 м | DW40: 100М | DX40: 1 | EE40: 13991008 | EF40: 5 | EG40: Сантехнические работы | EH40: 0 | EJ40: 1 | EK40: 173 | EL40: Ремонт. Внутренние санитарнотехнические работы - демонтаж и разборка | EQ40: 512 | ER40: 431.12 | ES40: 60.42 | ET40: 6.42 | EU40: 1.08 | EV40: 364.28 | EW40: 34.66 | EX40: 0.1 | EY40: 0 | EZ40: 0 | FQ40: 0 | FR40: =ROUND(IF(AND(AA40=0,BI40=3),P40,0),0) -> 0 | FS40: 0
A41: 18 | B41: 1 | C41: 70 | E41: 9.1 | F41: 999-9899 | G41: Строительный мусор и масса возвратных материалов | H41: т | I41: =I40*J41 -> 0.22 | J41: 0.22 | O41: =ROUND(CP41*I41,0) -> 0 | P41: =ROUND(CQ41*I41,0) -> 0 | Q41: =ROUND(CR41*I41,0) -> 0 | R41: =ROUND(CS41*I41,0) -> 0 | S41: =ROUND(CT41*I41,0) -> 0 | T41: =ROUND(CU41*I41,0) -> 0 | U41: =CV41*I41 -> 0 | V41: =CW41*I41 -> 0 | W41: =ROUND(CX41*I41,0) -> 0 | X41: =ROUND(CY41,0) -> 0 | Y41: =ROUND(CZ41,0) -> 0 | AA41: 0 | AB41: =ROUND((AC41+AD41+AF41),2) -> 0 | AC41: =ROUND(AL41,2) -> 0 | AD41: =ROUND((AM41+((AN41*1.13)-AN41)),2) -> 0 | AE41: =ROUND((AN41*1.13),2) -> 0 | AF41: =ROUND((AO41*1.13),2) -> 0 | AG41: =ROUND(AP41,2) -> 0 | AH41: =AQ41 -> 0 | AI41: =AR41 -> 0 | AJ41: =ROUND(AS41,2) -> 0 | AK41: 0 | AL41: 0 | AM41: 0 | AN41: 0 | AO41: 0 | AP41: 0 | AQ41: 0 | AR41: 0 | AS41: 0 | AT41: =BZ41 -> 74 | AU41: =CA41 -> 50 | AV41: 1 | AW41: 1 | AX41: 1 | AY41: 1 | AZ41: 1 | BA41: 1 | BB41: 1 | BC41: 1 | BH41: 3 | BI41: 1 | BJ41: ССЦ Челябинской обл.,сб.999,поз.9899 | BM41: 173 | BN41: 0 | BO41: 999-9899 | BP41: 1 | BQ41: 5 | BR41: 0 | BS41: 1 | BT41: 1 | BU41: 1 | BV41: 1 | BW41: 1 | BX41: 1 | BZ41: 74 | CA41: 50 | CF41: 0 | CG41: 0 | CM41: 0 | CO41: 0 | CP41: =(AB41)*AZ41 -> 0 | CQ41: =(AC41)*BC41 -> 0 | CR41: =(AD41)*BB41 -> 0 | CS41: =(AE41)*BS41 -> 0 | CT41: =(AF41)*BA41 -> 0 | CU41: =(AG41)*BT41 -> 0 | CV41: =(AH41)*BU41 -> 0 | CW41: =(AI41)*BV41 -> 0 | CX41: =(AJ41)*BW41 -> 0 | CY41: =(((R41+S41)*BZ41*1)/100) -> 0 | CZ41: =(((R41+S41)*CA41*1)/100) -> 0 | DN41: 0 | DO41: 0 | DP41: 1 | DQ41: 1 | DR41: 1 | DS41: 1 | DT41: 1 | DU41: 1009 | DV41: т | DW41: т | DX41: 1000 | EE41: 13991008 | EF41: 5 | EG41: Сантехнические работы | EH41: 0 | EJ41: 1 | EK41: 173 | EL41: Ремонт. Внутренние санитарнотехнические работы - демонтаж и разборка | EQ41: 512 | ER41: 0 | ES41: 0 | ET41: 0 | EU41: 0 | EV41: 0 | EW41: 0 | EX41: 0 | EZ41: 0 | FQ41: 0 | FR41: =ROUND(IF(AND(AA41=0,BI41=3),P41,0),0) -> 0 | FS41: 0
A42: 17 | B42: 1 | C42: =ROW(SmtRes!A77) -> 77 | D42: =ROW(EtalonRes!A77) -> 77 | E42: 10 | F42: 65-1-1 | G42: Разборка трубопроводов из водогазопроводных труб диаметром 25 мм с отборкой годных труб, арматуры, фасонных и крепежных частей | H42: 100 м | I42: 0.7 | J42: 0 | O42: =ROUND(CP42*I42,0) -> 481 | P42: =ROUND(CQ42*I42,0) -> 42 | Q42: =ROUND(CR42*I42,0) -> 7 | R42: =ROUND(CS42*I42,0) -> 1 | S42: =ROUND(CT42*I42,0) -> 432 | T42: =ROUND(CU42*I42,0) -> 0 | U42: =CV42*I42 -> 36.393 | V42: =CW42*I42 -> 0.105 | W42: =ROUND(CX42*I42,0) -> 0 | X42: =ROUND(CY42,0) -> 320 | Y42: =ROUND(CZ42,0) -> 217 | AA42: 0 | AB42: =ROUND((AC42+AD42+AF42),2) -> 687.71 | AC42: =ROUND((ES42),2) -> 60.42 | AD42: =ROUND((((ET42*1.5))+((((EU42*1.5))*1.13)-((EU42*1.5)))),2) -> 9.84 | AE42: =ROUND((((EU42*1.5))*1.13),2) -> 1.83 | AF42: =ROUND((((EV42*1.5))*1.13),2) -> 617.45 | AG42: =ROUND((AP42),2) -> 0 | AH42: =((EW42*1.5)) -> 51.99 | AI42: =((EX42*1.5)) -> 0.15 | AJ42: =ROUND((AS42),2) -> 0 | AK42: 431.12 | AL42: 60.42 | AM42: 6.42 | AN42: 1.08 | AO42: 364.28 | AP42: 0 | AQ42: 34.66 | AR42: 0.1 | AS42: 0 | AT42: =BZ42 -> 74 | AU42: =CA42 -> 50 | AV42: 1 | AW42: 1 | AX42: 1 | AY42: 1 | AZ42: 1 | BA42: 1 | BB42: 1 | BC42: 1 | BH42: 0 | BI42: 1 | BJ42: ТЕР Челябинской обл.,сб.65,табл.1-1 | BM42: 173 | BN42: 0 | BO42: 65-1-1 | BP42: 1 | BQ42: 5 | BR42: 0 | BS42: 1 | BT42: 1 | BU42: 1 | BV42: 1 | BW42: 1 | BX42: 1 | BZ42: 74 | CA42: 50 | CF42: 0 | CG42: 0 | CM42: 0 | CO42: 0 | CP42: =(AB42)*AZ42 -> 687.71 | CQ42: =(AC42)*BC42 -> 60.42 | CR42: =(AD42)*BB42 -> 9.84 | CS42: =(AE42)*BS42 -> 1.83 | CT42: =(AF42)*BA42 -> 617.45 | CU42: =(AG42)*BT42 -> 0 | CV42: =(AH42)*BU42 -> 51.99 | CW42: =(AI42)*BV42 -> 0.15 | CX42: =(AJ42)*BW42 -> 0 | CY42: =(((R42+S42)*BZ42*1)/100) -> 320.42 | CZ42: =(((R42+S42)*CA42*1)/100) -> 216.5 | DE42: )*1,5 | DF42: )*1,5 | DG42: )*1,5 | DI42: )*1,5 | DJ42: )*1,5 | DN42: 0 | DO42: 0 | DP42: 1 | DQ42: 1 | DR42: 1 | DS42: 1 | DT42: 1 | DU42: 1013 | DV42: 100 м | DW42: 100М | DX42: 1 | EE42: 13991008 | EF42: 5 | EG42: Сантехнические работы | EH42: 0 | EJ42: 1 | EK42: 173 | EL42: Ремонт. Внутренние санитарнотехнические работы - демонтаж и разборка | EQ42: 512 | ER42: 431.12 | ES42: 60.42 | ET42: 6.42 | EU42: 1.08 | EV42: 364.28 | EW42: 34.66 | EX42: 0.1 | EY42: 0 | EZ42: 0 | FQ42: 0 | FR42: =ROUND(IF(AND(AA42=0,BI42=3),P42,0),0) -> 0 | FS42: 0
A43: 18 | B43: 1 | C43: 77 | E43: 10.1 | F43: 999-9899 | G43: Строительный мусор и масса возвратных материалов | H43: т | I43: =I42*J43 -> 0.154 | J43: 0.22 | O43: =ROUND(CP43*I43,0) -> 0 | P43: =ROUND(CQ43*I43,0) -> 0 | Q43: =ROUND(CR43*I43,0) -> 0 | R43: =ROUND(CS43*I43,0) -> 0 | S43: =ROUND(CT43*I43,0) -> 0 | T43: =ROUND(CU43*I43,0) -> 0 | U43: =CV43*I43 -> 0 | V43: =CW43*I43 -> 0 | W43: =ROUND(CX43*I43,0) -> 0 | X43: =ROUND(CY43,0) -> 0 | Y43: =ROUND(CZ43,0) -> 0 | AA43: 0 | AB43: =ROUND((AC43+AD43+AF43),2) -> 0 | AC43: =ROUND(AL43,2) -> 0 | AD43: =ROUND((AM43+((AN43*1.13)-AN43)),2) -> 0 | AE43: =ROUND((AN43*1.13),2) -> 0 | AF43: =ROUND((AO43*1.13),2) -> 0 | AG43: =ROUND(AP43,2) -> 0 | AH43: =AQ43 -> 0 | AI43: =AR43 -> 0 | AJ43: =ROUND(AS43,2) -> 0 | AK43: 0 | AL43: 0 | AM43: 0 | AN43: 0 | AO43: 0 | AP43: 0 | AQ43: 0 | AR43: 0 | AS43: 0 | AT43: =BZ43 -> 74 | AU43: =CA43 -> 50 | AV43: 1 | AW43: 1 | AX43: 1 | AY43: 1 | AZ43: 1 | BA43: 1 | BB43: 1 | BC43: 1 | BH43: 3 | BI43: 1 | BJ43: ССЦ Челябинской обл.,сб.999,поз.9899 | BM43: 173 | BN43: 0 | BO43: 999-9899 | BP43: 1 | BQ43: 5 | BR43: 0 | BS43: 1 | BT43: 1 | BU43: 1 | BV43: 1 | BW43: 1 | BX43: 1 | BZ43: 74 | CA43: 50 | CF43: 0 | CG43: 0 | CM43: 0 | CO43: 0 | CP43: =(AB43)*AZ43 -> 0 | CQ43: =(AC43)*BC43 -> 0 | CR43: =(AD43)*BB43 -> 0 | CS43: =(AE43)*BS43 -> 0 | CT43: =(AF43)*BA43 -> 0 | CU43: =(AG43)*BT43 -> 0 | CV43: =(AH43)*BU43 -> 0 | CW43: =(AI43)*BV43 -> 0 | CX43: =(AJ43)*BW43 -> 0 | CY43: =(((R43+S43)*BZ43*1)/100) -> 0 | CZ43: =(((R43+S43)*CA43*1)/100) -> 0 | DN43: 0 | DO43: 0 | DP43: 1 | DQ43: 1 | DR43: 1 | DS43: 1 | DT43: 1 | DU43: 1009 | DV43: т | DW43: т | DX43: 1000 | EE43: 13991008 | EF43: 5 | EG43: Сантехнические работы | EH43: 0 | EJ43: 1 | EK43: 173 | EL43: Ремонт. Внутренние санитарнотехнические работы - демонтаж и разборка | EQ43: 512 | ER43: 0 | ES43: 0 | ET43: 0 | EU43: 0 | EV43: 0 | EW43: 0 | EX43: 0 | EZ43: 0 | FQ43: 0 | FR43: =ROUND(IF(AND(AA43=0,BI43=3),P43,0),0) -> 0 | FS43: 0
A44: 17 | B44: 1 | C44: =ROW(SmtRes!A84) -> 84 | D44: =ROW(EtalonRes!A84) -> 84 | E44: 11 | F44: 65-1-1 | G44: Разборка трубопроводов из водогазопроводных труб диаметром 32 мм с отборкой годных труб, арматуры, фасонных и крепежных частей | H44: 100 м | I44: 0.35 | J44: 0 | O44: =ROUND(CP44*I44,0) -> 241 | P44: =ROUND(CQ44*I44,0) -> 21 | Q44: =ROUND(CR44*I44,0) -> 3 | R44: =ROUND(CS44*I44,0) -> 1 | S44: =ROUND(CT44*I44,0) -> 216 | T44: =ROUND(CU44*I44,0) -> 0 | U44: =CV44*I44 -> 18.1965 | V44: =CW44*I44 -> 0.0525 | W44: =ROUND(CX44*I44,0) -> 0 | X44: =ROUND(CY44,0) -> 161 | Y44: =ROUND(CZ44,0) -> 109 | AA44: 0 | AB44: =ROUND((AC44+AD44+AF44),2) -> 687.71 | AC44: =ROUND((ES44),2) -> 60.42 | AD44: =ROUND((((ET44*1.5))+((((EU44*1.5))*1.13)-((EU44*1.5)))),2) -> 9.84 | AE44: =ROUND((((EU44*1.5))*1.13),2) -> 1.83 | AF44: =ROUND((((EV44*1.5))*1.13),2) -> 617.45 | AG44: =ROUND((AP44),2) -> 0 | AH44: =((EW44*1.5)) -> 51.99 | AI44: =((EX44*1.5)) -> 0.15 | AJ44: =ROUND((AS44),2) -> 0 | AK44: 431.12 | AL44: 60.42 | AM44: 6.42 | AN44: 1.08 | AO44: 364.28 | AP44: 0 | AQ44: 34.66 | AR44: 0.1 | AS44: 0 | AT44: =BZ44 -> 74 | AU44: =CA44 -> 50 | AV44: 1 | AW44: 1 | AX44: 1 | AY44: 1 | AZ44: 1 | BA44: 1 | BB44: 1 | BC44: 1 | BH44: 0 | BI44: 1 | BJ44: ТЕР Челябинской обл.,сб.65,табл.1-1 | BM44: 173 | BN44: 0 | BO44: 65-1-1 | BP44: 1 | BQ44: 5 | BR44: 0 | BS44: 1 | BT44: 1 | BU44: 1 | BV44: 1 | BW44: 1 | BX44: 1 | BZ44: 74 | CA44: 50 | CF44: 0 | CG44: 0 | CM44: 0 | CO44: 0 | CP44: =(AB44)*AZ44 -> 687.71 | CQ44: =(AC44)*BC44 -> 60.42 | CR44: =(AD44)*BB44 -> 9.84 | CS44: =(AE44)*BS44 -> 1.83 | CT44: =(AF44)*BA44 -> 617.45 | CU44: =(AG44)*BT44 -> 0 | CV44: =(AH44)*BU44 -> 51.99 | CW44: =(AI44)*BV44 -> 0.15 | CX44: =(AJ44)*BW44 -> 0 | CY44: =(((R44+S44)*BZ44*1)/100) -> 160.58 | CZ44: =(((R44+S44)*CA44*1)/100) -> 108.5 | DE44: )*1,5 | DF44: )*1,5 | DG44: )*1,5 | DI44: )*1,5 | DJ44: )*1,5 | DN44: 0 | DO44: 0 | DP44: 1 | DQ44: 1 | DR44: 1 | DS44: 1 | DT44: 1 | DU44: 1013 | DV44: 100 м | DW44: 100М | DX44: 1 | EE44: 13991008 | EF44: 5 | EG44: Сантехнические работы | EH44: 0 | EJ44: 1 | EK44: 173 | EL44: Ремонт. Внутренние санитарнотехнические работы - демонтаж и разборка | EQ44: 512 | ER44: 431.12 | ES44: 60.42 | ET44: 6.42 | EU44: 1.08 | EV44: 364.28 | EW44: 34.66 | EX44: 0.1 | EY44: 0 | EZ44: 0 | FQ44: 0 | FR44: =ROUND(IF(AND(AA44=0,BI44=3),P44,0),0) -> 0 | FS44: 0
A45: 18 | B45: 1 | C45: 84 | E45: 11.1 | F45: 999-9899 | G45: Строительный мусор и масса возвратных материалов | H45: т | I45: =I44*J45 -> 0.077 | J45: 0.22 | O45: =ROUND(CP45*I45,0) -> 0 | P45: =ROUND(CQ45*I45,0) -> 0 | Q45: =ROUND(CR45*I45,0) -> 0 | R45: =ROUND(CS45*I45,0) -> 0 | S45: =ROUND(CT45*I45,0) -> 0 | T45: =ROUND(CU45*I45,0) -> 0 | U45: =CV45*I45 -> 0 | V45: =CW45*I45 -> 0 | W45: =ROUND(CX45*I45,0) -> 0 | X45: =ROUND(CY45,0) -> 0 | Y45: =ROUND(CZ45,0) -> 0 | AA45: 0 | AB45: =ROUND((AC45+AD45+AF45),2) -> 0 | AC45: =ROUND(AL45,2) -> 0 | AD45: =ROUND((AM45+((AN45*1.13)-AN45)),2) -> 0 | AE45: =ROUND((AN45*1.13),2) -> 0 | AF45: =ROUND((AO45*1.13),2) -> 0 | AG45: =ROUND(AP45,2) -> 0 | AH45: =AQ45 -> 0 | AI45: =AR45 -> 0 | AJ45: =ROUND(AS45,2) -> 0 | AK45: 0 | AL45: 0 | AM45: 0 | AN45: 0 | AO45: 0 | AP45: 0 | AQ45: 0 | AR45: 0 | AS45: 0 | AT45: =BZ45 -> 74 | AU45: =CA45 -> 50 | AV45: 1 | AW45: 1 | AX45: 1 | AY45: 1 | AZ45: 1 | BA45: 1 | BB45: 1 | BC45: 1 | BH45: 3 | BI45: 1 | BJ45: ССЦ Челябинской обл.,сб.999,поз.9899 | BM45: 173 | BN45: 0 | BO45: 999-9899 | BP45: 1 | BQ45: 5 | BR45: 0 | BS45: 1 | BT45: 1 | BU45: 1 | BV45: 1 | BW45: 1 | BX45: 1 | BZ45: 74 | CA45: 50 | CF45: 0 | CG45: 0 | CM45: 0 | CO45: 0 | CP45: =(AB45)*AZ45 -> 0 | CQ45: =(AC45)*BC45 -> 0 | CR45: =(AD45)*BB45 -> 0 | CS45: =(AE45)*BS45 -> 0 | CT45: =(AF45)*BA45 -> 0 | CU45: =(AG45)*BT45 -> 0 | CV45: =(AH45)*BU45 -> 0 | CW45: =(AI45)*BV45 -> 0 | CX45: =(AJ45)*BW45 -> 0 | CY45: =(((R45+S45)*BZ45*1)/100) -> 0 | CZ45: =(((R45+S45)*CA45*1)/100) -> 0 | DN45: 0 | DO45: 0 | DP45: 1 | DQ45: 1 | DR45: 1 | DS45: 1 | DT45: 1 | DU45: 1009 | DV45: т | DW45: т | DX45: 1000 | EE45: 13991008 | EF45: 5 | EG45: Сантехнические работы | EH45: 0 | EJ45: 1 | EK45: 173 | EL45: Ремонт. Внутренние санитарнотехнические работы - демонтаж и разборка | EQ45: 512 | ER45: 0 | ES45: 0 | ET45: 0 | EU45: 0 | EV45: 0 | EW45: 0 | EX45: 0 | EZ45: 0 | FQ45: 0 | FR45: =ROUND(IF(AND(AA45=0,BI45=3),P45,0),0) -> 0 | FS45: 0
A46: 17 | B46: 1 | C46: =ROW(SmtRes!A91) -> 91 | D46: =ROW(EtalonRes!A91) -> 91 | E46: 12 | F46: 65-1-2 | G46: Разборка трубопроводов из водогазопроводных труб диаметром 40 мм с отборкой годных труб, арматуры, фасонных и крепежных частей | H46: 100 м | I46: 0.6 | J46: 0 | O46: =ROUND(CP46*I46,0) -> 710 | P46: =ROUND(CQ46*I46,0) -> 62 | Q46: =ROUND(CR46*I46,0) -> 10 | R46: =ROUND(CS46*I46,0) -> 2 | S46: =ROUND(CT46*I46,0) -> 637 | T46: =ROUND(CU46*I46,0) -> 0 | U46: =CV46*I46 -> 53.658 | V46: =CW46*I46 -> 0.153 | W46: =ROUND(CX46*I46,0) -> 0 | X46: =ROUND(CY46,0) -> 473 | Y46: =ROUND(CZ46,0) -> 320 | AA46: 0 | AB46: =ROUND((AC46+AD46+AF46),2) -> 1183.07 | AC46: =ROUND((ES46),2) -> 104.07 | AD46: =ROUND((((ET46*1.5))+((((EU46*1.5))*1.13)-((EU46*1.5)))),2) -> 16.9 | AE46: =ROUND((((EU46*1.5))*1.13),2) -> 3.1 | AF46: =ROUND((((EV46*1.5))*1.13),2) -> 1062.1 | AG46: =ROUND((AP46),2) -> 0 | AH46: =((EW46*1.5)) -> 89.43 | AI46: =((EX46*1.5)) -> 0.255 | AJ46: =ROUND((AS46),2) -> 0 | AK46: 741.71 | AL46: 104.07 | AM46: 11.03 | AN46: 1.83 | AO46: 626.61 | AP46: 0 | AQ46: 59.62 | AR46: 0.17 | AS46: 0 | AT46: =BZ46 -> 74 | AU46: =CA46 -> 50 | AV46: 1 | AW46: 1 | AX46: 1 | AY46: 1 | AZ46: 1 | BA46: 1 | BB46: 1 | BC46: 1 | BH46: 0 | BI46: 1 | BJ46: ТЕР Челябинской обл.,сб.65,табл.1-2 | BM46: 173 | BN46: 0 | BO46: 65-1-2 | BP46: 1 | BQ46: 5 | BR46: 0 | BS46: 1 | BT46: 1 | BU46: 1 | BV46: 1 | BW46: 1 | BX46: 1 | BZ46: 74 | CA46: 50 | CF46: 0 | CG46: 0 | CM46: 0 | CO46: 0 | CP46: =(AB46)*AZ46 -> 1183.07 | CQ46: =(AC46)*BC46 -> 104.07 | CR46: =(AD46)*BB46 -> 16.9 | CS46: =(AE46)*BS46 -> 3.1 | CT46: =(AF46)*BA46 -> 1062.1 | CU46: =(AG46)*BT46 -> 0 | CV46: =(AH46)*BU46 -> 89.43 | CW46: =(AI46)*BV46 -> 0.255 | CX46: =(AJ46)*BW46 -> 0 | CY46: =(((R46+S46)*BZ46*1)/100) -> 472.86 | CZ46: =(((R46+S46)*CA46*1)/100) -> 319.5 | DE46: )*1,5 | DF46: )*1,5 | DG46: )*1,5 | DI46: )*1,5 | DJ46: )*1,5 | DN46: 0 | DO46: 0 | DP46: 1 | DQ46: 1 | DR46: 1 | DS46: 1 | DT46: 1 | DU46: 1013 | DV46: 100 м | DW46: 100М | DX46: 1 | EE46: 13991008 | EF46: 5 | EG46: Сантехнические работы | EH46: 0 | EJ46: 1 | EK46: 173 | EL46: Ремонт. Внутренние санитарнотехнические работы - демонтаж и разборка | EQ46: 512 | ER46: 741.71 | ES46: 104.07 | ET46: 11.03 | EU46: 1.83 | EV46: 626.61 | EW46: 59.62 | EX46: 0.17 | EY46: 0 | EZ46: 0 | FQ46: 0 | FR46: =ROUND(IF(AND(AA46=0,BI46=3),P46,0),0) -> 0 | FS46: 0
A47: 18 | B47: 1 | C47: 91 | E47: 12.1 | F47: 999-9899 | G47: Строительный мусор и масса возвратных материалов | H47: т | I47: =I46*J47 -> 0.204 | J47: 0.34 | O47: =ROUND(CP47*I47,0) -> 0 | P47: =ROUND(CQ47*I47,0) -> 0 | Q47: =ROUND(CR47*I47,0) -> 0 | R47: =ROUND(CS47*I47,0) -> 0 | S47: =ROUND(CT47*I47,0) -> 0 | T47: =ROUND(CU47*I47,0) -> 0 | U47: =CV47*I47 -> 0 | V47: =CW47*I47 -> 0 | W47: =ROUND(CX47*I47,0) -> 0 | X47: =ROUND(CY47,0) -> 0 | Y47: =ROUND(CZ47,0) -> 0 | AA47: 0 | AB47: =ROUND((AC47+AD47+AF47),2) -> 0 | AC47: =ROUND(AL47,2) -> 0 | AD47: =ROUND((AM47+((AN47*1.13)-AN47)),2) -> 0 | AE47: =ROUND((AN47*1.13),2) -> 0 | AF47: =ROUND((AO47*1.13),2) -> 0 | AG47: =ROUND(AP47,2) -> 0 | AH47: =AQ47 -> 0 | AI47: =AR47 -> 0 | AJ47: =ROUND(AS47,2) -> 0 | AK47: 0 | AL47: 0 | AM47: 0 | AN47: 0 | AO47: 0 | AP47: 0 | AQ47: 0 | AR47: 0 | AS47: 0 | AT47: =BZ47 -> 74 | AU47: =CA47 -> 50 | AV47: 1 | AW47: 1 | AX47: 1 | AY47: 1 | AZ47: 1 | BA47: 1 | BB47: 1 | BC47: 1 | BH47: 3 | BI47: 1 | BJ47: ССЦ Челябинской обл.,сб.999,поз.9899 | BM47: 173 | BN47: 0 | BO47: 999-9899 | BP47: 1 | BQ47: 5 | BR47: 0 | BS47: 1 | BT47: 1 | BU47: 1 | BV47: 1 | BW47: 1 | BX47: 1 | BZ47: 74 | CA47: 50 | CF47: 0 | CG47: 0 | CM47: 0 | CO47: 0 | CP47: =(AB47)*AZ47 -> 0 | CQ47: =(AC47)*BC47 -> 0 | CR47: =(AD47)*BB47 -> 0 | CS47: =(AE47)*BS47 -> 0 | CT47: =(AF47)*BA47 -> 0 | CU47: =(AG47)*BT47 -> 0 | CV47: =(AH47)*BU47 -> 0 | CW47: =(AI47)*BV47 -> 0 | CX47: =(AJ47)*BW47 -> 0 | CY47: =(((R47+S47)*BZ47*1)/100) -> 0 | CZ47: =(((R47+S47)*CA47*1)/100) -> 0 | DN47: 0 | DO47: 0 | DP47: 1 | DQ47: 1 | DR47: 1 | DS47: 1 | DT47: 1 | DU47: 1009 | DV47: т | DW47: т | DX47: 1000 | EE47: 13991008 | EF47: 5 | EG47: Сантехнические работы | EH47: 0 | EJ47: 1 | EK47: 173 | EL47: Ремонт. Внутренние санитарнотехнические работы - демонтаж и разборка | EQ47: 512 | ER47: 0 | ES47: 0 | ET47: 0 | EU47: 0 | EV47: 0 | EW47: 0 | EX47: 0 | EZ47: 0 | FQ47: 0 | FR47: =ROUND(IF(AND(AA47=0,BI47=3),P47,0),0) -> 0 | FS47: 0
A48: 17 | B48: 1 | C48: =ROW(SmtRes!A105) -> 105 | D48: =ROW(EtalonRes!A105) -> 105 | E48: 13 | F48: 18-03-004-8 | G48: Демонтаж регистров из стальных электросварных труб, диаметром нитки, мм: 114 | H48: 1 м | I48: 170 | J48: 0 | O48: =ROUND(CP48*I48,0) -> 449 | P48: =ROUND(CQ48*I48,0) -> 0 | Q48: =ROUND(CR48*I48,0) -> 104 | R48: =ROUND(CS48*I48,0) -> 2 | S48: =ROUND(CT48*I48,0) -> 345 | T48: =ROUND(CU48*I48,0) -> 0 | U48: =CV48*I48 -> 26.571 | V48: =CW48*I48 -> 0.1428 | W48: =ROUND(CX48*I48,0) -> 0 | X48: =ROUND(CY48,0) -> 451 | Y48: =ROUND(CZ48,0) -> 246 | AA48: 0 | AB48: =ROUND((AC48+AD48+AF48),2) -> 2.64 | AC48: =ROUND(((ES48*0)),2) -> 0 | AD48: =ROUND(((((ET48*0.4)*1.5))+(((((EU48*0.4)*1.5))*1.13)-(((EU48*0.4)*1.5)))),2) -> 0.61 | AE48: =ROUND(((((EU48*0.4)*1.5))*1.13),2) -> 0.01 | AF48: =ROUND(((((EV48*0.4)*1.5))*1.13),2) -> 2.03 | AG48: =ROUND((AP48),2) -> 0 | AH48: =(((EW48*0.4)*1.5)) -> 0.1563 | AI48: =(((EX48*0.4)*1.5)) -> 0.00084 | AJ48: =ROUND((AS48),2) -> 0 | AK48: 155.07 | AL48: 151.07 | AM48: 1.01 | AN48: 0.02 | AO48: 2.99 | AP48: 0 | AQ48: 0.2605 | AR48: 0.0014 | AS48: 0 | AT48: =BZ48 -> 130 | AU48: =CA48 -> 71 | AV48: 1 | AW48: 1 | AX48: 1 | AY48: 1 | AZ48: 1 | BA48: 1 | BB48: 1 | BC48: 1 | BH48: 0 | BI48: 1 | BJ48: ТЕР Челябинской обл.,сб.18,гл.03,табл.004,поз.8 | BM48: 130 | BN48: 0 | BO48: 18-03-004-8 | BP48: 1 | BQ48: 5 | BR48: 0 | BS48: 1 | BT48: 1 | BU48: 1 | BV48: 1 | BW48: 1 | BX48: 1 | BZ48: 130 | CA48: 71 | CF48: 0 | CG48: 0 | CM48: 0 | CO48: 0 | CP48: =(AB48)*AZ48 -> 2.64 | CQ48: =(AC48)*BC48 -> 0 | CR48: =(AD48)*BB48 -> 0.61 | CS48: =(AE48)*BS48 -> 0.01 | CT48: =(AF48)*BA48 -> 2.03 | CU48: =(AG48)*BT48 -> 0 | CV48: =(AH48)*BU48 -> 0.1563 | CW48: =(AI48)*BV48 -> 0.00084 | CX48: =(AJ48)*BW48 -> 0 | CY48: =(((R48+S48)*BZ48*1)/100) -> 451.1 | CZ48: =(((R48+S48)*CA48*1)/100) -> 246.37 | DD48: )*0 | DE48: )*0,4)*1,5 | DF48: )*0,4)*1,5 | DG48: )*0,4)*1,5 | DI48: )*0,4)*1,5 | DJ48: )*0,4)*1,5 | DN48: 0 | DO48: 0 | DP48: 1 | DQ48: 1 | DR48: 1 | DS48: 1 | DT48: 1 | DU48: 1003 | DV48: 1 м | DW48: 1 м труб нитки регистра | DX48: 1 | EE48: 13990945 | EF48: 5 | EG48: Сантехнические работы | EH48: 0 | EJ48: 1 | EK48: 130 | EL48: Санитарнотехнические работы -внутренние (трубопроводы, водопровод, канализация, отопление, газоснабжение, вентиляция, кондиционирование воздуха) | EQ48: 576 | ER48: 155.07 | ES48: 151.07 | ET48: 1.01 | EU48: 0.02 | EV48: 2.99 | EW48: 0.2605 | EX48: 0.0014 | EY48: 0 | EZ48: 0 | FQ48: 0 | FR48: =ROUND(IF(AND(AA48=0,BI48=3),P48,0),0) -> 0 | FS48: 0
A49: 17 | B49: 1 | C49: =ROW(SmtRes!A119) -> 119 | D49: =ROW(EtalonRes!A119) -> 119 | E49: 14 | F49: 18-03-004-8 | G49: Демонтаж регистров из стальных электросварных труб, диаметром нитки, мм: 133 | H49: 1 м | I49: 45 | J49: 0 | O49: =ROUND(CP49*I49,0) -> 119 | P49: =ROUND(CQ49*I49,0) -> 0 | Q49: =ROUND(CR49*I49,0) -> 27 | R49: =ROUND(CS49*I49,0) -> 0 | S49: =ROUND(CT49*I49,0) -> 91 | T49: =ROUND(CU49*I49,0) -> 0 | U49: =CV49*I49 -> 7.0335 | V49: =CW49*I49 -> 0.0378 | W49: =ROUND(CX49*I49,0) -> 0 | X49: =ROUND(CY49,0) -> 118 | Y49: =ROUND(CZ49,0) -> 65 | AA49: 0 | AB49: =ROUND((AC49+AD49+AF49),2) -> 2.64 | AC49: =ROUND(((ES49*0)),2) -> 0 | AD49: =ROUND(((((ET49*0.4)*1.5))+(((((EU49*0.4)*1.5))*1.13)-(((EU49*0.4)*1.5)))),2) -> 0.61 | AE49: =ROUND(((((EU49*0.4)*1.5))*1.13),2) -> 0.01 | AF49: =ROUND(((((EV49*0.4)*1.5))*1.13),2) -> 2.03 | AG49: =ROUND((AP49),2) -> 0 | AH49: =(((EW49*0.4)*1.5)) -> 0.1563 | AI49: =(((EX49*0.4)*1.5)) -> 0.00084 | AJ49: =ROUND((AS49),2) -> 0 | AK49: 155.07 | AL49: 151.07 | AM49: 1.01 | AN49: 0.02 | AO49: 2.99 | AP49: 0 | AQ49: 0.2605 | AR49: 0.0014 | AS49: 0 | AT49: =BZ49 -> 130 | AU49: =CA49 -> 71 | AV49: 1 | AW49: 1 | AX49: 1 | AY49: 1 | AZ49: 1 | BA49: 1 | BB49: 1 | BC49: 1 | BH49: 0 | BI49: 1 | BJ49: ТЕР Челябинской обл.,сб.18,гл.03,табл.004,поз.8 | BM49: 130 | BN49: 0 | BO49: 18-03-004-8 | BP49: 1 | BQ49: 5 | BR49: 0 | BS49: 1 | BT49: 1 | BU49: 1 | BV49: 1 | BW49: 1 | BX49: 1 | BZ49: 130 | CA49: 71 | CF49: 0 | CG49: 0 | CM49: 0 | CO49: 0 | CP49: =(AB49)*AZ49 -> 2.64 | CQ49: =(AC49)*BC49 -> 0 | CR49: =(AD49)*BB49 -> 0.61 | CS49: =(AE49)*BS49 -> 0.01 | CT49: =(AF49)*BA49 -> 2.03 | CU49: =(AG49)*BT49 -> 0 | CV49: =(AH49)*BU49 -> 0.1563 | CW49: =(AI49)*BV49 -> 0.00084 | CX49: =(AJ49)*BW49 -> 0 | CY49: =(((R49+S49)*BZ49*1)/100) -> 118.3 | CZ49: =(((R49+S49)*CA49*1)/100) -> 64.61 | DD49: )*0 | DE49: )*0,4)*1,5 | DF49: )*0,4)*1,5 | DG49: )*0,4)*1,5 | DI49: )*0,4)*1,5 | DJ49: )*0,4)*1,5 | DN49: 0 | DO49: 0 | DP49: 1 | DQ49: 1 | DR49: 1 | DS49: 1 | DT49: 1 | DU49: 1003 | DV49: 1 м | DW49: 1 м труб нитки регистра | DX49: 1 | EE49: 13990945 | EF49: 5 | EG49: Сантехнические работы | EH49: 0 | EJ49: 1 | EK49: 130 | EL49: Санитарнотехнические работы -внутренние (трубопроводы, водопровод, канализация, отопление, газоснабжение, вентиляция, кондиционирование воздуха) | EQ49: 576 | ER49: 155.07 | ES49: 151.07 | ET49: 1.01 | EU49: 0.02 | EV49: 2.99 | EW49: 0.2605 | EX49: 0.0014 | EY49: 0 | EZ49: 0 | FQ49: 0 | FR49: =ROUND(IF(AND(AA49=0,BI49=3),P49,0),0) -> 0 | FS49: 0
A50: 17 | B50: 1 | E50: 15 | F50: ЕНиР1-19-02-А | G50: Переноска приборов отопления по вертикале вниз на расстояние 30м и по горизонтале на 100 свыше 50м (учтенных) на первые 10м | H50: ТН | I50: 3.2 | J50: 0 | O50: =ROUND(CP50*I50,0) -> 67 | P50: =ROUND(CQ50*I50,0) -> 0 | Q50: =ROUND(CR50*I50,0) -> 0 | R50: =ROUND(CS50*I50,0) -> 0 | S50: =ROUND(CT50*I50,0) -> 67 | T50: =ROUND(CU50*I50,0) -> 0 | U50: =CV50*I50 -> 5.76 | V50: =CW50*I50 -> 0 | W50: =ROUND(CX50*I50,0) -> 0 | X50: =ROUND(CY50,0) -> 52 | Y50: =ROUND(CZ50,0) -> 34 | AA50: 0 | AB50: =ROUND((AC50+AD50+AF50),2) -> 20.9 | AC50: =ROUND((ES50),2) -> 0 | AD50: =ROUND((((ET50*1.5))+((((EU50*1.5))*1.13)-((EU50*1.5)))),2) -> 0 | AE50: =ROUND((((EU50*1.5))*1.13),2) -> 0 | AF50: =ROUND((((EV50*1.5))*1.13),2) -> 20.9 | AG50: =ROUND((AP50),2) -> 0 | AH50: =((EW50*1.5)) -> 1.8 | AI50: =((EX50*1.5)) -> 0 | AJ50: =ROUND((AS50),2) -> 0 | AK50: 12.33 | AL50: 0 | AM50: 0 | AN50: 0 | AO50: 12.33 | AP50: 0 | AQ50: 1.2 | AR50: 0 | AS50: 0 | AT50: =BZ50 -> 78 | AU50: =CA50 -> 50 | AV50: 1 | AW50: 1 | AX50: 1 | AY50: 1 | AZ50: 1 | BA50: 1 | BB50: 1 | BC50: 1 | BH50: 3 | BI50: 1 | BM50: 179 | BN50: 0 | BP50: 0 | BQ50: 1 | BR50: 0 | BS50: 1 | BT50: 1 | BU50: 1 | BV50: 1 | BW50: 1 | BX50: 1 | BZ50: 78 | CA50: 50 | CF50: 0 | CG50: 0 | CM50: 0 | CO50: 0 | CP50: =(AB50)*AZ50 -> 20.9 | CQ50: =(AC50)*BC50 -> 0 | CR50: =(AD50)*BB50 -> 0 | CS50: =(AE50)*BS50 -> 0 | CT50: =(AF50)*BA50 -> 20.9 | CU50: =(AG50)*BT50 -> 0 | CV50: =(AH50)*BU50 -> 1.8 | CW50: =(AI50)*BV50 -> 0 | CX50: =(AJ50)*BW50 -> 0 | CY50: =(((R50+S50)*BZ50*1)/100) -> 52.26 | CZ50: =(((R50+S50)*CA50*1)/100) -> 33.5 | DE50: *1.5 | DF50: *1.5 | DG50: *1.5 | DI50: *1.5 | DJ50: *1.5 | DN50: 0 | DO50: 0 | DP50: 1 | DQ50: 1 | DR50: 1 | DS50: 1 | DT50: 1 | DU50: 1013 | DV50: ТН | DW50: ТН | DX50: 1 | EE50: 13991014 | EF50: 1 | EG50: Общестроительные работы | EH50: 0 | EJ50: 1 | EK50: 179 | EL50: Ремонт. Прочие ремонтно-строительные работы | EQ50: 0 | ER50: 0 | ES50: 0 | ET50: 0 | EU50: 0 | EV50: 12.33 | EW50: 1.2 | EX50: 0 | EY50: 0 | EZ50: 0 | FQ50: 0 | FR50: =ROUND(IF(AND(AA50=0,BI50=3),P50,0),0) -> 0 | FS50: 0
A51: 17 | B51: 1 | E51: 16 | F51: ЕНиР1-19-02-Б | G51: Переноска приборов отопления по вертикале вниз на расстояние 30м и по горизонтали на 100 свыше 50м (учтенных): добавить на каждые следующие 10м | H51: ТН | I51: 3.2 | J51: 0 | O51: =ROUND(CP51*I51,0) -> 607 | P51: =ROUND(CQ51*I51,0) -> 0 | Q51: =ROUND(CR51*I51,0) -> 0 | R51: =ROUND(CS51*I51,0) -> 0 | S51: =ROUND(CT51*I51,0) -> 607 | T51: =ROUND(CU51*I51,0) -> 0 | U51: =CV51*I51 -> 52.416 | V51: =CW51*I51 -> 0 | W51: =ROUND(CX51*I51,0) -> 0 | X51: =ROUND(CY51,0) -> 473 | Y51: =ROUND(CZ51,0) -> 304 | AA51: 0 | AB51: =ROUND((AC51+AD51+AF51),2) -> 189.84 | AC51: =ROUND(((ES51*28)),2) -> 0 | AD51: =ROUND(((((ET51*1.5)*28))+(((((EU51*1.5)*28))*1.13)-(((EU51*1.5)*28)))),2) -> 0 | AE51: =ROUND(((((EU51*1.5)*28))*1.13),2) -> 0 | AF51: =ROUND(((((EV51*1.5)*28))*1.13),2) -> 189.84 | AG51: =ROUND((AP51),2) -> 0 | AH51: =(((EW51*1.5)*28)) -> 16.38 | AI51: =(((EX51*1.5)*28)) -> 0 | AJ51: =ROUND((AS51),2) -> 0 | AK51: 4 | AL51: 0 | AM51: 0 | AN51: 0 | AO51: 4 | AP51: 0 | AQ51: 0.39 | AR51: 0 | AS51: 0 | AT51: =BZ51 -> 78 | AU51: =CA51 -> 50 | AV51: 1 | AW51: 1 | AX51: 1 | AY51: 1 | AZ51: 1 | BA51: 1 | BB51: 1 | BC51: 1 | BH51: 3 | BI51: 1 | BM51: 179 | BN51: 0 | BP51: 0 | BQ51: 1 | BR51: 0 | BS51: 1 | BT51: 1 | BU51: 1 | BV51: 1 | BW51: 1 | BX51: 1 | BZ51: 78 | CA51: 50 | CF51: 0 | CG51: 0 | CM51: 0 | CO51: 0 | CP51: =(AB51)*AZ51 -> 189.84 | CQ51: =(AC51)*BC51 -> 0 | CR51: =(AD51)*BB51 -> 0 | CS51: =(AE51)*BS51 -> 0 | CT51: =(AF51)*BA51 -> 189.84 | CU51: =(AG51)*BT51 -> 0 | CV51: =(AH51)*BU51 -> 16.38 | CW51: =(AI51)*BV51 -> 0 | CX51: =(AJ51)*BW51 -> 0 | CY51: =(((R51+S51)*BZ51*1)/100) -> 473.46 | CZ51: =(((R51+S51)*CA51*1)/100) -> 303.5 | DD51: )*28 | DE51: *1.5)*28 | DF51: *1.5)*28 | DG51: *1.5)*28 | DI51: *1.5)*28 | DJ51: *1.5)*28 | DN51: 0 | DO51: 0 | DP51: 1 | DQ51: 1 | DR51: 1 | DS51: 1 | DT51: 1 | DU51: 1013 | DV51: ТН | DW51: ТН | DX51: 1 | EE51: 13991014 | EF51: 1 | EG51: Общестроительные работы | EH51: 0 | EJ51: 1 | EK51: 179 | EL51: Ремонт. Прочие ремонтно-строительные работы | EQ51: 0 | ER51: 0 | ES51: 0 | ET51: 0 | EU51: 0 | EV51: 4 | EW51: 0.39 | EX51: 0 | EY51: 0 | EZ51: 0 | FQ51: 0 | FR51: =ROUND(IF(AND(AA51=0,BI51=3),P51,0),0) -> 0 | FS51: 0
A52: 19 | B52: 1 | G52: Монтажные работы | AA52: 1 | DX52: 0
A53: 17 | B53: 1 | C53: =ROW(SmtRes!A133) -> 133 | D53: =ROW(EtalonRes!A133) -> 133 | E53: 17 | F53: 18-03-004-8 | G53: Установка регистров из стальных электросварных труб, диаметром нитки, мм: 100 | H53: 1 м | I53: 10 | J53: 0 | O53: =ROUND(CP53*I53,0) -> 128 | P53: =ROUND(CQ53*I53,0) -> 41 | Q53: =ROUND(CR53*I53,0) -> 22 | R53: =ROUND(CS53*I53,0) -> 1 | S53: =ROUND(CT53*I53,0) -> 66 | T53: =ROUND(CU53*I53,0) -> 0 | U53: =CV53*I53 -> 5.092775 | V53: =CW53*I53 -> 0.02975 | W53: =ROUND(CX53*I53,0) -> 0 | X53: =ROUND(CY53,0) -> 87 | Y53: =ROUND(CZ53,0) -> 48 | AA53: 0 | AB53: =ROUND((AC53+AD53+AF53),2) -> 12.83 | AC53: =ROUND((ES53+(SUM(SmtRes!BC120:'SmtRes'!BC133)+SUM(EtalonRes!AL120:'EtalonRes'!AL133))),2) -> 4.07 | AD53: =ROUND(((((ET53*1.25)*1.7))+(((((EU53*1.25)*1.7))*1.13)-(((EU53*1.25)*1.7)))),2) -> 2.15 | AE53: =ROUND(((((EU53*1.25)*1.7))*1.13),2) -> 0.05 | AF53: =ROUND(((((EV53*1.15)*1.7))*1.13),2) -> 6.61 | AG53: =ROUND((AP53),2) -> 0 | AH53: =(((EW53*1.15)*1.7)) -> 0.5092775 | AI53: =(((EX53*1.25)*1.7)) -> 0.002975 | AJ53: =ROUND((AS53),2) -> 0 | AK53: 155.07 | AL53: 151.07 | AM53: 1.01 | AN53: 0.02 | AO53: 2.99 | AP53: 0 | AQ53: 0.2605 | AR53: 0.0014 | AS53: 0 | AT53: =BZ53 -> 130 | AU53: =CA53 -> 71 | AV53: 1 | AW53: 1 | AX53: 1 | AY53: 1 | AZ53: 1 | BA53: 1 | BB53: 1 | BC53: 1 | BH53: 0 | BI53: 1 | BJ53: ТЕР Челябинской обл.,сб.18,гл.03,табл.004,поз.8 | BM53: 130 | BN53: 0 | BO53: 18-03-004-8 | BP53: 1 | BQ53: 5 | BR53: 0 | BS53: 1 | BT53: 1 | BU53: 1 | BV53: 1 | BW53: 1 | BX53: 1 | BZ53: 130 | CA53: 71 | CF53: 0 | CG53: 0 | CM53: 0 | CO53: 0 | CP53: =(AB53)*AZ53 -> 12.83 | CQ53: =(AC53)*BC53 -> 4.07 | CR53: =(AD53)*BB53 -> 2.15 | CS53: =(AE53)*BS53 -> 0.05 | CT53: =(AF53)*BA53 -> 6.61 | CU53: =(AG53)*BT53 -> 0 | CV53: =(AH53)*BU53 -> 0.5092775 | CW53: =(AI53)*BV53 -> 0.002975 | CX53: =(AJ53)*BW53 -> 0 | CY53: =(((R53+S53)*BZ53*1)/100) -> 87.1 | CZ53: =(((R53+S53)*CA53*1)/100) -> 47.57 | DE53: )*1,25)*1,7 | DF53: )*1,25)*1,7 | DG53: )*1,15)*1,7 | DI53: )*1,15)*1,7 | DJ53: )*1,25)*1,7 | DN53: 0 | DO53: 0 | DP53: 1 | DQ53: 1 | DR53: 1 | DS53: 1 | DT53: 1 | DU53: 1003 | DV53: 1 м | DW53: 1 м труб нитки регистра | DX53: 1 | EE53: 13990945 | EF53: 5 | EG53: Сантехнические работы | EH53: 0 | EJ53: 1 | EK53: 130 | EL53: Санитарнотехнические работы -внутренние (трубопроводы, водопровод, канализация, отопление, газоснабжение, вентиляция, кондиционирование воздуха) | EQ53: 704 | ER53: 155.07 | ES53: 151.07 | ET53: 1.01 | EU53: 0.02 | EV53: 2.99 | EW53: 0.2605 | EX53: 0.0014 | EY53: 1 | EZ53: 0 | FQ53: 0 | FR53: =ROUND(IF(AND(AA53=0,BI53=3),P53,0),0) -> 0 | FS53: 0
A54: 17 | B54: 1 | E54: 18 | F54: 300-0590 | G54: Регистры отопительные из стальных электросварных труб диаметром нитки, мм: 133 | H54: м | I54: 10 | J54: 0 | O54: =ROUND(CP54*I54,0) -> 1580 | P54: =ROUND(CQ54*I54,0) -> 1580 | Q54: =ROUND(CR54*I54,0) -> 0 | R54: =ROUND(CS54*I54,0) -> 0 | S54: =ROUND(CT54*I54,0) -> 0 | T54: =ROUND(CU54*I54,0) -> 0 | U54: =CV54*I54 -> 0 | V54: =CW54*I54 -> 0 | W54: =ROUND(CX54*I54,0) -> 0 | X54: =ROUND(CY54,0) -> 0 | Y54: =ROUND(CZ54,0) -> 0 | AA54: 0 | AB54: =ROUND((AC54+AD54+AF54),2) -> 158 | AC54: =ROUND((ES54),2) -> 158 | AD54: =ROUND((ET54),2) -> 0 | AE54: =ROUND((EU54),2) -> 0 | AF54: =ROUND((EV54),2) -> 0 | AG54: =ROUND((AP54),2) -> 0 | AH54: =(EW54) -> 0 | AI54: =(EX54) -> 0 | AJ54: =ROUND((AS54),2) -> 0 | AK54: 158 | AL54: 158 | AM54: 0 | AN54: 0 | AO54: 0 | AP54: 0 | AQ54: 0 | AR54: 0 | AS54: 0 | AT54: =BZ54 -> 0 | AU54: =CA54 -> 0 | AV54: 1 | AW54: 1 | AX54: 1 | AY54: 1 | AZ54: 1 | BA54: 1 | BB54: 1 | BC54: 1 | BH54: 3 | BI54: 1 | BJ54: ССЦ Челябинской обл.,сб.300,поз.0590 | BM54: 205 | BN54: 0 | BO54: 300-0590 | BP54: 1 | BQ54: 5 | BR54: 0 | BS54: 1 | BT54: 1 | BU54: 1 | BV54: 1 | BW54: 1 | BX54: 1 | BZ54: 0 | CA54: 0 | CF54: 0 | CG54: 0 | CM54: 0 | CO54: 0 | CP54: =(AB54)*AZ54 -> 158 | CQ54: =(AC54)*BC54 -> 158 | CR54: =(AD54)*BB54 -> 0 | CS54: =(AE54)*BS54 -> 0 | CT54: =(AF54)*BA54 -> 0 | CU54: =(AG54)*BT54 -> 0 | CV54: =(AH54)*BU54 -> 0 | CW54: =(AI54)*BV54 -> 0 | CX54: =(AJ54)*BW54 -> 0 | CY54: =(0)*BX54 -> 0 | CZ54: =(0)*AX54 -> 0 | DN54: 0 | DO54: 0 | DP54: 1 | DQ54: 1 | DR54: 1 | DS54: 1 | DT54: 1 | DU54: 1003 | DV54: м | DW54: м | DX54: 1 | EE54: 13990987 | EF54: 5 | EG54: Сантехнические работы | EH54: 0 | EJ54: 1 | EK54: 205 | EL54: Материалы для сантехнических работ | EQ54: 0 | ER54: 158 | ES54: 158 | ET54: 0 | EU54: 0 | EV54: 0 | EW54: 0 | EX54: 0 | EY54: 0 | EZ54: 0 | FQ54: 0 | FR54: =ROUND(IF(AND(AA54=0,BI54=3),P54,0),0) -> 0 | FS54: 0
A55: 17 | B55: 1 | C55: =ROW(SmtRes!A147) -> 147 | D55: =ROW(EtalonRes!A147) -> 147 | E55: 19 | F55: 16-02-004-1 | G55: Прокладка трубопроводов отопления и газоснабжения из стальных бесшовных труб диаметром, мм: 57х3,5 | H55: 1 м | I55: 3.4 | J55: 0 | O55: =ROUND(CP55*I55,0) -> 243 | P55: =ROUND(CQ55*I55,0) -> 177 | Q55: =ROUND(CR55*I55,0) -> 9 | R55: =ROUND(CS55*I55,0) -> 0 | S55: =ROUND(CT55*I55,0) -> 56 | T55: =ROUND(CU55*I55,0) -> 0 | U55: =CV55*I55 -> 4.0433701 | V55: =CW55*I55 -> 0.0137275 | W55: =ROUND(CX55*I55,0) -> 0 | X55: =ROUND(CY55,0) -> 72 | Y55: =ROUND(CZ55,0) -> 40 | AA55: 0 | AB55: =ROUND((AC55+AD55+AF55),2) -> 71.54 | AC55: =ROUND((ES55),2) -> 52.2 | AD55: =ROUND(((((ET55*1.25)*1.7))+(((((EU55*1.25)*1.7))*1.13)-(((EU55*1.25)*1.7)))),2) -> 2.73 | AE55: =ROUND(((((EU55*1.25)*1.7))*1.13),2) -> 0.07 | AF55: =ROUND(((((EV55*1.15)*1.7))*1.13),2) -> 16.61 | AG55: =ROUND((AP55),2) -> 0 | AH55: =(((EW55*1.15)*1.7)) -> 1.1892265 | AI55: =(((EX55*1.25)*1.7)) -> 0.0040375 | AJ55: =ROUND((AS55),2) -> 0 | AK55: 61 | AL55: 52.2 | AM55: 1.28 | AN55: 0.03 | AO55: 7.52 | AP55: 0 | AQ55: 0.6083 | AR55: 0.0019 | AS55: 0 | AT55: =BZ55 -> 128 | AU55: =CA55 -> 71 | AV55: 1 | AW55: 1 | AX55: 1 | AY55: 1 | AZ55: 1 | BA55: 1 | BB55: 1 | BC55: 1 | BH55: 0 | BI55: 1 | BJ55: ТЕР Челябинской обл.,сб.16,гл.02,табл.004,поз.1 | BM55: 130 | BN55: 0 | BO55: 16-02-004-1 | BP55: 1 | BQ55: 5 | BR55: 0 | BS55: 1 | BT55: 1 | BU55: 1 | BV55: 1 | BW55: 1 | BX55: 1 | BZ55: 128 | CA55: 71 | CF55: 0 | CG55: 0 | CM55: 0 | CO55: 0 | CP55: =(AB55)*AZ55 -> 71.54 | CQ55: =(AC55)*BC55 -> 52.2 | CR55: =(AD55)*BB55 -> 2.73 | CS55: =(AE55)*BS55 -> 0.07 | CT55: =(AF55)*BA55 -> 16.61 | CU55: =(AG55)*BT55 -> 0 | CV55: =(AH55)*BU55 -> 1.1892265 | CW55: =(AI55)*BV55 -> 0.0040375 | CX55: =(AJ55)*BW55 -> 0 | CY55: =(((R55+S55)*BZ55*1)/100) -> 71.68 | CZ55: =(((R55+S55)*CA55*1)/100) -> 39.76 | DE55: )*1,25)*1,7 | DF55: )*1,25)*1,7 | DG55: )*1,15)*1,7 | DI55: )*1,15)*1,7 | DJ55: )*1,25)*1,7 | DN55: 0 | DO55: 0 | DP55: 1 | DQ55: 1 | DR55: 1 | DS55: 1 | DT55: 1 | DU55: 1003 | DV55: 1 м | DW55: 1 м трубопровода | DX55: 1 | EE55: 13990945 | EF55: 5 | EG55: Сантехнические работы | EH55: 0 | EJ55: 1 | EK55: 130 | EL55: Санитарнотехнические работы -внутренние (трубопроводы, водопровод, канализация, отопление, газоснабжение, вентиляция, кондиционирование воздуха) | EQ55: 512 | ER55: 61 | ES55: 52.2 | ET55: 1.28 | EU55: 0.03 | EV55: 7.52 | EW55: 0.6083 | EX55: 0.0019 | EY55: 0 | EZ55: 0 | FQ55: 0 | FR55: =ROUND(IF(AND(AA55=0,BI55=3),P55,0),0) -> 0 | FS55: 0
A56: 17 | B56: 1 | C56: =ROW(SmtRes!A161) -> 161 | D56: =ROW(EtalonRes!A161) -> 161 | E56: 20 | F56: 18-03-004-8 | G56: Установка регистров из стальных электросварных труб, диаметром нитки, мм: 100 | H56: 1 м | I56: 270 | J56: 0 | O56: =ROUND(CP56*I56,0) -> 3464 | P56: =ROUND(CQ56*I56,0) -> 1099 | Q56: =ROUND(CR56*I56,0) -> 581 | R56: =ROUND(CS56*I56,0) -> 14 | S56: =ROUND(CT56*I56,0) -> 1785 | T56: =ROUND(CU56*I56,0) -> 0 | U56: =CV56*I56 -> 137.50492 | V56: =CW56*I56 -> 0.80325 | W56: =ROUND(CX56*I56,0) -> 0 | X56: =ROUND(CY56,0) -> 2339 | Y56: =ROUND(CZ56,0) -> 1277 | AA56: 0 | AB56: =ROUND((AC56+AD56+AF56),2) -> 12.83 | AC56: =ROUND((ES56+(SUM(SmtRes!BC148:'SmtRes'!BC161)+SUM(EtalonRes!AL148:'EtalonRes'!AL161))),2) -> 4.07 | AD56: =ROUND(((((ET56*1.25)*1.7))+(((((EU56*1.25)*1.7))*1.13)-(((EU56*1.25)*1.7)))),2) -> 2.15 | AE56: =ROUND(((((EU56*1.25)*1.7))*1.13),2) -> 0.05 | AF56: =ROUND(((((EV56*1.15)*1.7))*1.13),2) -> 6.61 | AG56: =ROUND((AP56),2) -> 0 | AH56: =(((EW56*1.15)*1.7)) -> 0.5092775 | AI56: =(((EX56*1.25)*1.7)) -> 0.002975 | AJ56: =ROUND((AS56),2) -> 0 | AK56: 155.07 | AL56: 151.07 | AM56: 1.01 | AN56: 0.02 | AO56: 2.99 | AP56: 0 | AQ56: 0.2605 | AR56: 0.0014 | AS56: 0 | AT56: =BZ56 -> 130 | AU56: =CA56 -> 71 | AV56: 1 | AW56: 1 | AX56: 1 | AY56: 1 | AZ56: 1 | BA56: 1 | BB56: 1 | BC56: 1 | BH56: 0 | BI56: 1 | BJ56: ТЕР Челябинской обл.,сб.18,гл.03,табл.004,поз.8 | BM56: 130 | BN56: 0 | BO56: 18-03-004-8 | BP56: 1 | BQ56: 5 | BR56: 0 | BS56: 1 | BT56: 1 | BU56: 1 | BV56: 1 | BW56: 1 | BX56: 1 | BZ56: 130 | CA56: 71 | CF56: 0 | CG56: 0 | CM56: 0 | CO56: 0 | CP56: =(AB56)*AZ56 -> 12.83 | CQ56: =(AC56)*BC56 -> 4.07 | CR56: =(AD56)*BB56 -> 2.15 | CS56: =(AE56)*BS56 -> 0.05 | CT56: =(AF56)*BA56 -> 6.61 | CU56: =(AG56)*BT56 -> 0 | CV56: =(AH56)*BU56 -> 0.5092775 | CW56: =(AI56)*BV56 -> 0.002975 | CX56: =(AJ56)*BW56 -> 0 | CY56: =(((R56+S56)*BZ56*1)/100) -> 2338.7 | CZ56: =(((R56+S56)*CA56*1)/100) -> 1277.29 | DE56: )*1,25)*1,7 | DF56: )*1,25)*1,7 | DG56: )*1,15)*1,7 | DI56: )*1,15)*1,7 | DJ56: )*1,25)*1,7 | DN56: 0 | DO56: 0 | DP56: 1 | DQ56: 1 | DR56: 1 | DS56: 1 | DT56: 1 | DU56: 1003 | DV56: 1 м | DW56: 1 м труб нитки регистра | DX56: 1 | EE56: 13990945 | EF56: 5 | EG56: Сантехнические работы | EH56: 0 | EJ56: 1 | EK56: 130 | EL56: Санитарнотехнические работы -внутренние (трубопроводы, водопровод, канализация, отопление, газоснабжение, вентиляция, кондиционирование воздуха) | EQ56: 704 | ER56: 155.07 | ES56: 151.07 | ET56: 1.01 | EU56: 0.02 | EV56: 2.99 | EW56: 0.2605 | EX56: 0.0014 | EY56: 1 | EZ56: 0 | FQ56: 0 | FR56: =ROUND(IF(AND(AA56=0,BI56=3),P56,0),0) -> 0 | FS56: 0
A57: 17 | B57: 1 | E57: 21 | F57: 300-0590 | G57: Регистры отопительные из стальных электросварных труб диаметром нитки, мм: 133 | H57: м | I57: 270 | J57: 0 | O57: =ROUND(CP57*I57,0) -> 42660 | P57: =ROUND(CQ57*I57,0) -> 42660 | Q57: =ROUND(CR57*I57,0) -> 0 | R57: =ROUND(CS57*I57,0) -> 0 | S57: =ROUND(CT57*I57,0) -> 0 | T57: =ROUND(CU57*I57,0) -> 0 | U57: =CV57*I57 -> 0 | V57: =CW57*I57 -> 0 | W57: =ROUND(CX57*I57,0) -> 0 | X57: =ROUND(CY57,0) -> 0 | Y57: =ROUND(CZ57,0) -> 0 | AA57: 0 | AB57: =ROUND((AC57+AD57+AF57),2) -> 158 | AC57: =ROUND((ES57),2) -> 158 | AD57: =ROUND((ET57),2) -> 0 | AE57: =ROUND((EU57),2) -> 0 | AF57: =ROUND((EV57),2) -> 0 | AG57: =ROUND((AP57),2) -> 0 | AH57: =(EW57) -> 0 | AI57: =(EX57) -> 0 | AJ57: =ROUND((AS57),2) -> 0 | AK57: 158 | AL57: 158 | AM57: 0 | AN57: 0 | AO57: 0 | AP57: 0 | AQ57: 0 | AR57: 0 | AS57: 0 | AT57: =BZ57 -> 0 | AU57: =CA57 -> 0 | AV57: 1 | AW57: 1 | AX57: 1 | AY57: 1 | AZ57: 1 | BA57: 1 | BB57: 1 | BC57: 1 | BH57: 3 | BI57: 1 | BJ57: ССЦ Челябинской обл.,сб.300,поз.0590 | BM57: 205 | BN57: 0 | BO57: 300-0590 | BP57: 1 | BQ57: 5 | BR57: 0 | BS57: 1 | BT57: 1 | BU57: 1 | BV57: 1 | BW57: 1 | BX57: 1 | BZ57: 0 | CA57: 0 | CF57: 0 | CG57: 0 | CM57: 0 | CO57: 0 | CP57: =(AB57)*AZ57 -> 158 | CQ57: =(AC57)*BC57 -> 158 | CR57: =(AD57)*BB57 -> 0 | CS57: =(AE57)*BS57 -> 0 | CT57: =(AF57)*BA57 -> 0 | CU57: =(AG57)*BT57 -> 0 | CV57: =(AH57)*BU57 -> 0 | CW57: =(AI57)*BV57 -> 0 | CX57: =(AJ57)*BW57 -> 0 | CY57: =(0)*BX57 -> 0 | CZ57: =(0)*AX57 -> 0 | DN57: 0 | DO57: 0 | DP57: 1 | DQ57: 1 | DR57: 1 | DS57: 1 | DT57: 1 | DU57: 1003 | DV57: м | DW57: м | DX57: 1 | EE57: 13990987 | EF57: 5 | EG57: Сантехнические работы | EH57: 0 | EJ57: 1 | EK57: 205 | EL57: Материалы для сантехнических работ | EQ57: 0 | ER57: 158 | ES57: 158 | ET57: 0 | EU57: 0 | EV57: 0 | EW57: 0 | EX57: 0 | EY57: 0 | EZ57: 0 | FQ57: 0 | FR57: =ROUND(IF(AND(AA57=0,BI57=3),P57,0),0) -> 0 | FS57: 0
A58: 17 | B58: 1 | C58: =ROW(SmtRes!A175) -> 175 | D58: =ROW(EtalonRes!A175) -> 175 | E58: 22 | F58: 16-02-004-1 | G58: Прокладка трубопроводов отопления и газоснабжения из стальных бесшовных труб диаметром, мм: 57х3,5 | H58: 1 м | I58: 48 | J58: 0 | O58: =ROUND(CP58*I58,0) -> 3434 | P58: =ROUND(CQ58*I58,0) -> 2506 | Q58: =ROUND(CR58*I58,0) -> 131 | R58: =ROUND(CS58*I58,0) -> 3 | S58: =ROUND(CT58*I58,0) -> 797 | T58: =ROUND(CU58*I58,0) -> 0 | U58: =CV58*I58 -> 57.082872 | V58: =CW58*I58 -> 0.1938 | W58: =ROUND(CX58*I58,0) -> 0 | X58: =ROUND(CY58,0) -> 1024 | Y58: =ROUND(CZ58,0) -> 568 | AA58: 0 | AB58: =ROUND((AC58+AD58+AF58),2) -> 71.54 | AC58: =ROUND((ES58),2) -> 52.2 | AD58: =ROUND(((((ET58*1.25)*1.7))+(((((EU58*1.25)*1.7))*1.13)-(((EU58*1.25)*1.7)))),2) -> 2.73 | AE58: =ROUND(((((EU58*1.25)*1.7))*1.13),2) -> 0.07 | AF58: =ROUND(((((EV58*1.15)*1.7))*1.13),2) -> 16.61 | AG58: =ROUND((AP58),2) -> 0 | AH58: =(((EW58*1.15)*1.7)) -> 1.1892265 | AI58: =(((EX58*1.25)*1.7)) -> 0.0040375 | AJ58: =ROUND((AS58),2) -> 0 | AK58: 61 | AL58: 52.2 | AM58: 1.28 | AN58: 0.03 | AO58: 7.52 | AP58: 0 | AQ58: 0.6083 | AR58: 0.0019 | AS58: 0 | AT58: =BZ58 -> 128 | AU58: =CA58 -> 71 | AV58: 1 | AW58: 1 | AX58: 1 | AY58: 1 | AZ58: 1 | BA58: 1 | BB58: 1 | BC58: 1 | BH58: 0 | BI58: 1 | BJ58: ТЕР Челябинской обл.,сб.16,гл.02,табл.004,поз.1 | BM58: 130 | BN58: 0 | BO58: 16-02-004-1 | BP58: 1 | BQ58: 5 | BR58: 0 | BS58: 1 | BT58: 1 | BU58: 1 | BV58: 1 | BW58: 1 | BX58: 1 | BZ58: 128 | CA58: 71 | CF58: 0 | CG58: 0 | CM58: 0 | CO58: 0 | CP58: =(AB58)*AZ58 -> 71.54 | CQ58: =(AC58)*BC58 -> 52.2 | CR58: =(AD58)*BB58 -> 2.73 | CS58: =(AE58)*BS58 -> 0.07 | CT58: =(AF58)*BA58 -> 16.61 | CU58: =(AG58)*BT58 -> 0 | CV58: =(AH58)*BU58 -> 1.1892265 | CW58: =(AI58)*BV58 -> 0.0040375 | CX58: =(AJ58)*BW58 -> 0 | CY58: =(((R58+S58)*BZ58*1)/100) -> 1024 | CZ58: =(((R58+S58)*CA58*1)/100) -> 568 | DE58: )*1,25)*1,7 | DF58: )*1,25)*1,7 | DG58: )*1,15)*1,7 | DI58: )*1,15)*1,7 | DJ58: )*1,25)*1,7 | DN58: 0 | DO58: 0 | DP58: 1 | DQ58: 1 | DR58: 1 | DS58: 1 | DT58: 1 | DU58: 1003 | DV58: 1 м | DW58: 1 м трубопровода | DX58: 1 | EE58: 13990945 | EF58: 5 | EG58: Сантехнические работы | EH58: 0 | EJ58: 1 | EK58: 130 | EL58: Санитарнотехнические работы -внутренние (трубопроводы, водопровод, канализация, отопление, газоснабжение, вентиляция, кондиционирование воздуха) | EQ58: 512 | ER58: 61 | ES58: 52.2 | ET58: 1.28 | EU58: 0.03 | EV58: 7.52 | EW58: 0.6083 | EX58: 0.0019 | EY58: 0 | EZ58: 0 | FQ58: 0 | FR58: =ROUND(IF(AND(AA58=0,BI58=3),P58,0),0) -> 0 | FS58: 0
A59: 17 | B59: 1 | C59: =ROW(SmtRes!A189) -> 189 | D59: =ROW(EtalonRes!A189) -> 189 | E59: 23 | F59: 18-03-004-8 | G59: Установка регистров из стальных электросварных труб, диаметром нитки, мм: 100 | H59: 1 м | I59: 60 | J59: 0 | O59: =ROUND(CP59*I59,0) -> 770 | P59: =ROUND(CQ59*I59,0) -> 244 | Q59: =ROUND(CR59*I59,0) -> 129 | R59: =ROUND(CS59*I59,0) -> 3 | S59: =ROUND(CT59*I59,0) -> 397 | T59: =ROUND(CU59*I59,0) -> 0 | U59: =CV59*I59 -> 30.55665 | V59: =CW59*I59 -> 0.1785 | W59: =ROUND(CX59*I59,0) -> 0 | X59: =ROUND(CY59,0) -> 520 | Y59: =ROUND(CZ59,0) -> 284 | AA59: 0 | AB59: =ROUND((AC59+AD59+AF59),2) -> 12.83 | AC59: =ROUND((ES59+(SUM(SmtRes!BC176:'SmtRes'!BC189)+SUM(EtalonRes!AL176:'EtalonRes'!AL189))),2) -> 4.07 | AD59: =ROUND(((((ET59*1.25)*1.7))+(((((EU59*1.25)*1.7))*1.13)-(((EU59*1.25)*1.7)))),2) -> 2.15 | AE59: =ROUND(((((EU59*1.25)*1.7))*1.13),2) -> 0.05 | AF59: =ROUND(((((EV59*1.15)*1.7))*1.13),2) -> 6.61 | AG59: =ROUND((AP59),2) -> 0 | AH59: =(((EW59*1.15)*1.7)) -> 0.5092775 | AI59: =(((EX59*1.25)*1.7)) -> 0.002975 | AJ59: =ROUND((AS59),2) -> 0 | AK59: 155.07 | AL59: 151.07 | AM59: 1.01 | AN59: 0.02 | AO59: 2.99 | AP59: 0 | AQ59: 0.2605 | AR59: 0.0014 | AS59: 0 | AT59: =BZ59 -> 130 | AU59: =CA59 -> 71 | AV59: 1 | AW59: 1 | AX59: 1 | AY59: 1 | AZ59: 1 | BA59: 1 | BB59: 1 | BC59: 1 | BH59: 0 | BI59: 1 | BJ59: ТЕР Челябинской обл.,сб.18,гл.03,табл.004,поз.8 | BM59: 130 | BN59: 0 | BO59: 18-03-004-8 | BP59: 1 | BQ59: 5 | BR59: 0 | BS59: 1 | BT59: 1 | BU59: 1 | BV59: 1 | BW59: 1 | BX59: 1 | BZ59: 130 | CA59: 71 | CF59: 0 | CG59: 0 | CM59: 0 | CO59: 0 | CP59: =(AB59)*AZ59 -> 12.83 | CQ59: =(AC59)*BC59 -> 4.07 | CR59: =(AD59)*BB59 -> 2.15 | CS59: =(AE59)*BS59 -> 0.05 | CT59: =(AF59)*BA59 -> 6.61 | CU59: =(AG59)*BT59 -> 0 | CV59: =(AH59)*BU59 -> 0.5092775 | CW59: =(AI59)*BV59 -> 0.002975 | CX59: =(AJ59)*BW59 -> 0 | CY59: =(((R59+S59)*BZ59*1)/100) -> 520 | CZ59: =(((R59+S59)*CA59*1)/100) -> 284 | DE59: )*1,25)*1,7 | DF59: )*1,25)*1,7 | DG59: )*1,15)*1,7 | DI59: )*1,15)*1,7 | DJ59: )*1,25)*1,7 | DN59: 0 | DO59: 0 | DP59: 1 | DQ59: 1 | DR59: 1 | DS59: 1 | DT59: 1 | DU59: 1003 | DV59: 1 м | DW59: 1 м труб нитки регистра | DX59: 1 | EE59: 13990945 | EF59: 5 | EG59: Сантехнические работы | EH59: 0 | EJ59: 1 | EK59: 130 | EL59: Санитарнотехнические работы -внутренние (трубопроводы, водопровод, канализация, отопление, газоснабжение, вентиляция, кондиционирование воздуха) | EQ59: 704 | ER59: 155.07 | ES59: 151.07 | ET59: 1.01 | EU59: 0.02 | EV59: 2.99 | EW59: 0.2605 | EX59: 0.0014 | EY59: 1 | EZ59: 0 | FQ59: 0 | FR59: =ROUND(IF(AND(AA59=0,BI59=3),P59,0),0) -> 0 | FS59: 0
A60: 17 | B60: 1 | E60: 24 | F60: 300-0590 | G60: Регистры отопительные из стальных электросварных труб диаметром нитки, мм: 133 | H60: м | I60: 60 | J60: 0 | O60: =ROUND(CP60*I60,0) -> 9480 | P60: =ROUND(CQ60*I60,0) -> 9480 | Q60: =ROUND(CR60*I60,0) -> 0 | R60: =ROUND(CS60*I60,0) -> 0 | S60: =ROUND(CT60*I60,0) -> 0 | T60: =ROUND(CU60*I60,0) -> 0 | U60: =CV60*I60 -> 0 | V60: =CW60*I60 -> 0 | W60: =ROUND(CX60*I60,0) -> 0 | X60: =ROUND(CY60,0) -> 0 | Y60: =ROUND(CZ60,0) -> 0 | AA60: 0 | AB60: =ROUND((AC60+AD60+AF60),2) -> 158 | AC60: =ROUND((ES60),2) -> 158 | AD60: =ROUND((ET60),2) -> 0 | AE60: =ROUND((EU60),2) -> 0 | AF60: =ROUND((EV60),2) -> 0 | AG60: =ROUND((AP60),2) -> 0 | AH60: =(EW60) -> 0 | AI60: =(EX60) -> 0 | AJ60: =ROUND((AS60),2) -> 0 | AK60: 158 | AL60: 158 | AM60: 0 | AN60: 0 | AO60: 0 | AP60: 0 | AQ60: 0 | AR60: 0 | AS60: 0 | AT60: =BZ60 -> 0 | AU60: =CA60 -> 0 | AV60: 1 | AW60: 1 | AX60: 1 | AY60: 1 | AZ60: 1 | BA60: 1 | BB60: 1 | BC60: 1 | BH60: 3 | BI60: 1 | BJ60: ССЦ Челябинской обл.,сб.300,поз.0590 | BM60: 205 | BN60: 0 | BO60: 300-0590 | BP60: 1 | BQ60: 5 | BR60: 0 | BS60: 1 | BT60: 1 | BU60: 1 | BV60: 1 | BW60: 1 | BX60: 1 | BZ60: 0 | CA60: 0 | CF60: 0 | CG60: 0 | CM60: 0 | CO60: 0 | CP60: =(AB60)*AZ60 -> 158 | CQ60: =(AC60)*BC60 -> 158 | CR60: =(AD60)*BB60 -> 0 | CS60: =(AE60)*BS60 -> 0 | CT60: =(AF60)*BA60 -> 0 | CU60: =(AG60)*BT60 -> 0 | CV60: =(AH60)*BU60 -> 0 | CW60: =(AI60)*BV60 -> 0 | CX60: =(AJ60)*BW60 -> 0 | CY60: =(0)*BX60 -> 0 | CZ60: =(0)*AX60 -> 0 | DN60: 0 | DO60: 0 | DP60: 1 | DQ60: 1 | DR60: 1 | DS60: 1 | DT60: 1 | DU60: 1003 | DV60: м | DW60: м | DX60: 1 | EE60: 13990987 | EF60: 5 | EG60: Сантехнические работы | EH60: 0 | EJ60: 1 | EK60: 205 | EL60: Материалы для сантехнических работ | EQ60: 0 | ER60: 158 | ES60: 158 | ET60: 0 | EU60: 0 | EV60: 0 | EW60: 0 | EX60: 0 | EY60: 0 | EZ60: 0 | FQ60: 0 | FR60: =ROUND(IF(AND(AA60=0,BI60=3),P60,0),0) -> 0 | FS60: 0
A61: 17 | B61: 1 | C61: =ROW(SmtRes!A203) -> 203 | D61: =ROW(EtalonRes!A203) -> 203 | E61: 25 | F61: 16-02-004-1 | G61: Прокладка трубопроводов отопления и газоснабжения из стальных бесшовных труб диаметром, мм: 57х3,5 | H61: 1 м | I61: 8.2 | J61: 0 | O61: =ROUND(CP61*I61,0) -> 587 | P61: =ROUND(CQ61*I61,0) -> 428 | Q61: =ROUND(CR61*I61,0) -> 22 | R61: =ROUND(CS61*I61,0) -> 1 | S61: =ROUND(CT61*I61,0) -> 136 | T61: =ROUND(CU61*I61,0) -> 0 | U61: =CV61*I61 -> 9.7516573 | V61: =CW61*I61 -> 0.0331075 | W61: =ROUND(CX61*I61,0) -> 0 | X61: =ROUND(CY61,0) -> 175 | Y61: =ROUND(CZ61,0) -> 97 | AA61: 0 | AB61: =ROUND((AC61+AD61+AF61),2) -> 71.54 | AC61: =ROUND((ES61),2) -> 52.2 | AD61: =ROUND(((((ET61*1.25)*1.7))+(((((EU61*1.25)*1.7))*1.13)-(((EU61*1.25)*1.7)))),2) -> 2.73 | AE61: =ROUND(((((EU61*1.25)*1.7))*1.13),2) -> 0.07 | AF61: =ROUND(((((EV61*1.15)*1.7))*1.13),2) -> 16.61 | AG61: =ROUND((AP61),2) -> 0 | AH61: =(((EW61*1.15)*1.7)) -> 1.1892265 | AI61: =(((EX61*1.25)*1.7)) -> 0.0040375 | AJ61: =ROUND((AS61),2) -> 0 | AK61: 61 | AL61: 52.2 | AM61: 1.28 | AN61: 0.03 | AO61: 7.52 | AP61: 0 | AQ61: 0.6083 | AR61: 0.0019 | AS61: 0 | AT61: =BZ61 -> 128 | AU61: =CA61 -> 71 | AV61: 1 | AW61: 1 | AX61: 1 | AY61: 1 | AZ61: 1 | BA61: 1 | BB61: 1 | BC61: 1 | BH61: 0 | BI61: 1 | BJ61: ТЕР Челябинской обл.,сб.16,гл.02,табл.004,поз.1 | BM61: 130 | BN61: 0 | BO61: 16-02-004-1 | BP61: 1 | BQ61: 5 | BR61: 0 | BS61: 1 | BT61: 1 | BU61: 1 | BV61: 1 | BW61: 1 | BX61: 1 | BZ61: 128 | CA61: 71 | CF61: 0 | CG61: 0 | CM61: 0 | CO61: 0 | CP61: =(AB61)*AZ61 -> 71.54 | CQ61: =(AC61)*BC61 -> 52.2 | CR61: =(AD61)*BB61 -> 2.73 | CS61: =(AE61)*BS61 -> 0.07 | CT61: =(AF61)*BA61 -> 16.61 | CU61: =(AG61)*BT61 -> 0 | CV61: =(AH61)*BU61 -> 1.1892265 | CW61: =(AI61)*BV61 -> 0.0040375 | CX61: =(AJ61)*BW61 -> 0 | CY61: =(((R61+S61)*BZ61*1)/100) -> 175.36 | CZ61: =(((R61+S61)*CA61*1)/100) -> 97.27 | DE61: )*1,25)*1,7 | DF61: )*1,25)*1,7 | DG61: )*1,15)*1,7 | DI61: )*1,15)*1,7 | DJ61: )*1,25)*1,7 | DN61: 0 | DO61: 0 | DP61: 1 | DQ61: 1 | DR61: 1 | DS61: 1 | DT61: 1 | DU61: 1003 | DV61: 1 м | DW61: 1 м трубопровода | DX61: 1 | EE61: 13990945 | EF61: 5 | EG61: Сантехнические работы | EH61: 0 | EJ61: 1 | EK61: 130 | EL61: Санитарнотехнические работы -внутренние (трубопроводы, водопровод, канализация, отопление, газоснабжение, вентиляция, кондиционирование воздуха) | EQ61: 512 | ER61: 61 | ES61: 52.2 | ET61: 1.28 | EU61: 0.03 | EV61: 7.52 | EW61: 0.6083 | EX61: 0.0019 | EY61: 0 | EZ61: 0 | FQ61: 0 | FR61: =ROUND(IF(AND(AA61=0,BI61=3),P61,0),0) -> 0 | FS61: 0
A62: 17 | B62: 1 | C62: =ROW(SmtRes!A217) -> 217 | D62: =ROW(EtalonRes!A217) -> 217 | E62: 26 | F62: 18-03-004-8 | G62: Установка регистров из стальных электросварных труб, диаметром нитки, мм: 100 | H62: 1 м | I62: 30 | J62: 0 | O62: =ROUND(CP62*I62,0) -> 4795 | P62: =ROUND(CQ62*I62,0) -> 4532 | Q62: =ROUND(CR62*I62,0) -> 65 | R62: =ROUND(CS62*I62,0) -> 2 | S62: =ROUND(CT62*I62,0) -> 198 | T62: =ROUND(CU62*I62,0) -> 0 | U62: =CV62*I62 -> 15.278325 | V62: =CW62*I62 -> 0.08925 | W62: =ROUND(CX62*I62,0) -> 0 | X62: =ROUND(CY62,0) -> 260 | Y62: =ROUND(CZ62,0) -> 142 | AA62: 0 | AB62: =ROUND((AC62+AD62+AF62),2) -> 159.83 | AC62: =ROUND((ES62),2) -> 151.07 | AD62: =ROUND(((((ET62*1.25)*1.7))+(((((EU62*1.25)*1.7))*1.13)-(((EU62*1.25)*1.7)))),2) -> 2.15 | AE62: =ROUND(((((EU62*1.25)*1.7))*1.13),2) -> 0.05 | AF62: =ROUND(((((EV62*1.15)*1.7))*1.13),2) -> 6.61 | AG62: =ROUND((AP62),2) -> 0 | AH62: =(((EW62*1.15)*1.7)) -> 0.5092775 | AI62: =(((EX62*1.25)*1.7)) -> 0.002975 | AJ62: =ROUND((AS62),2) -> 0 | AK62: 155.07 | AL62: 151.07 | AM62: 1.01 | AN62: 0.02 | AO62: 2.99 | AP62: 0 | AQ62: 0.2605 | AR62: 0.0014 | AS62: 0 | AT62: =BZ62 -> 130 | AU62: =CA62 -> 71 | AV62: 1 | AW62: 1 | AX62: 1 | AY62: 1 | AZ62: 1 | BA62: 1 | BB62: 1 | BC62: 1 | BH62: 0 | BI62: 1 | BJ62: ТЕР Челябинской обл.,сб.18,гл.03,табл.004,поз.8 | BM62: 130 | BN62: 0 | BO62: 18-03-004-8 | BP62: 1 | BQ62: 5 | BR62: 0 | BS62: 1 | BT62: 1 | BU62: 1 | BV62: 1 | BW62: 1 | BX62: 1 | BZ62: 130 | CA62: 71 | CF62: 0 | CG62: 0 | CM62: 0 | CO62: 0 | CP62: =(AB62)*AZ62 -> 159.83 | CQ62: =(AC62)*BC62 -> 151.07 | CR62: =(AD62)*BB62 -> 2.15 | CS62: =(AE62)*BS62 -> 0.05 | CT62: =(AF62)*BA62 -> 6.61 | CU62: =(AG62)*BT62 -> 0 | CV62: =(AH62)*BU62 -> 0.5092775 | CW62: =(AI62)*BV62 -> 0.002975 | CX62: =(AJ62)*BW62 -> 0 | CY62: =(((R62+S62)*BZ62*1)/100) -> 260 | CZ62: =(((R62+S62)*CA62*1)/100) -> 142 | DE62: )*1,25)*1,7 | DF62: )*1,25)*1,7 | DG62: )*1,15)*1,7 | DI62: )*1,15)*1,7 | DJ62: )*1,25)*1,7 | DN62: 0 | DO62: 0 | DP62: 1 | DQ62: 1 | DR62: 1 | DS62: 1 | DT62: 1 | DU62: 1003 | DV62: 1 м | DW62: 1 м труб нитки регистра | DX62: 1 | EE62: 13990945 | EF62: 5 | EG62: Сантехнические работы | EH62: 0 | EJ62: 1 | EK62: 130 | EL62: Санитарнотехнические работы -внутренние (трубопроводы, водопровод, канализация, отопление, газоснабжение, вентиляция, кондиционирование воздуха) | EQ62: 576 | ER62: 155.07 | ES62: 151.07 | ET62: 1.01 | EU62: 0.02 | EV62: 2.99 | EW62: 0.2605 | EX62: 0.0014 | EY62: 0 | EZ62: 0 | FQ62: 0 | FR62: =ROUND(IF(AND(AA62=0,BI62=3),P62,0),0) -> 0 | FS62: 0
A63: 17 | B63: 1 | C63: =ROW(SmtRes!A231) -> 231 | D63: =ROW(EtalonRes!A231) -> 231 | E63: 27 | F63: 16-02-004-1 | G63: Прокладка трубопроводов отопления и газоснабжения из стальных бесшовных труб диаметром, мм: 57х3,5 | H63: 1 м | I63: 4.2 | J63: 0 | O63: =ROUND(CP63*I63,0) -> 300 | P63: =ROUND(CQ63*I63,0) -> 219 | Q63: =ROUND(CR63*I63,0) -> 11 | R63: =ROUND(CS63*I63,0) -> 0 | S63: =ROUND(CT63*I63,0) -> 70 | T63: =ROUND(CU63*I63,0) -> 0 | U63: =CV63*I63 -> 4.9947513 | V63: =CW63*I63 -> 0.0169575 | W63: =ROUND(CX63*I63,0) -> 0 | X63: =ROUND(CY63,0) -> 90 | Y63: =ROUND(CZ63,0) -> 50 | AA63: 0 | AB63: =ROUND((AC63+AD63+AF63),2) -> 71.54 | AC63: =ROUND((ES63),2) -> 52.2 | AD63: =ROUND(((((ET63*1.25)*1.7))+(((((EU63*1.25)*1.7))*1.13)-(((EU63*1.25)*1.7)))),2) -> 2.73 | AE63: =ROUND(((((EU63*1.25)*1.7))*1.13),2) -> 0.07 | AF63: =ROUND(((((EV63*1.15)*1.7))*1.13),2) -> 16.61 | AG63: =ROUND((AP63),2) -> 0 | AH63: =(((EW63*1.15)*1.7)) -> 1.1892265 | AI63: =(((EX63*1.25)*1.7)) -> 0.0040375 | AJ63: =ROUND((AS63),2) -> 0 | AK63: 61 | AL63: 52.2 | AM63: 1.28 | AN63: 0.03 | AO63: 7.52 | AP63: 0 | AQ63: 0.6083 | AR63: 0.0019 | AS63: 0 | AT63: =BZ63 -> 128 | AU63: =CA63 -> 71 | AV63: 1 | AW63: 1 | AX63: 1 | AY63: 1 | AZ63: 1 | BA63: 1 | BB63: 1 | BC63: 1 | BH63: 0 | BI63: 1 | BJ63: ТЕР Челябинской обл.,сб.16,гл.02,табл.004,поз.1 | BM63: 130 | BN63: 0 | BO63: 16-02-004-1 | BP63: 1 | BQ63: 5 | BR63: 0 | BS63: 1 | BT63: 1 | BU63: 1 | BV63: 1 | BW63: 1 | BX63: 1 | BZ63: 128 | CA63: 71 | CF63: 0 | CG63: 0 | CM63: 0 | CO63: 0 | CP63: =(AB63)*AZ63 -> 71.54 | CQ63: =(AC63)*BC63 -> 52.2 | CR63: =(AD63)*BB63 -> 2.73 | CS63: =(AE63)*BS63 -> 0.07 | CT63: =(AF63)*BA63 -> 16.61 | CU63: =(AG63)*BT63 -> 0 | CV63: =(AH63)*BU63 -> 1.1892265 | CW63: =(AI63)*BV63 -> 0.0040375 | CX63: =(AJ63)*BW63 -> 0 | CY63: =(((R63+S63)*BZ63*1)/100) -> 89.6 | CZ63: =(((R63+S63)*CA63*1)/100) -> 49.7 | DE63: )*1,25)*1,7 | DF63: )*1,25)*1,7 | DG63: )*1,15)*1,7 | DI63: )*1,15)*1,7 | DJ63: )*1,25)*1,7 | DN63: 0 | DO63: 0 | DP63: 1 | DQ63: 1 | DR63: 1 | DS63: 1 | DT63: 1 | DU63: 1003 | DV63: 1 м | DW63: 1 м трубопровода | DX63: 1 | EE63: 13990945 | EF63: 5 | EG63: Сантехнические работы | EH63: 0 | EJ63: 1 | EK63: 130 | EL63: Санитарнотехнические работы -внутренние (трубопроводы, водопровод, канализация, отопление, газоснабжение, вентиляция, кондиционирование воздуха) | EQ63: 512 | ER63: 61 | ES63: 52.2 | ET63: 1.28 | EU63: 0.03 | EV63: 7.52 | EW63: 0.6083 | EX63: 0.0019 | EY63: 0 | EZ63: 0 | FQ63: 0 | FR63: =ROUND(IF(AND(AA63=0,BI63=3),P63,0),0) -> 0 | FS63: 0
A64: 17 | B64: 1 | C64: =ROW(SmtRes!A245) -> 245 | D64: =ROW(EtalonRes!A245) -> 245 | E64: 28 | F64: 18-03-004-8 | G64: Установка регистров из стальных электросварных труб, диаметром нитки, мм: 100 | H64: 1 м | I64: 20 | J64: 0 | O64: =ROUND(CP64*I64,0) -> 3197 | P64: =ROUND(CQ64*I64,0) -> 3021 | Q64: =ROUND(CR64*I64,0) -> 43 | R64: =ROUND(CS64*I64,0) -> 1 | S64: =ROUND(CT64*I64,0) -> 132 | T64: =ROUND(CU64*I64,0) -> 0 | U64: =CV64*I64 -> 10.18555 | V64: =CW64*I64 -> 0.0595 | W64: =ROUND(CX64*I64,0) -> 0 | X64: =ROUND(CY64,0) -> 173 | Y64: =ROUND(CZ64,0) -> 94 | AA64: 0 | AB64: =ROUND((AC64+AD64+AF64),2) -> 159.83 | AC64: =ROUND((ES64),2) -> 151.07 | AD64: =ROUND(((((ET64*1.25)*1.7))+(((((EU64*1.25)*1.7))*1.13)-(((EU64*1.25)*1.7)))),2) -> 2.15 | AE64: =ROUND(((((EU64*1.25)*1.7))*1.13),2) -> 0.05 | AF64: =ROUND(((((EV64*1.15)*1.7))*1.13),2) -> 6.61 | AG64: =ROUND((AP64),2) -> 0 | AH64: =(((EW64*1.15)*1.7)) -> 0.5092775 | AI64: =(((EX64*1.25)*1.7)) -> 0.002975 | AJ64: =ROUND((AS64),2) -> 0 | AK64: 155.07 | AL64: 151.07 | AM64: 1.01 | AN64: 0.02 | AO64: 2.99 | AP64: 0 | AQ64: 0.2605 | AR64: 0.0014 | AS64: 0 | AT64: =BZ64 -> 130 | AU64: =CA64 -> 71 | AV64: 1 | AW64: 1 | AX64: 1 | AY64: 1 | AZ64: 1 | BA64: 1 | BB64: 1 | BC64: 1 | BH64: 0 | BI64: 1 | BJ64: ТЕР Челябинской обл.,сб.18,гл.03,табл.004,поз.8 | BM64: 130 | BN64: 0 | BO64: 18-03-004-8 | BP64: 1 | BQ64: 5 | BR64: 0 | BS64: 1 | BT64: 1 | BU64: 1 | BV64: 1 | BW64: 1 | BX64: 1 | BZ64: 130 | CA64: 71 | CF64: 0 | CG64: 0 | CM64: 0 | CO64: 0 | CP64: =(AB64)*AZ64 -> 159.83 | CQ64: =(AC64)*BC64 -> 151.07 | CR64: =(AD64)*BB64 -> 2.15 | CS64: =(AE64)*BS64 -> 0.05 | CT64: =(AF64)*BA64 -> 6.61 | CU64: =(AG64)*BT64 -> 0 | CV64: =(AH64)*BU64 -> 0.5092775 | CW64: =(AI64)*BV64 -> 0.002975 | CX64: =(AJ64)*BW64 -> 0 | CY64: =(((R64+S64)*BZ64*1)/100) -> 172.9 | CZ64: =(((R64+S64)*CA64*1)/100) -> 94.43 | DE64: )*1,25)*1,7 | DF64: )*1,25)*1,7 | DG64: )*1,15)*1,7 | DI64: )*1,15)*1,7 | DJ64: )*1,25)*1,7 | DN64: 0 | DO64: 0 | DP64: 1 | DQ64: 1 | DR64: 1 | DS64: 1 | DT64: 1 | DU64: 1003 | DV64: 1 м | DW64: 1 м труб нитки регистра | DX64: 1 | EE64: 13990945 | EF64: 5 | EG64: Сантехнические работы | EH64: 0 | EJ64: 1 | EK64: 130 | EL64: Санитарнотехнические работы -внутренние (трубопроводы, водопровод, канализация, отопление, газоснабжение, вентиляция, кондиционирование воздуха) | EQ64: 576 | ER64: 155.07 | ES64: 151.07 | ET64: 1.01 | EU64: 0.02 | EV64: 2.99 | EW64: 0.2605 | EX64: 0.0014 | EY64: 0 | EZ64: 0 | FQ64: 0 | FR64: =ROUND(IF(AND(AA64=0,BI64=3),P64,0),0) -> 0 | FS64: 0
A65: 17 | B65: 1 | C65: =ROW(SmtRes!A259) -> 259 | D65: =ROW(EtalonRes!A259) -> 259 | E65: 29 | F65: 16-02-004-1 | G65: Прокладка трубопроводов отопления и газоснабжения из стальных бесшовных труб диаметром, мм: 57х3,5 | H65: 1 м | I65: 2.784 | J65: 0 | O65: =ROUND(CP65*I65,0) -> 199 | P65: =ROUND(CQ65*I65,0) -> 145 | Q65: =ROUND(CR65*I65,0) -> 8 | R65: =ROUND(CS65*I65,0) -> 0 | S65: =ROUND(CT65*I65,0) -> 46 | T65: =ROUND(CU65*I65,0) -> 0 | U65: =CV65*I65 -> 3.3108066 | V65: =CW65*I65 -> 0.0112404 | W65: =ROUND(CX65*I65,0) -> 0 | X65: =ROUND(CY65,0) -> 59 | Y65: =ROUND(CZ65,0) -> 33 | AA65: 0 | AB65: =ROUND((AC65+AD65+AF65),2) -> 71.54 | AC65: =ROUND((ES65),2) -> 52.2 | AD65: =ROUND(((((ET65*1.25)*1.7))+(((((EU65*1.25)*1.7))*1.13)-(((EU65*1.25)*1.7)))),2) -> 2.73 | AE65: =ROUND(((((EU65*1.25)*1.7))*1.13),2) -> 0.07 | AF65: =ROUND(((((EV65*1.15)*1.7))*1.13),2) -> 16.61 | AG65: =ROUND((AP65),2) -> 0 | AH65: =(((EW65*1.15)*1.7)) -> 1.1892265 | AI65: =(((EX65*1.25)*1.7)) -> 0.0040375 | AJ65: =ROUND((AS65),2) -> 0 | AK65: 61 | AL65: 52.2 | AM65: 1.28 | AN65: 0.03 | AO65: 7.52 | AP65: 0 | AQ65: 0.6083 | AR65: 0.0019 | AS65: 0 | AT65: =BZ65 -> 128 | AU65: =CA65 -> 71 | AV65: 1 | AW65: 1 | AX65: 1 | AY65: 1 | AZ65: 1 | BA65: 1 | BB65: 1 | BC65: 1 | BH65: 0 | BI65: 1 | BJ65: ТЕР Челябинской обл.,сб.16,гл.02,табл.004,поз.1 | BM65: 130 | BN65: 0 | BO65: 16-02-004-1 | BP65: 1 | BQ65: 5 | BR65: 0 | BS65: 1 | BT65: 1 | BU65: 1 | BV65: 1 | BW65: 1 | BX65: 1 | BZ65: 128 | CA65: 71 | CF65: 0 | CG65: 0 | CM65: 0 | CO65: 0 | CP65: =(AB65)*AZ65 -> 71.54 | CQ65: =(AC65)*BC65 -> 52.2 | CR65: =(AD65)*BB65 -> 2.73 | CS65: =(AE65)*BS65 -> 0.07 | CT65: =(AF65)*BA65 -> 16.61 | CU65: =(AG65)*BT65 -> 0 | CV65: =(AH65)*BU65 -> 1.1892265 | CW65: =(AI65)*BV65 -> 0.0040375 | CX65: =(AJ65)*BW65 -> 0 | CY65: =(((R65+S65)*BZ65*1)/100) -> 58.88 | CZ65: =(((R65+S65)*CA65*1)/100) -> 32.66 | DE65: )*1,25)*1,7 | DF65: )*1,25)*1,7 | DG65: )*1,15)*1,7 | DI65: )*1,15)*1,7 | DJ65: )*1,25)*1,7 | DN65: 0 | DO65: 0 | DP65: 1 | DQ65: 1 | DR65: 1 | DS65: 1 | DT65: 1 | DU65: 1003 | DV65: 1 м | DW65: 1 м трубопровода | DX65: 1 | EE65: 13990945 | EF65: 5 | EG65: Сантехнические работы | EH65: 0 | EJ65: 1 | EK65: 130 | EL65: Санитарнотехнические работы -внутренние (трубопроводы, водопровод, канализация, отопление, газоснабжение, вентиляция, кондиционирование воздуха) | EQ65: 512 | ER65: 61 | ES65: 52.2 | ET65: 1.28 | EU65: 0.03 | EV65: 7.52 | EW65: 0.6083 | EX65: 0.0019 | EY65: 0 | EZ65: 0 | FQ65: 0 | FR65: =ROUND(IF(AND(AA65=0,BI65=3),P65,0),0) -> 0 | FS65: 0
A66: 17 | B66: 1 | C66: =ROW(SmtRes!A273) -> 273 | D66: =ROW(EtalonRes!A273) -> 273 | E66: 30 | F66: 18-03-004-8 | G66: Установка регистров из стальных электросварных труб, диаметром нитки, мм: 100 | H66: 1 м | I66: 82.5 | J66: 0 | O66: =ROUND(CP66*I66,0) -> 1058 | P66: =ROUND(CQ66*I66,0) -> 336 | Q66: =ROUND(CR66*I66,0) -> 177 | R66: =ROUND(CS66*I66,0) -> 4 | S66: =ROUND(CT66*I66,0) -> 545 | T66: =ROUND(CU66*I66,0) -> 0 | U66: =CV66*I66 -> 42.015394 | V66: =CW66*I66 -> 0.2454375 | W66: =ROUND(CX66*I66,0) -> 0 | X66: =ROUND(CY66,0) -> 714 | Y66: =ROUND(CZ66,0) -> 390 | AA66: 0 | AB66: =ROUND((AC66+AD66+AF66),2) -> 12.83 | AC66: =ROUND((ES66+(SUM(SmtRes!BC260:'SmtRes'!BC273)+SUM(EtalonRes!AL260:'EtalonRes'!AL273))),2) -> 4.07 | AD66: =ROUND((((ET66*1.7*1.25))+((((EU66*1.7*1.25))*1.13)-((EU66*1.7*1.25)))),2) -> 2.15 | AE66: =ROUND((((EU66*1.7*1.25))*1.13),2) -> 0.05 | AF66: =ROUND((((EV66*1.7*1.15))*1.13),2) -> 6.61 | AG66: =ROUND((AP66),2) -> 0 | AH66: =((EW66*1.7*1.15)) -> 0.5092775 | AI66: =((EX66*1.7*1.25)) -> 0.002975 | AJ66: =ROUND((AS66),2) -> 0 | AK66: 155.07 | AL66: 151.07 | AM66: 1.01 | AN66: 0.02 | AO66: 2.99 | AP66: 0 | AQ66: 0.2605 | AR66: 0.0014 | AS66: 0 | AT66: =BZ66 -> 130 | AU66: =CA66 -> 71 | AV66: 1 | AW66: 1 | AX66: 1 | AY66: 1 | AZ66: 1 | BA66: 1 | BB66: 1 | BC66: 1 | BH66: 0 | BI66: 1 | BJ66: ТЕР Челябинской обл.,сб.18,гл.03,табл.004,поз.8 | BM66: 130 | BN66: 0 | BO66: 18-03-004-8 | BP66: 1 | BQ66: 5 | BR66: 0 | BS66: 1 | BT66: 1 | BU66: 1 | BV66: 1 | BW66: 1 | BX66: 1 | BZ66: 130 | CA66: 71 | CF66: 0 | CG66: 0 | CM66: 0 | CO66: 0 | CP66: =(AB66)*AZ66 -> 12.83 | CQ66: =(AC66)*BC66 -> 4.07 | CR66: =(AD66)*BB66 -> 2.15 | CS66: =(AE66)*BS66 -> 0.05 | CT66: =(AF66)*BA66 -> 6.61 | CU66: =(AG66)*BT66 -> 0 | CV66: =(AH66)*BU66 -> 0.5092775 | CW66: =(AI66)*BV66 -> 0.002975 | CX66: =(AJ66)*BW66 -> 0 | CY66: =(((R66+S66)*BZ66*1)/100) -> 713.7 | CZ66: =(((R66+S66)*CA66*1)/100) -> 389.79 | DE66: )*1,7*1.25 | DF66: )*1,7*1.25 | DG66: )*1,7*1.15 | DI66: )*1,7*1.15 | DJ66: )*1,7*1.25 | DN66: 0 | DO66: 0 | DP66: 1 | DQ66: 1 | DR66: 1 | DS66: 1 | DT66: 1 | DU66: 1003 | DV66: 1 м | DW66: 1 м труб нитки регистра | DX66: 1 | EE66: 13990945 | EF66: 5 | EG66: Сантехнические работы | EH66: 0 | EJ66: 1 | EK66: 130 | EL66: Санитарнотехнические работы -внутренние (трубопроводы, водопровод, канализация, отопление, газоснабжение, вентиляция, кондиционирование воздуха) | EQ66: 704 | ER66: 155.07 | ES66: 151.07 | ET66: 1.01 | EU66: 0.02 | EV66: 2.99 | EW66: 0.2605 | EX66: 0.0014 | EY66: 1 | EZ66: 0 | FQ66: 0 | FR66: =ROUND(IF(AND(AA66=0,BI66=3),P66,0),0) -> 0 | FS66: 0
A67: 17 | B67: 1 | E67: 31 | F67: 300-0590 | G67: Регистры отопительные из стальных электросварных труб диаметром нитки, мм: 133 | H67: м | I67: 82.5 | J67: 0 | O67: =ROUND(CP67*I67,0) -> 13035 | P67: =ROUND(CQ67*I67,0) -> 13035 | Q67: =ROUND(CR67*I67,0) -> 0 | R67: =ROUND(CS67*I67,0) -> 0 | S67: =ROUND(CT67*I67,0) -> 0 | T67: =ROUND(CU67*I67,0) -> 0 | U67: =CV67*I67 -> 0 | V67: =CW67*I67 -> 0 | W67: =ROUND(CX67*I67,0) -> 0 | X67: =ROUND(CY67,0) -> 0 | Y67: =ROUND(CZ67,0) -> 0 | AA67: 0 | AB67: =ROUND((AC67+AD67+AF67),2) -> 158 | AC67: =ROUND((ES67),2) -> 158 | AD67: =ROUND((ET67),2) -> 0 | AE67: =ROUND((EU67),2) -> 0 | AF67: =ROUND((EV67),2) -> 0 | AG67: =ROUND((AP67),2) -> 0 | AH67: =(EW67) -> 0 | AI67: =(EX67) -> 0 | AJ67: =ROUND((AS67),2) -> 0 | AK67: 158 | AL67: 158 | AM67: 0 | AN67: 0 | AO67: 0 | AP67: 0 | AQ67: 0 | AR67: 0 | AS67: 0 | AT67: =BZ67 -> 0 | AU67: =CA67 -> 0 | AV67: 1 | AW67: 1 | AX67: 1 | AY67: 1 | AZ67: 1 | BA67: 1 | BB67: 1 | BC67: 1 | BH67: 3 | BI67: 1 | BJ67: ССЦ Челябинской обл.,сб.300,поз.0590 | BM67: 205 | BN67: 0 | BO67: 300-0590 | BP67: 1 | BQ67: 5 | BR67: 0 | BS67: 1 | BT67: 1 | BU67: 1 | BV67: 1 | BW67: 1 | BX67: 1 | BZ67: 0 | CA67: 0 | CF67: 0 | CG67: 0 | CM67: 0 | CO67: 0 | CP67: =(AB67)*AZ67 -> 158 | CQ67: =(AC67)*BC67 -> 158 | CR67: =(AD67)*BB67 -> 0 | CS67: =(AE67)*BS67 -> 0 | CT67: =(AF67)*BA67 -> 0 | CU67: =(AG67)*BT67 -> 0 | CV67: =(AH67)*BU67 -> 0 | CW67: =(AI67)*BV67 -> 0 | CX67: =(AJ67)*BW67 -> 0 | CY67: =(0)*BX67 -> 0 | CZ67: =(0)*AX67 -> 0 | DN67: 0 | DO67: 0 | DP67: 1 | DQ67: 1 | DR67: 1 | DS67: 1 | DT67: 1 | DU67: 1003 | DV67: м | DW67: м | DX67: 1 | EE67: 13990987 | EF67: 5 | EG67: Сантехнические работы | EH67: 0 | EJ67: 1 | EK67: 205 | EL67: Материалы для сантехнических работ | EQ67: 0 | ER67: 158 | ES67: 158 | ET67: 0 | EU67: 0 | EV67: 0 | EW67: 0 | EX67: 0 | EY67: 0 | EZ67: 0 | FQ67: 0 | FR67: =ROUND(IF(AND(AA67=0,BI67=3),P67,0),0) -> 0 | FS67: 0
A68: 17 | B68: 1 | C68: =ROW(SmtRes!A287) -> 287 | D68: =ROW(EtalonRes!A287) -> 287 | E68: 32 | F68: 16-02-004-1 | G68: Прокладка трубопроводов отопления и газоснабжения из стальных бесшовных труб диаметром, мм: 57х3,5 | H68: 1 м | I68: 11.2 | J68: 0 | O68: =ROUND(CP68*I68,0) -> 801 | P68: =ROUND(CQ68*I68,0) -> 585 | Q68: =ROUND(CR68*I68,0) -> 31 | R68: =ROUND(CS68*I68,0) -> 1 | S68: =ROUND(CT68*I68,0) -> 186 | T68: =ROUND(CU68*I68,0) -> 0 | U68: =CV68*I68 -> 13.319337 | V68: =CW68*I68 -> 0.04522 | W68: =ROUND(CX68*I68,0) -> 0 | X68: =ROUND(CY68,0) -> 239 | Y68: =ROUND(CZ68,0) -> 133 | AA68: 0 | AB68: =ROUND((AC68+AD68+AF68),2) -> 71.54 | AC68: =ROUND((ES68),2) -> 52.2 | AD68: =ROUND(((((ET68*1.25)*1.7))+(((((EU68*1.25)*1.7))*1.13)-(((EU68*1.25)*1.7)))),2) -> 2.73 | AE68: =ROUND(((((EU68*1.25)*1.7))*1.13),2) -> 0.07 | AF68: =ROUND(((((EV68*1.15)*1.7))*1.13),2) -> 16.61 | AG68: =ROUND((AP68),2) -> 0 | AH68: =(((EW68*1.15)*1.7)) -> 1.1892265 | AI68: =(((EX68*1.25)*1.7)) -> 0.0040375 | AJ68: =ROUND((AS68),2) -> 0 | AK68: 61 | AL68: 52.2 | AM68: 1.28 | AN68: 0.03 | AO68: 7.52 | AP68: 0 | AQ68: 0.6083 | AR68: 0.0019 | AS68: 0 | AT68: =BZ68 -> 128 | AU68: =CA68 -> 71 | AV68: 1 | AW68: 1 | AX68: 1 | AY68: 1 | AZ68: 1 | BA68: 1 | BB68: 1 | BC68: 1 | BH68: 0 | BI68: 1 | BJ68: ТЕР Челябинской обл.,сб.16,гл.02,табл.004,поз.1 | BM68: 130 | BN68: 0 | BO68: 16-02-004-1 | BP68: 1 | BQ68: 5 | BR68: 0 | BS68: 1 | BT68: 1 | BU68: 1 | BV68: 1 | BW68: 1 | BX68: 1 | BZ68: 128 | CA68: 71 | CF68: 0 | CG68: 0 | CM68: 0 | CO68: 0 | CP68: =(AB68)*AZ68 -> 71.54 | CQ68: =(AC68)*BC68 -> 52.2 | CR68: =(AD68)*BB68 -> 2.73 | CS68: =(AE68)*BS68 -> 0.07 | CT68: =(AF68)*BA68 -> 16.61 | CU68: =(AG68)*BT68 -> 0 | CV68: =(AH68)*BU68 -> 1.1892265 | CW68: =(AI68)*BV68 -> 0.0040375 | CX68: =(AJ68)*BW68 -> 0 | CY68: =(((R68+S68)*BZ68*1)/100) -> 239.36 | CZ68: =(((R68+S68)*CA68*1)/100) -> 132.77 | DE68: )*1,25)*1,7 | DF68: )*1,25)*1,7 | DG68: )*1,15)*1,7 | DI68: )*1,15)*1,7 | DJ68: )*1,25)*1,7 | DN68: 0 | DO68: 0 | DP68: 1 | DQ68: 1 | DR68: 1 | DS68: 1 | DT68: 1 | DU68: 1003 | DV68: 1 м | DW68: 1 м трубопровода | DX68: 1 | EE68: 13990945 | EF68: 5 | EG68: Сантехнические работы | EH68: 0 | EJ68: 1 | EK68: 130 | EL68: Санитарнотехнические работы -внутренние (трубопроводы, водопровод, канализация, отопление, газоснабжение, вентиляция, кондиционирование воздуха) | EQ68: 512 | ER68: 61 | ES68: 52.2 | ET68: 1.28 | EU68: 0.03 | EV68: 7.52 | EW68: 0.6083 | EX68: 0.0019 | EY68: 0 | EZ68: 0 | FQ68: 0 | FR68: =ROUND(IF(AND(AA68=0,BI68=3),P68,0),0) -> 0 | FS68: 0
A69: 17 | B69: 1 | C69: =ROW(SmtRes!A301) -> 301 | D69: =ROW(EtalonRes!A301) -> 301 | E69: 33 | F69: 18-03-004-8 | G69: Установка регистров из стальных электросварных труб, диаметром нитки, мм: 100 | H69: 1 м | I69: 48 | J69: 0 | O69: =ROUND(CP69*I69,0) -> 7672 | P69: =ROUND(CQ69*I69,0) -> 7251 | Q69: =ROUND(CR69*I69,0) -> 103 | R69: =ROUND(CS69*I69,0) -> 2 | S69: =ROUND(CT69*I69,0) -> 317 | T69: =ROUND(CU69*I69,0) -> 0 | U69: =CV69*I69 -> 24.44532 | V69: =CW69*I69 -> 0.1428 | W69: =ROUND(CX69*I69,0) -> 0 | X69: =ROUND(CY69,0) -> 415 | Y69: =ROUND(CZ69,0) -> 226 | AA69: 0 | AB69: =ROUND((AC69+AD69+AF69),2) -> 159.83 | AC69: =ROUND((ES69),2) -> 151.07 | AD69: =ROUND(((((ET69*1.25)*1.7))+(((((EU69*1.25)*1.7))*1.13)-(((EU69*1.25)*1.7)))),2) -> 2.15 | AE69: =ROUND(((((EU69*1.25)*1.7))*1.13),2) -> 0.05 | AF69: =ROUND(((((EV69*1.15)*1.7))*1.13),2) -> 6.61 | AG69: =ROUND((AP69),2) -> 0 | AH69: =(((EW69*1.15)*1.7)) -> 0.5092775 | AI69: =(((EX69*1.25)*1.7)) -> 0.002975 | AJ69: =ROUND((AS69),2) -> 0 | AK69: 155.07 | AL69: 151.07 | AM69: 1.01 | AN69: 0.02 | AO69: 2.99 | AP69: 0 | AQ69: 0.2605 | AR69: 0.0014 | AS69: 0 | AT69: =BZ69 -> 130 | AU69: =CA69 -> 71 | AV69: 1 | AW69: 1 | AX69: 1 | AY69: 1 | AZ69: 1 | BA69: 1 | BB69: 1 | BC69: 1 | BH69: 0 | BI69: 1 | BJ69: ТЕР Челябинской обл.,сб.18,гл.03,табл.004,поз.8 | BM69: 130 | BN69: 0 | BO69: 18-03-004-8 | BP69: 1 | BQ69: 5 | BR69: 0 | BS69: 1 | BT69: 1 | BU69: 1 | BV69: 1 | BW69: 1 | BX69: 1 | BZ69: 130 | CA69: 71 | CF69: 0 | CG69: 0 | CM69: 0 | CO69: 0 | CP69: =(AB69)*AZ69 -> 159.83 | CQ69: =(AC69)*BC69 -> 151.07 | CR69: =(AD69)*BB69 -> 2.15 | CS69: =(AE69)*BS69 -> 0.05 | CT69: =(AF69)*BA69 -> 6.61 | CU69: =(AG69)*BT69 -> 0 | CV69: =(AH69)*BU69 -> 0.5092775 | CW69: =(AI69)*BV69 -> 0.002975 | CX69: =(AJ69)*BW69 -> 0 | CY69: =(((R69+S69)*BZ69*1)/100) -> 414.7 | CZ69: =(((R69+S69)*CA69*1)/100) -> 226.49 | DE69: )*1,25)*1,7 | DF69: )*1,25)*1,7 | DG69: )*1,15)*1,7 | DI69: )*1,15)*1,7 | DJ69: )*1,25)*1,7 | DN69: 0 | DO69: 0 | DP69: 1 | DQ69: 1 | DR69: 1 | DS69: 1 | DT69: 1 | DU69: 1003 | DV69: 1 м | DW69: 1 м труб нитки регистра | DX69: 1 | EE69: 13990945 | EF69: 5 | EG69: Сантехнические работы | EH69: 0 | EJ69: 1 | EK69: 130 | EL69: Санитарнотехнические работы -внутренние (трубопроводы, водопровод, канализация, отопление, газоснабжение, вентиляция, кондиционирование воздуха) | EQ69: 576 | ER69: 155.07 | ES69: 151.07 | ET69: 1.01 | EU69: 0.02 | EV69: 2.99 | EW69: 0.2605 | EX69: 0.0014 | EY69: 0 | EZ69: 0 | FQ69: 0 | FR69: =ROUND(IF(AND(AA69=0,BI69=3),P69,0),0) -> 0 | FS69: 0
A70: 17 | B70: 1 | C70: =ROW(SmtRes!A315) -> 315 | D70: =ROW(EtalonRes!A315) -> 315 | E70: 34 | F70: 16-02-004-1 | G70: Прокладка трубопроводов отопления и газоснабжения из стальных бесшовных труб диаметром, мм: 57х3,5 | H70: 1 м | I70: 8.4 | J70: 0 | O70: =ROUND(CP70*I70,0) -> 601 | P70: =ROUND(CQ70*I70,0) -> 438 | Q70: =ROUND(CR70*I70,0) -> 23 | R70: =ROUND(CS70*I70,0) -> 1 | S70: =ROUND(CT70*I70,0) -> 140 | T70: =ROUND(CU70*I70,0) -> 0 | U70: =CV70*I70 -> 9.9895026 | V70: =CW70*I70 -> 0.033915 | W70: =ROUND(CX70*I70,0) -> 0 | X70: =ROUND(CY70,0) -> 180 | Y70: =ROUND(CZ70,0) -> 100 | AA70: 0 | AB70: =ROUND((AC70+AD70+AF70),2) -> 71.54 | AC70: =ROUND((ES70),2) -> 52.2 | AD70: =ROUND(((((ET70*1.25)*1.7))+(((((EU70*1.25)*1.7))*1.13)-(((EU70*1.25)*1.7)))),2) -> 2.73 | AE70: =ROUND(((((EU70*1.25)*1.7))*1.13),2) -> 0.07 | AF70: =ROUND(((((EV70*1.15)*1.7))*1.13),2) -> 16.61 | AG70: =ROUND((AP70),2) -> 0 | AH70: =(((EW70*1.15)*1.7)) -> 1.1892265 | AI70: =(((EX70*1.25)*1.7)) -> 0.0040375 | AJ70: =ROUND((AS70),2) -> 0 | AK70: 61 | AL70: 52.2 | AM70: 1.28 | AN70: 0.03 | AO70: 7.52 | AP70: 0 | AQ70: 0.6083 | AR70: 0.0019 | AS70: 0 | AT70: =BZ70 -> 128 | AU70: =CA70 -> 71 | AV70: 1 | AW70: 1 | AX70: 1 | AY70: 1 | AZ70: 1 | BA70: 1 | BB70: 1 | BC70: 1 | BH70: 0 | BI70: 1 | BJ70: ТЕР Челябинской обл.,сб.16,гл.02,табл.004,поз.1 | BM70: 130 | BN70: 0 | BO70: 16-02-004-1 | BP70: 1 | BQ70: 5 | BR70: 0 | BS70: 1 | BT70: 1 | BU70: 1 | BV70: 1 | BW70: 1 | BX70: 1 | BZ70: 128 | CA70: 71 | CF70: 0 | CG70: 0 | CM70: 0 | CO70: 0 | CP70: =(AB70)*AZ70 -> 71.54 | CQ70: =(AC70)*BC70 -> 52.2 | CR70: =(AD70)*BB70 -> 2.73 | CS70: =(AE70)*BS70 -> 0.07 | CT70: =(AF70)*BA70 -> 16.61 | CU70: =(AG70)*BT70 -> 0 | CV70: =(AH70)*BU70 -> 1.1892265 | CW70: =(AI70)*BV70 -> 0.0040375 | CX70: =(AJ70)*BW70 -> 0 | CY70: =(((R70+S70)*BZ70*1)/100) -> 180.48 | CZ70: =(((R70+S70)*CA70*1)/100) -> 100.11 | DE70: )*1,25)*1,7 | DF70: )*1,25)*1,7 | DG70: )*1,15)*1,7 | DI70: )*1,15)*1,7 | DJ70: )*1,25)*1,7 | DN70: 0 | DO70: 0 | DP70: 1 | DQ70: 1 | DR70: 1 | DS70: 1 | DT70: 1 | DU70: 1003 | DV70: 1 м | DW70: 1 м трубопровода | DX70: 1 | EE70: 13990945 | EF70: 5 | EG70: Сантехнические работы | EH70: 0 | EJ70: 1 | EK70: 130 | EL70: Санитарнотехнические работы -внутренние (трубопроводы, водопровод, канализация, отопление, газоснабжение, вентиляция, кондиционирование воздуха) | EQ70: 512 | ER70: 61 | ES70: 52.2 | ET70: 1.28 | EU70: 0.03 | EV70: 7.52 | EW70: 0.6083 | EX70: 0.0019 | EY70: 0 | EZ70: 0 | FQ70: 0 | FR70: =ROUND(IF(AND(AA70=0,BI70=3),P70,0),0) -> 0 | FS70: 0
A71: 17 | B71: 1 | C71: =ROW(SmtRes!A329) -> 329 | D71: =ROW(EtalonRes!A329) -> 329 | E71: 35 | F71: 18-03-004-8 | G71: Установка регистров из стальных электросварных труб, диаметром нитки, мм: 100 | H71: 1 м | I71: 30 | J71: 0 | O71: =ROUND(CP71*I71,0) -> 4795 | P71: =ROUND(CQ71*I71,0) -> 4532 | Q71: =ROUND(CR71*I71,0) -> 65 | R71: =ROUND(CS71*I71,0) -> 2 | S71: =ROUND(CT71*I71,0) -> 198 | T71: =ROUND(CU71*I71,0) -> 0 | U71: =CV71*I71 -> 15.278325 | V71: =CW71*I71 -> 0.08925 | W71: =ROUND(CX71*I71,0) -> 0 | X71: =ROUND(CY71,0) -> 260 | Y71: =ROUND(CZ71,0) -> 142 | AA71: 0 | AB71: =ROUND((AC71+AD71+AF71),2) -> 159.83 | AC71: =ROUND((ES71),2) -> 151.07 | AD71: =ROUND(((((ET71*1.25)*1.7))+(((((EU71*1.25)*1.7))*1.13)-(((EU71*1.25)*1.7)))),2) -> 2.15 | AE71: =ROUND(((((EU71*1.25)*1.7))*1.13),2) -> 0.05 | AF71: =ROUND(((((EV71*1.15)*1.7))*1.13),2) -> 6.61 | AG71: =ROUND((AP71),2) -> 0 | AH71: =(((EW71*1.15)*1.7)) -> 0.5092775 | AI71: =(((EX71*1.25)*1.7)) -> 0.002975 | AJ71: =ROUND((AS71),2) -> 0 | AK71: 155.07 | AL71: 151.07 | AM71: 1.01 | AN71: 0.02 | AO71: 2.99 | AP71: 0 | AQ71: 0.2605 | AR71: 0.0014 | AS71: 0 | AT71: =BZ71 -> 130 | AU71: =CA71 -> 71 | AV71: 1 | AW71: 1 | AX71: 1 | AY71: 1 | AZ71: 1 | BA71: 1 | BB71: 1 | BC71: 1 | BH71: 0 | BI71: 1 | BJ71: ТЕР Челябинской обл.,сб.18,гл.03,табл.004,поз.8 | BM71: 130 | BN71: 0 | BO71: 18-03-004-8 | BP71: 1 | BQ71: 5 | BR71: 0 | BS71: 1 | BT71: 1 | BU71: 1 | BV71: 1 | BW71: 1 | BX71: 1 | BZ71: 130 | CA71: 71 | CF71: 0 | CG71: 0 | CM71: 0 | CO71: 0 | CP71: =(AB71)*AZ71 -> 159.83 | CQ71: =(AC71)*BC71 -> 151.07 | CR71: =(AD71)*BB71 -> 2.15 | CS71: =(AE71)*BS71 -> 0.05 | CT71: =(AF71)*BA71 -> 6.61 | CU71: =(AG71)*BT71 -> 0 | CV71: =(AH71)*BU71 -> 0.5092775 | CW71: =(AI71)*BV71 -> 0.002975 | CX71: =(AJ71)*BW71 -> 0 | CY71: =(((R71+S71)*BZ71*1)/100) -> 260 | CZ71: =(((R71+S71)*CA71*1)/100) -> 142 | DE71: )*1,25)*1,7 | DF71: )*1,25)*1,7 | DG71: )*1,15)*1,7 | DI71: )*1,15)*1,7 | DJ71: )*1,25)*1,7 | DN71: 0 | DO71: 0 | DP71: 1 | DQ71: 1 | DR71: 1 | DS71: 1 | DT71: 1 | DU71: 1003 | DV71: 1 м | DW71: 1 м труб нитки регистра | DX71: 1 | EE71: 13990945 | EF71: 5 | EG71: Сантехнические работы | EH71: 0 | EJ71: 1 | EK71: 130 | EL71: Санитарнотехнические работы -внутренние (трубопроводы, водопровод, канализация, отопление, газоснабжение, вентиляция, кондиционирование воздуха) | EQ71: 576 | ER71: 155.07 | ES71: 151.07 | ET71: 1.01 | EU71: 0.02 | EV71: 2.99 | EW71: 0.2605 | EX71: 0.0014 | EY71: 0 | EZ71: 0 | FQ71: 0 | FR71: =ROUND(IF(AND(AA71=0,BI71=3),P71,0),0) -> 0 | FS71: 0
A72: 17 | B72: 1 | C72: =ROW(SmtRes!A343) -> 343 | D72: =ROW(EtalonRes!A343) -> 343 | E72: 36 | F72: 16-02-004-1 | G72: Прокладка трубопроводов отопления и газоснабжения из стальных бесшовных труб диаметром, мм: 57х3,5 | H72: 1 м | I72: 5.568 | J72: 0 | O72: =ROUND(CP72*I72,0) -> 398 | P72: =ROUND(CQ72*I72,0) -> 291 | Q72: =ROUND(CR72*I72,0) -> 15 | R72: =ROUND(CS72*I72,0) -> 0 | S72: =ROUND(CT72*I72,0) -> 92 | T72: =ROUND(CU72*I72,0) -> 0 | U72: =CV72*I72 -> 6.6216132 | V72: =CW72*I72 -> 0.0224808 | W72: =ROUND(CX72*I72,0) -> 0 | X72: =ROUND(CY72,0) -> 118 | Y72: =ROUND(CZ72,0) -> 65 | AA72: 0 | AB72: =ROUND((AC72+AD72+AF72),2) -> 71.54 | AC72: =ROUND((ES72),2) -> 52.2 | AD72: =ROUND(((((ET72*1.25)*1.7))+(((((EU72*1.25)*1.7))*1.13)-(((EU72*1.25)*1.7)))),2) -> 2.73 | AE72: =ROUND(((((EU72*1.25)*1.7))*1.13),2) -> 0.07 | AF72: =ROUND(((((EV72*1.15)*1.7))*1.13),2) -> 16.61 | AG72: =ROUND((AP72),2) -> 0 | AH72: =(((EW72*1.15)*1.7)) -> 1.1892265 | AI72: =(((EX72*1.25)*1.7)) -> 0.0040375 | AJ72: =ROUND((AS72),2) -> 0 | AK72: 61 | AL72: 52.2 | AM72: 1.28 | AN72: 0.03 | AO72: 7.52 | AP72: 0 | AQ72: 0.6083 | AR72: 0.0019 | AS72: 0 | AT72: =BZ72 -> 128 | AU72: =CA72 -> 71 | AV72: 1 | AW72: 1 | AX72: 1 | AY72: 1 | AZ72: 1 | BA72: 1 | BB72: 1 | BC72: 1 | BH72: 0 | BI72: 1 | BJ72: ТЕР Челябинской обл.,сб.16,гл.02,табл.004,поз.1 | BM72: 130 | BN72: 0 | BO72: 16-02-004-1 | BP72: 1 | BQ72: 5 | BR72: 0 | BS72: 1 | BT72: 1 | BU72: 1 | BV72: 1 | BW72: 1 | BX72: 1 | BZ72: 128 | CA72: 71 | CF72: 0 | CG72: 0 | CM72: 0 | CO72: 0 | CP72: =(AB72)*AZ72 -> 71.54 | CQ72: =(AC72)*BC72 -> 52.2 | CR72: =(AD72)*BB72 -> 2.73 | CS72: =(AE72)*BS72 -> 0.07 | CT72: =(AF72)*BA72 -> 16.61 | CU72: =(AG72)*BT72 -> 0 | CV72: =(AH72)*BU72 -> 1.1892265 | CW72: =(AI72)*BV72 -> 0.0040375 | CX72: =(AJ72)*BW72 -> 0 | CY72: =(((R72+S72)*BZ72*1)/100) -> 117.76 | CZ72: =(((R72+S72)*CA72*1)/100) -> 65.32 | DE72: )*1,25)*1,7 | DF72: )*1,25)*1,7 | DG72: )*1,15)*1,7 | DI72: )*1,15)*1,7 | DJ72: )*1,25)*1,7 | DN72: 0 | DO72: 0 | DP72: 1 | DQ72: 1 | DR72: 1 | DS72: 1 | DT72: 1 | DU72: 1003 | DV72: 1 м | DW72: 1 м трубопровода | DX72: 1 | EE72: 13990945 | EF72: 5 | EG72: Сантехнические работы | EH72: 0 | EJ72: 1 | EK72: 130 | EL72: Санитарнотехнические работы -внутренние (трубопроводы, водопровод, канализация, отопление, газоснабжение, вентиляция, кондиционирование воздуха) | EQ72: 512 | ER72: 61 | ES72: 52.2 | ET72: 1.28 | EU72: 0.03 | EV72: 7.52 | EW72: 0.6083 | EX72: 0.0019 | EY72: 0 | EZ72: 0 | FQ72: 0 | FR72: =ROUND(IF(AND(AA72=0,BI72=3),P72,0),0) -> 0 | FS72: 0
A73: 17 | B73: 1 | C73: =ROW(SmtRes!A357) -> 357 | D73: =ROW(EtalonRes!A357) -> 357 | E73: 37 | F73: 18-03-004-7 | G73: Установка регистров из стальных электросварных труб, диаметром нитки, мм: 80 | H73: 1 м | I73: 99 | J73: 0 | O73: =ROUND(CP73*I73,0) -> 11566 | P73: =ROUND(CQ73*I73,0) -> 10699 | Q73: =ROUND(CR73*I73,0) -> 213 | R73: =ROUND(CS73*I73,0) -> 5 | S73: =ROUND(CT73*I73,0) -> 654 | T73: =ROUND(CU73*I73,0) -> 0 | U73: =CV73*I73 -> 50.418472 | V73: =CW73*I73 -> 0.294525 | W73: =ROUND(CX73*I73,0) -> 0 | X73: =ROUND(CY73,0) -> 857 | Y73: =ROUND(CZ73,0) -> 468 | AA73: 0 | AB73: =ROUND((AC73+AD73+AF73),2) -> 116.83 | AC73: =ROUND((ES73),2) -> 108.07 | AD73: =ROUND(((((ET73*1.25)*1.7))+(((((EU73*1.25)*1.7))*1.13)-(((EU73*1.25)*1.7)))),2) -> 2.15 | AE73: =ROUND(((((EU73*1.25)*1.7))*1.13),2) -> 0.05 | AF73: =ROUND(((((EV73*1.15)*1.7))*1.13),2) -> 6.61 | AG73: =ROUND((AP73),2) -> 0 | AH73: =(((EW73*1.15)*1.7)) -> 0.5092775 | AI73: =(((EX73*1.25)*1.7)) -> 0.002975 | AJ73: =ROUND((AS73),2) -> 0 | AK73: 112.07 | AL73: 108.07 | AM73: 1.01 | AN73: 0.02 | AO73: 2.99 | AP73: 0 | AQ73: 0.2605 | AR73: 0.0014 | AS73: 0 | AT73: =BZ73 -> 130 | AU73: =CA73 -> 71 | AV73: 1 | AW73: 1 | AX73: 1 | AY73: 1 | AZ73: 1 | BA73: 1 | BB73: 1 | BC73: 1 | BH73: 0 | BI73: 1 | BJ73: ТЕР Челябинской обл.,сб.18,гл.03,табл.004,поз.7 | BM73: 130 | BN73: 0 | BO73: 18-03-004-7 | BP73: 1 | BQ73: 5 | BR73: 0 | BS73: 1 | BT73: 1 | BU73: 1 | BV73: 1 | BW73: 1 | BX73: 1 | BZ73: 130 | CA73: 71 | CF73: 0 | CG73: 0 | CM73: 0 | CO73: 0 | CP73: =(AB73)*AZ73 -> 116.83 | CQ73: =(AC73)*BC73 -> 108.07 | CR73: =(AD73)*BB73 -> 2.15 | CS73: =(AE73)*BS73 -> 0.05 | CT73: =(AF73)*BA73 -> 6.61 | CU73: =(AG73)*BT73 -> 0 | CV73: =(AH73)*BU73 -> 0.5092775 | CW73: =(AI73)*BV73 -> 0.002975 | CX73: =(AJ73)*BW73 -> 0 | CY73: =(((R73+S73)*BZ73*1)/100) -> 856.7 | CZ73: =(((R73+S73)*CA73*1)/100) -> 467.89 | DE73: )*1,25)*1,7 | DF73: )*1,25)*1,7 | DG73: )*1,15)*1,7 | DI73: )*1,15)*1,7 | DJ73: )*1,25)*1,7 | DN73: 0 | DO73: 0 | DP73: 1 | DQ73: 1 | DR73: 1 | DS73: 1 | DT73: 1 | DU73: 1003 | DV73: 1 м | DW73: 1 м труб нитки регистра | DX73: 1 | EE73: 13990945 | EF73: 5 | EG73: Сантехнические работы | EH73: 0 | EJ73: 1 | EK73: 130 | EL73: Санитарнотехнические работы -внутренние (трубопроводы, водопровод, канализация, отопление, газоснабжение, вентиляция, кондиционирование воздуха) | EQ73: 576 | ER73: 112.07 | ES73: 108.07 | ET73: 1.01 | EU73: 0.02 | EV73: 2.99 | EW73: 0.2605 | EX73: 0.0014 | EY73: 0 | EZ73: 0 | FQ73: 0 | FR73: =ROUND(IF(AND(AA73=0,BI73=3),P73,0),0) -> 0 | FS73: 0
A74: 17 | B74: 1 | C74: =ROW(SmtRes!A371) -> 371 | D74: =ROW(EtalonRes!A371) -> 371 | E74: 38 | F74: 16-02-004-1 | G74: Прокладка трубопроводов отопления и газоснабжения из стальных бесшовных труб диаметром, мм: 57х3,5 | H74: 1 м | I74: 16 | J74: 0 | O74: =ROUND(CP74*I74,0) -> 1145 | P74: =ROUND(CQ74*I74,0) -> 835 | Q74: =ROUND(CR74*I74,0) -> 44 | R74: =ROUND(CS74*I74,0) -> 1 | S74: =ROUND(CT74*I74,0) -> 266 | T74: =ROUND(CU74*I74,0) -> 0 | U74: =CV74*I74 -> 19.027624 | V74: =CW74*I74 -> 0.0646 | W74: =ROUND(CX74*I74,0) -> 0 | X74: =ROUND(CY74,0) -> 342 | Y74: =ROUND(CZ74,0) -> 190 | AA74: 0 | AB74: =ROUND((AC74+AD74+AF74),2) -> 71.54 | AC74: =ROUND((ES74),2) -> 52.2 | AD74: =ROUND(((((ET74*1.25)*1.7))+(((((EU74*1.25)*1.7))*1.13)-(((EU74*1.25)*1.7)))),2) -> 2.73 | AE74: =ROUND(((((EU74*1.25)*1.7))*1.13),2) -> 0.07 | AF74: =ROUND(((((EV74*1.15)*1.7))*1.13),2) -> 16.61 | AG74: =ROUND((AP74),2) -> 0 | AH74: =(((EW74*1.15)*1.7)) -> 1.1892265 | AI74: =(((EX74*1.25)*1.7)) -> 0.0040375 | AJ74: =ROUND((AS74),2) -> 0 | AK74: 61 | AL74: 52.2 | AM74: 1.28 | AN74: 0.03 | AO74: 7.52 | AP74: 0 | AQ74: 0.6083 | AR74: 0.0019 | AS74: 0 | AT74: =BZ74 -> 128 | AU74: =CA74 -> 71 | AV74: 1 | AW74: 1 | AX74: 1 | AY74: 1 | AZ74: 1 | BA74: 1 | BB74: 1 | BC74: 1 | BH74: 0 | BI74: 1 | BJ74: ТЕР Челябинской обл.,сб.16,гл.02,табл.004,поз.1 | BM74: 130 | BN74: 0 | BO74: 16-02-004-1 | BP74: 1 | BQ74: 5 | BR74: 0 | BS74: 1 | BT74: 1 | BU74: 1 | BV74: 1 | BW74: 1 | BX74: 1 | BZ74: 128 | CA74: 71 | CF74: 0 | CG74: 0 | CM74: 0 | CO74: 0 | CP74: =(AB74)*AZ74 -> 71.54 | CQ74: =(AC74)*BC74 -> 52.2 | CR74: =(AD74)*BB74 -> 2.73 | CS74: =(AE74)*BS74 -> 0.07 | CT74: =(AF74)*BA74 -> 16.61 | CU74: =(AG74)*BT74 -> 0 | CV74: =(AH74)*BU74 -> 1.1892265 | CW74: =(AI74)*BV74 -> 0.0040375 | CX74: =(AJ74)*BW74 -> 0 | CY74: =(((R74+S74)*BZ74*1)/100) -> 341.76 | CZ74: =(((R74+S74)*CA74*1)/100) -> 189.57 | DE74: )*1,25)*1,7 | DF74: )*1,25)*1,7 | DG74: )*1,15)*1,7 | DI74: )*1,15)*1,7 | DJ74: )*1,25)*1,7 | DN74: 0 | DO74: 0 | DP74: 1 | DQ74: 1 | DR74: 1 | DS74: 1 | DT74: 1 | DU74: 1003 | DV74: 1 м | DW74: 1 м трубопровода | DX74: 1 | EE74: 13990945 | EF74: 5 | EG74: Сантехнические работы | EH74: 0 | EJ74: 1 | EK74: 130 | EL74: Санитарнотехнические работы -внутренние (трубопроводы, водопровод, канализация, отопление, газоснабжение, вентиляция, кондиционирование воздуха) | EQ74: 512 | ER74: 61 | ES74: 52.2 | ET74: 1.28 | EU74: 0.03 | EV74: 7.52 | EW74: 0.6083 | EX74: 0.0019 | EY74: 0 | EZ74: 0 | FQ74: 0 | FR74: =ROUND(IF(AND(AA74=0,BI74=3),P74,0),0) -> 0 | FS74: 0
A75: 17 | B75: 1 | C75: =ROW(SmtRes!A385) -> 385 | D75: =ROW(EtalonRes!A385) -> 385 | E75: 39 | F75: 16-02-004-6 | G75: Прокладка трубопроводов отопления и газоснабжения из стальных бесшовных труб диаметром, мм: 159х4,5 | H75: 1 м | I75: 40 | J75: 0 | O75: =ROUND(CP75*I75,0) -> 8689 | P75: =ROUND(CQ75*I75,0) -> 7221 | Q75: =ROUND(CR75*I75,0) -> 239 | R75: =ROUND(CS75*I75,0) -> 10 | S75: =ROUND(CT75*I75,0) -> 1228 | T75: =ROUND(CU75*I75,0) -> 0 | U75: =CV75*I75 -> 90.27408 | V75: =CW75*I75 -> 0.5525 | W75: =ROUND(CX75*I75,0) -> 0 | X75: =ROUND(CY75,0) -> 1585 | Y75: =ROUND(CZ75,0) -> 879 | AA75: 0 | AB75: =ROUND((AC75+AD75+AF75),2) -> 217.22 | AC75: =ROUND((ES75),2) -> 180.53 | AD75: =ROUND(((((ET75*1.25)*1.7))+(((((EU75*1.25)*1.7))*1.13)-(((EU75*1.25)*1.7)))),2) -> 5.98 | AE75: =ROUND(((((EU75*1.25)*1.7))*1.13),2) -> 0.24 | AF75: =ROUND(((((EV75*1.15)*1.7))*1.13),2) -> 30.71 | AG75: =ROUND((AP75),2) -> 0 | AH75: =(((EW75*1.15)*1.7)) -> 2.256852 | AI75: =(((EX75*1.25)*1.7)) -> 0.0138125 | AJ75: =ROUND((AS75),2) -> 0 | AK75: 197.23 | AL75: 180.53 | AM75: 2.8 | AN75: 0.1 | AO75: 13.9 | AP75: 0 | AQ75: 1.1544 | AR75: 0.0065 | AS75: 0 | AT75: =BZ75 -> 128 | AU75: =CA75 -> 71 | AV75: 1 | AW75: 1 | AX75: 1 | AY75: 1 | AZ75: 1 | BA75: 1 | BB75: 1 | BC75: 1 | BH75: 0 | BI75: 1 | BJ75: ТЕР Челябинской обл.,сб.16,гл.02,табл.004,поз.6 | BM75: 130 | BN75: 0 | BO75: 16-02-004-6 | BP75: 1 | BQ75: 5 | BR75: 0 | BS75: 1 | BT75: 1 | BU75: 1 | BV75: 1 | BW75: 1 | BX75: 1 | BZ75: 128 | CA75: 71 | CF75: 0 | CG75: 0 | CM75: 0 | CO75: 0 | CP75: =(AB75)*AZ75 -> 217.22 | CQ75: =(AC75)*BC75 -> 180.53 | CR75: =(AD75)*BB75 -> 5.98 | CS75: =(AE75)*BS75 -> 0.24 | CT75: =(AF75)*BA75 -> 30.71 | CU75: =(AG75)*BT75 -> 0 | CV75: =(AH75)*BU75 -> 2.256852 | CW75: =(AI75)*BV75 -> 0.0138125 | CX75: =(AJ75)*BW75 -> 0 | CY75: =(((R75+S75)*BZ75*1)/100) -> 1584.64 | CZ75: =(((R75+S75)*CA75*1)/100) -> 878.98 | DE75: )*1,25)*1,7 | DF75: )*1,25)*1,7 | DG75: )*1,15)*1,7 | DI75: )*1,15)*1,7 | DJ75: )*1,25)*1,7 | DN75: 0 | DO75: 0 | DP75: 1 | DQ75: 1 | DR75: 1 | DS75: 1 | DT75: 1 | DU75: 1003 | DV75: 1 м | DW75: 1 м трубопровода | DX75: 1 | EE75: 13990945 | EF75: 5 | EG75: Сантехнические работы | EH75: 0 | EJ75: 1 | EK75: 130 | EL75: Санитарнотехнические работы -внутренние (трубопроводы, водопровод, канализация, отопление, газоснабжение, вентиляция, кондиционирование воздуха) | EQ75: 576 | ER75: 197.23 | ES75: 180.53 | ET75: 2.8 | EU75: 0.1 | EV75: 13.9 | EW75: 1.1544 | EX75: 0.0065 | EY75: 0 | EZ75: 0 | FQ75: 0 | FR75: =ROUND(IF(AND(AA75=0,BI75=3),P75,0),0) -> 0 | FS75: 0
A76: 17 | B76: 1 | C76: =ROW(SmtRes!A399) -> 399 | D76: =ROW(EtalonRes!A399) -> 399 | E76: 40 | F76: 16-02-004-2 | G76: Прокладка трубопроводов отопления и газоснабжения из стальных бесшовных труб диаметром, мм: 76х3,5 | H76: 1 м | I76: 12 | J76: 0 | O76: =ROUND(CP76*I76,0) -> 1089 | P76: =ROUND(CQ76*I76,0) -> 813 | Q76: =ROUND(CR76*I76,0) -> 39 | R76: =ROUND(CS76*I76,0) -> 1 | S76: =ROUND(CT76*I76,0) -> 236 | T76: =ROUND(CU76*I76,0) -> 0 | U76: =CV76*I76 -> 16.90293 | V76: =CW76*I76 -> 0.05865 | W76: =ROUND(CX76*I76,0) -> 0 | X76: =ROUND(CY76,0) -> 303 | Y76: =ROUND(CZ76,0) -> 168 | AA76: 0 | AB76: =ROUND((AC76+AD76+AF76),2) -> 90.75 | AC76: =ROUND((ES76),2) -> 67.79 | AD76: =ROUND(((((ET76*1.25)*1.7))+(((((EU76*1.25)*1.7))*1.13)-(((EU76*1.25)*1.7)))),2) -> 3.28 | AE76: =ROUND(((((EU76*1.25)*1.7))*1.13),2) -> 0.07 | AF76: =ROUND(((((EV76*1.15)*1.7))*1.13),2) -> 19.68 | AG76: =ROUND((AP76),2) -> 0 | AH76: =(((EW76*1.15)*1.7)) -> 1.4085775 | AI76: =(((EX76*1.25)*1.7)) -> 0.0048875 | AJ76: =ROUND((AS76),2) -> 0 | AK76: 78.24 | AL76: 67.79 | AM76: 1.54 | AN76: 0.03 | AO76: 8.91 | AP76: 0 | AQ76: 0.7205 | AR76: 0.0023 | AS76: 0 | AT76: =BZ76 -> 128 | AU76: =CA76 -> 71 | AV76: 1 | AW76: 1 | AX76: 1 | AY76: 1 | AZ76: 1 | BA76: 1 | BB76: 1 | BC76: 1 | BH76: 0 | BI76: 1 | BJ76: ТЕР Челябинской обл.,сб.16,гл.02,табл.004,поз.2 | BM76: 130 | BN76: 0 | BO76: 16-02-004-2 | BP76: 1 | BQ76: 5 | BR76: 0 | BS76: 1 | BT76: 1 | BU76: 1 | BV76: 1 | BW76: 1 | BX76: 1 | BZ76: 128 | CA76: 71 | CF76: 0 | CG76: 0 | CM76: 0 | CO76: 0 | CP76: =(AB76)*AZ76 -> 90.75 | CQ76: =(AC76)*BC76 -> 67.79 | CR76: =(AD76)*BB76 -> 3.28 | CS76: =(AE76)*BS76 -> 0.07 | CT76: =(AF76)*BA76 -> 19.68 | CU76: =(AG76)*BT76 -> 0 | CV76: =(AH76)*BU76 -> 1.4085775 | CW76: =(AI76)*BV76 -> 0.0048875 | CX76: =(AJ76)*BW76 -> 0 | CY76: =(((R76+S76)*BZ76*1)/100) -> 303.36 | CZ76: =(((R76+S76)*CA76*1)/100) -> 168.27 | DE76: )*1,25)*1,7 | DF76: )*1,25)*1,7 | DG76: )*1,15)*1,7 | DI76: )*1,15)*1,7 | DJ76: )*1,25)*1,7 | DN76: 0 | DO76: 0 | DP76: 1 | DQ76: 1 | DR76: 1 | DS76: 1 | DT76: 1 | DU76: 1003 | DV76: 1 м | DW76: 1 м трубопровода | DX76: 1 | EE76: 13990945 | EF76: 5 | EG76: Сантехнические работы | EH76: 0 | EJ76: 1 | EK76: 130 | EL76: Санитарнотехнические работы -внутренние (трубопроводы, водопровод, канализация, отопление, газоснабжение, вентиляция, кондиционирование воздуха) | EQ76: 512 | ER76: 78.24 | ES76: 67.79 | ET76: 1.54 | EU76: 0.03 | EV76: 8.91 | EW76: 0.7205 | EX76: 0.0023 | EY76: 0 | EZ76: 0 | FQ76: 0 | FR76: =ROUND(IF(AND(AA76=0,BI76=3),P76,0),0) -> 0 | FS76: 0
A77: 17 | B77: 1 | C77: =ROW(SmtRes!A413) -> 413 | D77: =ROW(EtalonRes!A413) -> 413 | E77: 41 | F77: 16-02-004-3 | G77: Прокладка трубопроводов отопления и газоснабжения из стальных бесшовных труб диаметром, мм: 89х3,5 | H77: 1 м | I77: 55 | J77: 0 | O77: =ROUND(CP77*I77,0) -> 5912 | P77: =ROUND(CQ77*I77,0) -> 4458 | Q77: =ROUND(CR77*I77,0) -> 256 | R77: =ROUND(CS77*I77,0) -> 8 | S77: =ROUND(CT77*I77,0) -> 1198 | T77: =ROUND(CU77*I77,0) -> 0 | U77: =CV77*I77 -> 85.751188 | V77: =CW77*I77 -> 0.4324375 | W77: =ROUND(CX77*I77,0) -> 0 | X77: =ROUND(CY77,0) -> 1544 | Y77: =ROUND(CZ77,0) -> 856 | AA77: 0 | AB77: =ROUND((AC77+AD77+AF77),2) -> 107.49 | AC77: =ROUND((ES77),2) -> 81.06 | AD77: =ROUND(((((ET77*1.25)*1.7))+(((((EU77*1.25)*1.7))*1.13)-(((EU77*1.25)*1.7)))),2) -> 4.65 | AE77: =ROUND(((((EU77*1.25)*1.7))*1.13),2) -> 0.14 | AF77: =ROUND(((((EV77*1.15)*1.7))*1.13),2) -> 21.78 | AG77: =ROUND((AP77),2) -> 0 | AH77: =(((EW77*1.15)*1.7)) -> 1.5591125 | AI77: =(((EX77*1.25)*1.7)) -> 0.0078625 | AJ77: =ROUND((AS77),2) -> 0 | AK77: 93.1 | AL77: 81.06 | AM77: 2.18 | AN77: 0.06 | AO77: 9.86 | AP77: 0 | AQ77: 0.7975 | AR77: 0.0037 | AS77: 0 | AT77: =BZ77 -> 128 | AU77: =CA77 -> 71 | AV77: 1 | AW77: 1 | AX77: 1 | AY77: 1 | AZ77: 1 | BA77: 1 | BB77: 1 | BC77: 1 | BH77: 0 | BI77: 1 | BJ77: ТЕР Челябинской обл.,сб.16,гл.02,табл.004,поз.3 | BM77: 130 | BN77: 0 | BO77: 16-02-004-3 | BP77: 1 | BQ77: 5 | BR77: 0 | BS77: 1 | BT77: 1 | BU77: 1 | BV77: 1 | BW77: 1 | BX77: 1 | BZ77: 128 | CA77: 71 | CF77: 0 | CG77: 0 | CM77: 0 | CO77: 0 | CP77: =(AB77)*AZ77 -> 107.49 | CQ77: =(AC77)*BC77 -> 81.06 | CR77: =(AD77)*BB77 -> 4.65 | CS77: =(AE77)*BS77 -> 0.14 | CT77: =(AF77)*BA77 -> 21.78 | CU77: =(AG77)*BT77 -> 0 | CV77: =(AH77)*BU77 -> 1.5591125 | CW77: =(AI77)*BV77 -> 0.0078625 | CX77: =(AJ77)*BW77 -> 0 | CY77: =(((R77+S77)*BZ77*1)/100) -> 1543.68 | CZ77: =(((R77+S77)*CA77*1)/100) -> 856.26 | DE77: )*1,25)*1,7 | DF77: )*1,25)*1,7 | DG77: )*1,15)*1,7 | DI77: )*1,15)*1,7 | DJ77: )*1,25)*1,7 | DN77: 0 | DO77: 0 | DP77: 1 | DQ77: 1 | DR77: 1 | DS77: 1 | DT77: 1 | DU77: 1003 | DV77: 1 м | DW77: 1 м трубопровода | DX77: 1 | EE77: 13990945 | EF77: 5 | EG77: Сантехнические работы | EH77: 0 | EJ77: 1 | EK77: 130 | EL77: Санитарнотехнические работы -внутренние (трубопроводы, водопровод, канализация, отопление, газоснабжение, вентиляция, кондиционирование воздуха) | EQ77: 512 | ER77: 93.1 | ES77: 81.06 | ET77: 2.18 | EU77: 0.06 | EV77: 9.86 | EW77: 0.7975 | EX77: 0.0037 | EY77: 0 | EZ77: 0 | FQ77: 0 | FR77: =ROUND(IF(AND(AA77=0,BI77=3),P77,0),0) -> 0 | FS77: 0
A78: 17 | B78: 1 | E78: 42 | F78: 300-1224 | G78: Крепления для трубопроводов: кронштейны, планки, хомуты | H78: кг | I78: 356.84 | J78: 0 | O78: =ROUND(CP78*I78,0) -> 4710 | P78: =ROUND(CQ78*I78,0) -> 4710 | Q78: =ROUND(CR78*I78,0) -> 0 | R78: =ROUND(CS78*I78,0) -> 0 | S78: =ROUND(CT78*I78,0) -> 0 | T78: =ROUND(CU78*I78,0) -> 0 | U78: =CV78*I78 -> 0 | V78: =CW78*I78 -> 0 | W78: =ROUND(CX78*I78,0) -> 0 | X78: =ROUND(CY78,0) -> 0 | Y78: =ROUND(CZ78,0) -> 0 | AA78: 0 | AB78: =ROUND((AC78+AD78+AF78),2) -> 13.2 | AC78: =ROUND((ES78),2) -> 13.2 | AD78: =ROUND((ET78),2) -> 0 | AE78: =ROUND((EU78),2) -> 0 | AF78: =ROUND((EV78),2) -> 0 | AG78: =ROUND((AP78),2) -> 0 | AH78: =(EW78) -> 0 | AI78: =(EX78) -> 0 | AJ78: =ROUND((AS78),2) -> 0 | AK78: 13.2 | AL78: 13.2 | AM78: 0 | AN78: 0 | AO78: 0 | AP78: 0 | AQ78: 0 | AR78: 0 | AS78: 0 | AT78: =BZ78 -> 0 | AU78: =CA78 -> 0 | AV78: 1 | AW78: 1 | AX78: 1 | AY78: 1 | AZ78: 1 | BA78: 1 | BB78: 1 | BC78: 1 | BH78: 3 | BI78: 1 | BJ78: ССЦ Челябинской обл.,сб.300,поз.1224 | BM78: 205 | BN78: 0 | BO78: 300-1224 | BP78: 1 | BQ78: 5 | BR78: 0 | BS78: 1 | BT78: 1 | BU78: 1 | BV78: 1 | BW78: 1 | BX78: 1 | BZ78: 0 | CA78: 0 | CF78: 0 | CG78: 0 | CM78: 0 | CO78: 0 | CP78: =(AB78)*AZ78 -> 13.2 | CQ78: =(AC78)*BC78 -> 13.2 | CR78: =(AD78)*BB78 -> 0 | CS78: =(AE78)*BS78 -> 0 | CT78: =(AF78)*BA78 -> 0 | CU78: =(AG78)*BT78 -> 0 | CV78: =(AH78)*BU78 -> 0 | CW78: =(AI78)*BV78 -> 0 | CX78: =(AJ78)*BW78 -> 0 | CY78: =(0)*BX78 -> 0 | CZ78: =(0)*AX78 -> 0 | DN78: 0 | DO78: 0 | DP78: 1 | DQ78: 1 | DR78: 1 | DS78: 1 | DT78: 1 | DU78: 1009 | DV78: кг | DW78: кг | DX78: 1 | EE78: 13990987 | EF78: 5 | EG78: Сантехнические работы | EH78: 0 | EJ78: 1 | EK78: 205 | EL78: Материалы для сантехнических работ | EQ78: 0 | ER78: 13.2 | ES78: 13.2 | ET78: 0 | EU78: 0 | EV78: 0 | EW78: 0 | EX78: 0 | EY78: 0 | EZ78: 0 | FQ78: 0 | FR78: =ROUND(IF(AND(AA78=0,BI78=3),P78,0),0) -> 0 | FS78: 0
A79: 17 | B79: 1 | E79: 43 | F79: Прайс | G79: Крепления хомуты Ду15 | H79: 100ШТ | I79: 0.26 | J79: 0 | O79: =ROUND(CP79*I79,0) -> 127 | P79: =ROUND(CQ79*I79,0) -> 127 | Q79: =ROUND(CR79*I79,0) -> 0 | R79: =ROUND(CS79*I79,0) -> 0 | S79: =ROUND(CT79*I79,0) -> 0 | T79: =ROUND(CU79*I79,0) -> 0 | U79: =CV79*I79 -> 0 | V79: =CW79*I79 -> 0 | W79: =ROUND(CX79*I79,0) -> 0 | X79: =ROUND(CY79,0) -> 0 | Y79: =ROUND(CZ79,0) -> 0 | AA79: 0 | AB79: =ROUND((AC79+AD79+AF79),2) -> 490.2 | AC79: =ROUND(((3107/1.18/5.64)*1.05),2) -> 490.2 | AD79: =ROUND((ET79),2) -> 0 | AE79: =ROUND((EU79),2) -> 0 | AF79: =ROUND((EV79),2) -> 0 | AG79: =ROUND((AP79),2) -> 0 | AH79: =(EW79) -> 0 | AI79: =(EX79) -> 0 | AJ79: =ROUND((AS79),2) -> 0 | AK79: 0 | AL79: 0 | AM79: 0 | AN79: 0 | AO79: 0 | AP79: 0 | AQ79: 0 | AR79: 0 | AS79: 0 | AT79: =BZ79 -> 0 | AU79: =CA79 -> 0 | AV79: 1 | AW79: 1 | AX79: 1 | AY79: 1 | AZ79: 1 | BA79: 1 | BB79: 1 | BC79: 1 | BH79: 3 | BI79: 1 | BM79: 201 | BN79: 0 | BP79: 0 | BQ79: 1 | BR79: 0 | BS79: 1 | BT79: 1 | BU79: 1 | BV79: 1 | BW79: 1 | BX79: 1 | BZ79: 0 | CA79: 0 | CF79: 0 | CG79: 0 | CM79: 0 | CO79: 0 | CP79: =(AB79)*AZ79 -> 490.2 | CQ79: =(AC79)*BC79 -> 490.2 | CR79: =(AD79)*BB79 -> 0 | CS79: =(AE79)*BS79 -> 0 | CT79: =(AF79)*BA79 -> 0 | CU79: =(AG79)*BT79 -> 0 | CV79: =(AH79)*BU79 -> 0 | CW79: =(AI79)*BV79 -> 0 | CX79: =(AJ79)*BW79 -> 0 | CY79: =(0)*BX79 -> 0 | CZ79: =(0)*AX79 -> 0 | DD79: =3107/1.18/5.64*1.05 | DN79: 0 | DO79: 0 | DP79: 1 | DQ79: 1 | DR79: 1 | DS79: 1 | DT79: 1 | DU79: 1013 | DV79: 100ШТ | DW79: 100ШТ | DX79: 1 | EE79: 13990984 | EF79: 1 | EG79: Общестроительные работы | EH79: 0 | EJ79: 1 | EK79: 201 | EL79: Материалы для общестроительных работ | EQ79: 0 | ER79: 0 | ES79: 0 | ET79: 0 | EU79: 0 | EV79: 0 | EW79: 0 | EX79: 0 | EY79: 0 | EZ79: 0 | FQ79: 0 | FR79: =ROUND(IF(AND(AA79=0,BI79=3),P79,0),0) -> 0 | FS79: 0
A80: 17 | B80: 1 | C80: =ROW(SmtRes!A429) -> 429 | D80: =ROW(EtalonRes!A429) -> 429 | E80: 44 | F80: 16-02-001-1 | G80: Прокладка трубопроводов отопления из стальных водогазопроводных неоцинкованных труб диаметром, мм: 15 | H80: 1 м | I80: 80 | J80: 0 | O80: =ROUND(CP80*I80,0) -> 2642 | P80: =ROUND(CQ80*I80,0) -> 1846 | Q80: =ROUND(CR80*I80,0) -> 87 | R80: =ROUND(CS80*I80,0) -> 4 | S80: =ROUND(CT80*I80,0) -> 709 | T80: =ROUND(CU80*I80,0) -> 0 | U80: =CV80*I80 -> 51.56508 | V80: =CW80*I80 -> 0.255 | W80: =ROUND(CX80*I80,0) -> 0 | X80: =ROUND(CY80,0) -> 913 | Y80: =ROUND(CZ80,0) -> 506 | AA80: 0 | AB80: =ROUND((AC80+AD80+AF80),2) -> 33.03 | AC80: =ROUND((ES80),2) -> 23.08 | AD80: =ROUND(((((ET80*1.25)*1.7))+(((((EU80*1.25)*1.7))*1.13)-(((EU80*1.25)*1.7)))),2) -> 1.09 | AE80: =ROUND(((((EU80*1.25)*1.7))*1.13),2) -> 0.05 | AF80: =ROUND(((((EV80*1.15)*1.7))*1.13),2) -> 8.86 | AG80: =ROUND((AP80),2) -> 0 | AH80: =(((EW80*1.15)*1.7)) -> 0.6445635 | AI80: =(((EX80*1.25)*1.7)) -> 0.0031875 | AJ80: =ROUND((AS80),2) -> 0 | AK80: 27.6 | AL80: 23.08 | AM80: 0.51 | AN80: 0.02 | AO80: 4.01 | AP80: 0 | AQ80: 0.3297 | AR80: 0.0015 | AS80: 0 | AT80: =BZ80 -> 128 | AU80: =CA80 -> 71 | AV80: 1 | AW80: 1 | AX80: 1 | AY80: 1 | AZ80: 1 | BA80: 1 | BB80: 1 | BC80: 1 | BH80: 0 | BI80: 1 | BJ80: ТЕР Челябинской обл.,сб.16,гл.02,табл.001,поз.1 | BM80: 130 | BN80: 0 | BO80: 16-02-001-1 | BP80: 1 | BQ80: 5 | BR80: 0 | BS80: 1 | BT80: 1 | BU80: 1 | BV80: 1 | BW80: 1 | BX80: 1 | BZ80: 128 | CA80: 71 | CF80: 0 | CG80: 0 | CM80: 0 | CO80: 0 | CP80: =(AB80)*AZ80 -> 33.03 | CQ80: =(AC80)*BC80 -> 23.08 | CR80: =(AD80)*BB80 -> 1.09 | CS80: =(AE80)*BS80 -> 0.05 | CT80: =(AF80)*BA80 -> 8.86 | CU80: =(AG80)*BT80 -> 0 | CV80: =(AH80)*BU80 -> 0.6445635 | CW80: =(AI80)*BV80 -> 0.0031875 | CX80: =(AJ80)*BW80 -> 0 | CY80: =(((R80+S80)*BZ80*1)/100) -> 912.64 | CZ80: =(((R80+S80)*CA80*1)/100) -> 506.23 | DE80: )*1,25)*1,7 | DF80: )*1,25)*1,7 | DG80: )*1,15)*1,7 | DI80: )*1,15)*1,7 | DJ80: )*1,25)*1,7 | DN80: 0 | DO80: 0 | DP80: 1 | DQ80: 1 | DR80: 1 | DS80: 1 | DT80: 1 | DU80: 1003 | DV80: 1 м | DW80: 1 м трубопровода | DX80: 1 | EE80: 13990945 | EF80: 5 | EG80: Сантехнические работы | EH80: 0 | EJ80: 1 | EK80: 130 | EL80: Санитарнотехнические работы -внутренние (трубопроводы, водопровод, канализация, отопление, газоснабжение, вентиляция, кондиционирование воздуха) | EQ80: 576 | ER80: 27.6 | ES80: 23.08 | ET80: 0.51 | EU80: 0.02 | EV80: 4.01 | EW80: 0.3297 | EX80: 0.0015 | EY80: 0 | EZ80: 0 | FQ80: 0 | FR80: =ROUND(IF(AND(AA80=0,BI80=3),P80,0),0) -> 0 | FS80: 0
A81: 17 | B81: 1 | C81: =ROW(SmtRes!A445) -> 445 | D81: =ROW(EtalonRes!A445) -> 445 | E81: 45 | F81: 16-02-001-2 | G81: Прокладка трубопроводов отопления из стальных водогазопроводных неоцинкованных труб диаметром, мм: 20 | H81: 1 м | I81: 550 | J81: 0 | O81: =ROUND(CP81*I81,0) -> 20367 | P81: =ROUND(CQ81*I81,0) -> 14894 | Q81: =ROUND(CR81*I81,0) -> 600 | R81: =ROUND(CS81*I81,0) -> 28 | S81: =ROUND(CT81*I81,0) -> 4873 | T81: =ROUND(CU81*I81,0) -> 0 | U81: =CV81*I81 -> 354.50992 | V81: =CW81*I81 -> 1.753125 | W81: =ROUND(CX81*I81,0) -> 0 | X81: =ROUND(CY81,0) -> 6273 | Y81: =ROUND(CZ81,0) -> 3480 | AA81: 0 | AB81: =ROUND((AC81+AD81+AF81),2) -> 37.03 | AC81: =ROUND((ES81),2) -> 27.08 | AD81: =ROUND(((((ET81*1.25)*1.7))+(((((EU81*1.25)*1.7))*1.13)-(((EU81*1.25)*1.7)))),2) -> 1.09 | AE81: =ROUND(((((EU81*1.25)*1.7))*1.13),2) -> 0.05 | AF81: =ROUND(((((EV81*1.15)*1.7))*1.13),2) -> 8.86 | AG81: =ROUND((AP81),2) -> 0 | AH81: =(((EW81*1.15)*1.7)) -> 0.6445635 | AI81: =(((EX81*1.25)*1.7)) -> 0.0031875 | AJ81: =ROUND((AS81),2) -> 0 | AK81: 31.6 | AL81: 27.08 | AM81: 0.51 | AN81: 0.02 | AO81: 4.01 | AP81: 0 | AQ81: 0.3297 | AR81: 0.0015 | AS81: 0 | AT81: =BZ81 -> 128 | AU81: =CA81 -> 71 | AV81: 1 | AW81: 1 | AX81: 1 | AY81: 1 | AZ81: 1 | BA81: 1 | BB81: 1 | BC81: 1 | BH81: 0 | BI81: 1 | BJ81: ТЕР Челябинской обл.,сб.16,гл.02,табл.001,поз.2 | BM81: 130 | BN81: 0 | BO81: 16-02-001-2 | BP81: 1 | BQ81: 5 | BR81: 0 | BS81: 1 | BT81: 1 | BU81: 1 | BV81: 1 | BW81: 1 | BX81: 1 | BZ81: 128 | CA81: 71 | CF81: 0 | CG81: 0 | CM81: 0 | CO81: 0 | CP81: =(AB81)*AZ81 -> 37.03 | CQ81: =(AC81)*BC81 -> 27.08 | CR81: =(AD81)*BB81 -> 1.09 | CS81: =(AE81)*BS81 -> 0.05 | CT81: =(AF81)*BA81 -> 8.86 | CU81: =(AG81)*BT81 -> 0 | CV81: =(AH81)*BU81 -> 0.6445635 | CW81: =(AI81)*BV81 -> 0.0031875 | CX81: =(AJ81)*BW81 -> 0 | CY81: =(((R81+S81)*BZ81*1)/100) -> 6273.28 | CZ81: =(((R81+S81)*CA81*1)/100) -> 3479.71 | DE81: )*1,25)*1,7 | DF81: )*1,25)*1,7 | DG81: )*1,15)*1,7 | DI81: )*1,15)*1,7 | DJ81: )*1,25)*1,7 | DN81: 0 | DO81: 0 | DP81: 1 | DQ81: 1 | DR81: 1 | DS81: 1 | DT81: 1 | DU81: 1003 | DV81: 1 м | DW81: 1 м трубопровода | DX81: 1 | EE81: 13990945 | EF81: 5 | EG81: Сантехнические работы | EH81: 0 | EJ81: 1 | EK81: 130 | EL81: Санитарнотехнические работы -внутренние (трубопроводы, водопровод, канализация, отопление, газоснабжение, вентиляция, кондиционирование воздуха) | EQ81: 576 | ER81: 31.6 | ES81: 27.08 | ET81: 0.51 | EU81: 0.02 | EV81: 4.01 | EW81: 0.3297 | EX81: 0.0015 | EY81: 0 | EZ81: 0 | FQ81: 0 | FR81: =ROUND(IF(AND(AA81=0,BI81=3),P81,0),0) -> 0 | FS81: 0
A82: 17 | B82: 1 | C82: =ROW(SmtRes!A461) -> 461 | D82: =ROW(EtalonRes!A461) -> 461 | E82: 46 | F82: 16-02-001-3 | G82: Прокладка трубопроводов отопления из стальных водогазопроводных неоцинкованных труб диаметром, мм: 25 | H82: 1 м | I82: 160 | J82: 0 | O82: =ROUND(CP82*I82,0) -> 6998 | P82: =ROUND(CQ82*I82,0) -> 5406 | Q82: =ROUND(CR82*I82,0) -> 174 | R82: =ROUND(CS82*I82,0) -> 8 | S82: =ROUND(CT82*I82,0) -> 1418 | T82: =ROUND(CU82*I82,0) -> 0 | U82: =CV82*I82 -> 103.13016 | V82: =CW82*I82 -> 0.51 | W82: =ROUND(CX82*I82,0) -> 0 | X82: =ROUND(CY82,0) -> 1825 | Y82: =ROUND(CZ82,0) -> 1012 | AA82: 0 | AB82: =ROUND((AC82+AD82+AF82),2) -> 43.74 | AC82: =ROUND((ES82),2) -> 33.79 | AD82: =ROUND(((((ET82*1.25)*1.7))+(((((EU82*1.25)*1.7))*1.13)-(((EU82*1.25)*1.7)))),2) -> 1.09 | AE82: =ROUND(((((EU82*1.25)*1.7))*1.13),2) -> 0.05 | AF82: =ROUND(((((EV82*1.15)*1.7))*1.13),2) -> 8.86 | AG82: =ROUND((AP82),2) -> 0 | AH82: =(((EW82*1.15)*1.7)) -> 0.6445635 | AI82: =(((EX82*1.25)*1.7)) -> 0.0031875 | AJ82: =ROUND((AS82),2) -> 0 | AK82: 38.31 | AL82: 33.79 | AM82: 0.51 | AN82: 0.02 | AO82: 4.01 | AP82: 0 | AQ82: 0.3297 | AR82: 0.0015 | AS82: 0 | AT82: =BZ82 -> 128 | AU82: =CA82 -> 71 | AV82: 1 | AW82: 1 | AX82: 1 | AY82: 1 | AZ82: 1 | BA82: 1 | BB82: 1 | BC82: 1 | BH82: 0 | BI82: 1 | BJ82: ТЕР Челябинской обл.,сб.16,гл.02,табл.001,поз.3 | BM82: 130 | BN82: 0 | BO82: 16-02-001-3 | BP82: 1 | BQ82: 5 | BR82: 0 | BS82: 1 | BT82: 1 | BU82: 1 | BV82: 1 | BW82: 1 | BX82: 1 | BZ82: 128 | CA82: 71 | CF82: 0 | CG82: 0 | CM82: 0 | CO82: 0 | CP82: =(AB82)*AZ82 -> 43.74 | CQ82: =(AC82)*BC82 -> 33.79 | CR82: =(AD82)*BB82 -> 1.09 | CS82: =(AE82)*BS82 -> 0.05 | CT82: =(AF82)*BA82 -> 8.86 | CU82: =(AG82)*BT82 -> 0 | CV82: =(AH82)*BU82 -> 0.6445635 | CW82: =(AI82)*BV82 -> 0.0031875 | CX82: =(AJ82)*BW82 -> 0 | CY82: =(((R82+S82)*BZ82*1)/100) -> 1825.28 | CZ82: =(((R82+S82)*CA82*1)/100) -> 1012.46 | DE82: )*1,25)*1,7 | DF82: )*1,25)*1,7 | DG82: )*1,15)*1,7 | DI82: )*1,15)*1,7 | DJ82: )*1,25)*1,7 | DN82: 0 | DO82: 0 | DP82: 1 | DQ82: 1 | DR82: 1 | DS82: 1 | DT82: 1 | DU82: 1003 | DV82: 1 м | DW82: 1 м трубопровода | DX82: 1 | EE82: 13990945 | EF82: 5 | EG82: Сантехнические работы | EH82: 0 | EJ82: 1 | EK82: 130 | EL82: Санитарнотехнические работы -внутренние (трубопроводы, водопровод, канализация, отопление, газоснабжение, вентиляция, кондиционирование воздуха) | EQ82: 576 | ER82: 38.31 | ES82: 33.79 | ET82: 0.51 | EU82: 0.02 | EV82: 4.01 | EW82: 0.3297 | EX82: 0.0015 | EY82: 0 | EZ82: 0 | FQ82: 0 | FR82: =ROUND(IF(AND(AA82=0,BI82=3),P82,0),0) -> 0 | FS82: 0
A83: 17 | B83: 1 | C83: =ROW(SmtRes!A477) -> 477 | D83: =ROW(EtalonRes!A477) -> 477 | E83: 47 | F83: 16-02-001-4 | G83: Прокладка трубопроводов отопления из стальных водогазопроводных неоцинкованных труб диаметром, мм: 32 | H83: 1 м | I83: 120 | J83: 0 | O83: =ROUND(CP83*I83,0) -> 5863 | P83: =ROUND(CQ83*I83,0) -> 4669 | Q83: =ROUND(CR83*I83,0) -> 131 | R83: =ROUND(CS83*I83,0) -> 6 | S83: =ROUND(CT83*I83,0) -> 1063 | T83: =ROUND(CU83*I83,0) -> 0 | U83: =CV83*I83 -> 77.34762 | V83: =CW83*I83 -> 0.3825 | W83: =ROUND(CX83*I83,0) -> 0 | X83: =ROUND(CY83,0) -> 1368 | Y83: =ROUND(CZ83,0) -> 759 | AA83: 0 | AB83: =ROUND((AC83+AD83+AF83),2) -> 48.86 | AC83: =ROUND((ES83),2) -> 38.91 | AD83: =ROUND(((((ET83*1.25)*1.7))+(((((EU83*1.25)*1.7))*1.13)-(((EU83*1.25)*1.7)))),2) -> 1.09 | AE83: =ROUND(((((EU83*1.25)*1.7))*1.13),2) -> 0.05 | AF83: =ROUND(((((EV83*1.15)*1.7))*1.13),2) -> 8.86 | AG83: =ROUND((AP83),2) -> 0 | AH83: =(((EW83*1.15)*1.7)) -> 0.6445635 | AI83: =(((EX83*1.25)*1.7)) -> 0.0031875 | AJ83: =ROUND((AS83),2) -> 0 | AK83: 43.43 | AL83: 38.91 | AM83: 0.51 | AN83: 0.02 | AO83: 4.01 | AP83: 0 | AQ83: 0.3297 | AR83: 0.0015 | AS83: 0 | AT83: =BZ83 -> 128 | AU83: =CA83 -> 71 | AV83: 1 | AW83: 1 | AX83: 1 | AY83: 1 | AZ83: 1 | BA83: 1 | BB83: 1 | BC83: 1 | BH83: 0 | BI83: 1 | BJ83: ТЕР Челябинской обл.,сб.16,гл.02,табл.001,поз.4 | BM83: 130 | BN83: 0 | BO83: 16-02-001-4 | BP83: 1 | BQ83: 5 | BR83: 0 | BS83: 1 | BT83: 1 | BU83: 1 | BV83: 1 | BW83: 1 | BX83: 1 | BZ83: 128 | CA83: 71 | CF83: 0 | CG83: 0 | CM83: 0 | CO83: 0 | CP83: =(AB83)*AZ83 -> 48.86 | CQ83: =(AC83)*BC83 -> 38.91 | CR83: =(AD83)*BB83 -> 1.09 | CS83: =(AE83)*BS83 -> 0.05 | CT83: =(AF83)*BA83 -> 8.86 | CU83: =(AG83)*BT83 -> 0 | CV83: =(AH83)*BU83 -> 0.6445635 | CW83: =(AI83)*BV83 -> 0.0031875 | CX83: =(AJ83)*BW83 -> 0 | CY83: =(((R83+S83)*BZ83*1)/100) -> 1368.32 | CZ83: =(((R83+S83)*CA83*1)/100) -> 758.99 | DE83: )*1,25)*1,7 | DF83: )*1,25)*1,7 | DG83: )*1,15)*1,7 | DI83: )*1,15)*1,7 | DJ83: )*1,25)*1,7 | DN83: 0 | DO83: 0 | DP83: 1 | DQ83: 1 | DR83: 1 | DS83: 1 | DT83: 1 | DU83: 1003 | DV83: 1 м | DW83: 1 м трубопровода | DX83: 1 | EE83: 13990945 | EF83: 5 | EG83: Сантехнические работы | EH83: 0 | EJ83: 1 | EK83: 130 | EL83: Санитарнотехнические работы -внутренние (трубопроводы, водопровод, канализация, отопление, газоснабжение, вентиляция, кондиционирование воздуха) | EQ83: 576 | ER83: 43.43 | ES83: 38.91 | ET83: 0.51 | EU83: 0.02 | EV83: 4.01 | EW83: 0.3297 | EX83: 0.0015 | EY83: 0 | EZ83: 0 | FQ83: 0 | FR83: =ROUND(IF(AND(AA83=0,BI83=3),P83,0),0) -> 0 | FS83: 0
A84: 17 | B84: 1 | C84: =ROW(SmtRes!A493) -> 493 | D84: =ROW(EtalonRes!A493) -> 493 | E84: 48 | F84: 16-02-001-5 | G84: Прокладка трубопроводов отопления из стальных водогазопроводных неоцинкованных труб диаметром, мм: 40 | H84: 1 м | I84: 52 | J84: 0 | O84: =ROUND(CP84*I84,0) -> 2869 | P84: =ROUND(CQ84*I84,0) -> 2351 | Q84: =ROUND(CR84*I84,0) -> 57 | R84: =ROUND(CS84*I84,0) -> 3 | S84: =ROUND(CT84*I84,0) -> 461 | T84: =ROUND(CU84*I84,0) -> 0 | U84: =CV84*I84 -> 33.517302 | V84: =CW84*I84 -> 0.16575 | W84: =ROUND(CX84*I84,0) -> 0 | X84: =ROUND(CY84,0) -> 594 | Y84: =ROUND(CZ84,0) -> 329 | AA84: 0 | AB84: =ROUND((AC84+AD84+AF84),2) -> 55.17 | AC84: =ROUND((ES84),2) -> 45.22 | AD84: =ROUND(((((ET84*1.25)*1.7))+(((((EU84*1.25)*1.7))*1.13)-(((EU84*1.25)*1.7)))),2) -> 1.09 | AE84: =ROUND(((((EU84*1.25)*1.7))*1.13),2) -> 0.05 | AF84: =ROUND(((((EV84*1.15)*1.7))*1.13),2) -> 8.86 | AG84: =ROUND((AP84),2) -> 0 | AH84: =(((EW84*1.15)*1.7)) -> 0.6445635 | AI84: =(((EX84*1.25)*1.7)) -> 0.0031875 | AJ84: =ROUND((AS84),2) -> 0 | AK84: 49.74 | AL84: 45.22 | AM84: 0.51 | AN84: 0.02 | AO84: 4.01 | AP84: 0 | AQ84: 0.3297 | AR84: 0.0015 | AS84: 0 | AT84: =BZ84 -> 128 | AU84: =CA84 -> 71 | AV84: 1 | AW84: 1 | AX84: 1 | AY84: 1 | AZ84: 1 | BA84: 1 | BB84: 1 | BC84: 1 | BH84: 0 | BI84: 1 | BJ84: ТЕР Челябинской обл.,сб.16,гл.02,табл.001,поз.5 | BM84: 130 | BN84: 0 | BO84: 16-02-001-5 | BP84: 1 | BQ84: 5 | BR84: 0 | BS84: 1 | BT84: 1 | BU84: 1 | BV84: 1 | BW84: 1 | BX84: 1 | BZ84: 128 | CA84: 71 | CF84: 0 | CG84: 0 | CM84: 0 | CO84: 0 | CP84: =(AB84)*AZ84 -> 55.17 | CQ84: =(AC84)*BC84 -> 45.22 | CR84: =(AD84)*BB84 -> 1.09 | CS84: =(AE84)*BS84 -> 0.05 | CT84: =(AF84)*BA84 -> 8.86 | CU84: =(AG84)*BT84 -> 0 | CV84: =(AH84)*BU84 -> 0.6445635 | CW84: =(AI84)*BV84 -> 0.0031875 | CX84: =(AJ84)*BW84 -> 0 | CY84: =(((R84+S84)*BZ84*1)/100) -> 593.92 | CZ84: =(((R84+S84)*CA84*1)/100) -> 329.44 | DE84: )*1,25)*1,7 | DF84: )*1,25)*1,7 | DG84: )*1,15)*1,7 | DI84: )*1,15)*1,7 | DJ84: )*1,25)*1,7 | DN84: 0 | DO84: 0 | DP84: 1 | DQ84: 1 | DR84: 1 | DS84: 1 | DT84: 1 | DU84: 1003 | DV84: 1 м | DW84: 1 м трубопровода | DX84: 1 | EE84: 13990945 | EF84: 5 | EG84: Сантехнические работы | EH84: 0 | EJ84: 1 | EK84: 130 | EL84: Санитарнотехнические работы -внутренние (трубопроводы, водопровод, канализация, отопление, газоснабжение, вентиляция, кондиционирование воздуха) | EQ84: 576 | ER84: 49.74 | ES84: 45.22 | ET84: 0.51 | EU84: 0.02 | EV84: 4.01 | EW84: 0.3297 | EX84: 0.0015 | EY84: 0 | EZ84: 0 | FQ84: 0 | FR84: =ROUND(IF(AND(AA84=0,BI84=3),P84,0),0) -> 0 | FS84: 0
A85: 17 | B85: 1 | E85: 49 | F85: 300-9002-107 | G85: Вентили проходные муфтовые 15кч18п2 для воды, давлением 1,6 МПа (16 кгс/см2), диаметром, мм: 15 | H85: ШТУKА | I85: 84 | J85: 0 | O85: =ROUND(CP85*I85,0) -> 1756 | P85: =ROUND(CQ85*I85,0) -> 1756 | Q85: =ROUND(CR85*I85,0) -> 0 | R85: =ROUND(CS85*I85,0) -> 0 | S85: =ROUND(CT85*I85,0) -> 0 | T85: =ROUND(CU85*I85,0) -> 0 | U85: =CV85*I85 -> 0 | V85: =CW85*I85 -> 0 | W85: =ROUND(CX85*I85,0) -> 0 | X85: =ROUND(CY85,0) -> 0 | Y85: =ROUND(CZ85,0) -> 0 | AA85: 0 | AB85: =ROUND((AC85+AD85+AF85),2) -> 20.9 | AC85: =ROUND((ES85),2) -> 20.9 | AD85: =ROUND((ET85),2) -> 0 | AE85: =ROUND((EU85),2) -> 0 | AF85: =ROUND((EV85),2) -> 0 | AG85: =ROUND((AP85),2) -> 0 | AH85: =(EW85) -> 0 | AI85: =(EX85) -> 0 | AJ85: =ROUND((AS85),2) -> 0 | AK85: 20.9 | AL85: 20.9 | AM85: 0 | AN85: 0 | AO85: 0 | AP85: 0 | AQ85: 0 | AR85: 0 | AS85: 0 | AT85: =BZ85 -> 0 | AU85: =CA85 -> 0 | AV85: 1 | AW85: 1 | AX85: 1 | AY85: 1 | AZ85: 1 | BA85: 1 | BB85: 1 | BC85: 1 | BH85: 3 | BI85: 1 | BJ85: ССЦ Челябинской обл.,сб.300,поз.9002-107 | BM85: 205 | BN85: 0 | BO85: 300-9002-107 | BP85: 1 | BQ85: 5 | BR85: 0 | BS85: 1 | BT85: 1 | BU85: 1 | BV85: 1 | BW85: 1 | BX85: 1 | BZ85: 0 | CA85: 0 | CF85: 0 | CG85: 0 | CM85: 0 | CO85: 0 | CP85: =(AB85)*AZ85 -> 20.9 | CQ85: =(AC85)*BC85 -> 20.9 | CR85: =(AD85)*BB85 -> 0 | CS85: =(AE85)*BS85 -> 0 | CT85: =(AF85)*BA85 -> 0 | CU85: =(AG85)*BT85 -> 0 | CV85: =(AH85)*BU85 -> 0 | CW85: =(AI85)*BV85 -> 0 | CX85: =(AJ85)*BW85 -> 0 | CY85: =(0)*BX85 -> 0 | CZ85: =(0)*AX85 -> 0 | DN85: 0 | DO85: 0 | DP85: 1 | DQ85: 1 | DR85: 1 | DS85: 1 | DT85: 1 | DU85: 1013 | DV85: ШТУKА | DW85: ШТУKА | DX85: 1 | EE85: 13990987 | EF85: 5 | EG85: Сантехнические работы | EH85: 0 | EJ85: 1 | EK85: 205 | EL85: Материалы для сантехнических работ | EQ85: 0 | ER85: 0 | ES85: 20.9 | ET85: 0 | EU85: 0 | EV85: 0 | EW85: 0 | EX85: 0 | EY85: 0 | EZ85: 0 | FQ85: 0 | FR85: =ROUND(IF(AND(AA85=0,BI85=3),P85,0),0) -> 0 | FS85: 0
A86: 17 | B86: 1 | E86: 50 | F86: 300-9002-108 | G86: Вентили проходные муфтовые 15кч18п2 для воды, давлением 1,6 МПа (16 кгс/см2), диаметром, мм: 20 | H86: ШТУKА | I86: 142 | J86: 0 | O86: =ROUND(CP86*I86,0) -> 4061 | P86: =ROUND(CQ86*I86,0) -> 4061 | Q86: =ROUND(CR86*I86,0) -> 0 | R86: =ROUND(CS86*I86,0) -> 0 | S86: =ROUND(CT86*I86,0) -> 0 | T86: =ROUND(CU86*I86,0) -> 0 | U86: =CV86*I86 -> 0 | V86: =CW86*I86 -> 0 | W86: =ROUND(CX86*I86,0) -> 0 | X86: =ROUND(CY86,0) -> 0 | Y86: =ROUND(CZ86,0) -> 0 | AA86: 0 | AB86: =ROUND((AC86+AD86+AF86),2) -> 28.6 | AC86: =ROUND((ES86),2) -> 28.6 | AD86: =ROUND((ET86),2) -> 0 | AE86: =ROUND((EU86),2) -> 0 | AF86: =ROUND((EV86),2) -> 0 | AG86: =ROUND((AP86),2) -> 0 | AH86: =(EW86) -> 0 | AI86: =(EX86) -> 0 | AJ86: =ROUND((AS86),2) -> 0 | AK86: 28.6 | AL86: 28.6 | AM86: 0 | AN86: 0 | AO86: 0 | AP86: 0 | AQ86: 0 | AR86: 0 | AS86: 0 | AT86: =BZ86 -> 0 | AU86: =CA86 -> 0 | AV86: 1 | AW86: 1 | AX86: 1 | AY86: 1 | AZ86: 1 | BA86: 1 | BB86: 1 | BC86: 1 | BH86: 3 | BI86: 1 | BJ86: ССЦ Челябинской обл.,сб.300,поз.9002-108 | BM86: 205 | BN86: 0 | BO86: 300-9002-108 | BP86: 1 | BQ86: 5 | BR86: 0 | BS86: 1 | BT86: 1 | BU86: 1 | BV86: 1 | BW86: 1 | BX86: 1 | BZ86: 0 | CA86: 0 | CF86: 0 | CG86: 0 | CM86: 0 | CO86: 0 | CP86: =(AB86)*AZ86 -> 28.6 | CQ86: =(AC86)*BC86 -> 28.6 | CR86: =(AD86)*BB86 -> 0 | CS86: =(AE86)*BS86 -> 0 | CT86: =(AF86)*BA86 -> 0 | CU86: =(AG86)*BT86 -> 0 | CV86: =(AH86)*BU86 -> 0 | CW86: =(AI86)*BV86 -> 0 | CX86: =(AJ86)*BW86 -> 0 | CY86: =(0)*BX86 -> 0 | CZ86: =(0)*AX86 -> 0 | DN86: 0 | DO86: 0 | DP86: 1 | DQ86: 1 | DR86: 1 | DS86: 1 | DT86: 1 | DU86: 1013 | DV86: ШТУKА | DW86: ШТУKА | DX86: 1 | EE86: 13990987 | EF86: 5 | EG86: Сантехнические работы | EH86: 0 | EJ86: 1 | EK86: 205 | EL86: Материалы для сантехнических работ | EQ86: 0 | ER86: 0 | ES86: 28.6 | ET86: 0 | EU86: 0 | EV86: 0 | EW86: 0 | EX86: 0 | EY86: 0 | EZ86: 0 | FQ86: 0 | FR86: =ROUND(IF(AND(AA86=0,BI86=3),P86,0),0) -> 0 | FS86: 0
A87: 17 | B87: 1 | C87: =ROW(SmtRes!A504) -> 504 | D87: =ROW(EtalonRes!A504) -> 504 | E87: 51 | F87: 18-06-003-6 | G87: Установка воздухосборников из стальных труб (горизонтальных и вертикальных), наружным диаметром, мм: 219 | H87: шт. | I87: 1 | J87: 0 | O87: =ROUND(CP87*I87,0) -> 530 | P87: =ROUND(CQ87*I87,0) -> 480 | Q87: =ROUND(CR87*I87,0) -> 17 | R87: =ROUND(CS87*I87,0) -> 0 | S87: =ROUND(CT87*I87,0) -> 32 | T87: =ROUND(CU87*I87,0) -> 0 | U87: =CV87*I87 -> 2.36555 | V87: =CW87*I87 -> 0.02125 | W87: =ROUND(CX87*I87,0) -> 0 | X87: =ROUND(CY87,0) -> 42 | Y87: =ROUND(CZ87,0) -> 23 | AA87: 0 | AB87: =ROUND((AC87+AD87+AF87),2) -> 529.73 | AC87: =ROUND((ES87),2) -> 480.07 | AD87: =ROUND(((((ET87*1.25)*1.7))+(((((EU87*1.25)*1.7))*1.13)-(((EU87*1.25)*1.7)))),2) -> 17.47 | AE87: =ROUND(((((EU87*1.25)*1.7))*1.13),2) -> 0.38 | AF87: =ROUND(((((EV87*1.15)*1.7))*1.13),2) -> 32.19 | AG87: =ROUND((AP87),2) -> 0 | AH87: =(((EW87*1.15)*1.7)) -> 2.36555 | AI87: =(((EX87*1.25)*1.7)) -> 0.02125 | AJ87: =ROUND((AS87),2) -> 0 | AK87: 502.84 | AL87: 480.07 | AM87: 8.2 | AN87: 0.16 | AO87: 14.57 | AP87: 0 | AQ87: 1.21 | AR87: 0.01 | AS87: 0 | AT87: =BZ87 -> 130 | AU87: =CA87 -> 71 | AV87: 1 | AW87: 1 | AX87: 1 | AY87: 1 | AZ87: 1 | BA87: 1 | BB87: 1 | BC87: 1 | BH87: 0 | BI87: 1 | BJ87: ТЕР Челябинской обл.,сб.18,гл.06,табл.003,поз.6 | BM87: 130 | BN87: 0 | BO87: 18-06-003-6 | BP87: 1 | BQ87: 5 | BR87: 0 | BS87: 1 | BT87: 1 | BU87: 1 | BV87: 1 | BW87: 1 | BX87: 1 | BZ87: 130 | CA87: 71 | CF87: 0 | CG87: 0 | CM87: 0 | CO87: 0 | CP87: =(AB87)*AZ87 -> 529.73 | CQ87: =(AC87)*BC87 -> 480.07 | CR87: =(AD87)*BB87 -> 17.47 | CS87: =(AE87)*BS87 -> 0.38 | CT87: =(AF87)*BA87 -> 32.19 | CU87: =(AG87)*BT87 -> 0 | CV87: =(AH87)*BU87 -> 2.36555 | CW87: =(AI87)*BV87 -> 0.02125 | CX87: =(AJ87)*BW87 -> 0 | CY87: =(((R87+S87)*BZ87*1)/100) -> 41.6 | CZ87: =(((R87+S87)*CA87*1)/100) -> 22.72 | DE87: )*1,25)*1,7 | DF87: )*1,25)*1,7 | DG87: )*1,15)*1,7 | DI87: )*1,15)*1,7 | DJ87: )*1,25)*1,7 | DN87: 0 | DO87: 0 | DP87: 1 | DQ87: 1 | DR87: 1 | DS87: 1 | DT87: 1 | DU87: 1010 | DV87: шт. | DW87: шт. | DX87: 1 | EE87: 13990945 | EF87: 5 | EG87: Сантехнические работы | EH87: 0 | EJ87: 1 | EK87: 130 | EL87: Санитарнотехнические работы -внутренние (трубопроводы, водопровод, канализация, отопление, газоснабжение, вентиляция, кондиционирование воздуха) | EQ87: 512 | ER87: 502.84 | ES87: 480.07 | ET87: 8.2 | EU87: 0.16 | EV87: 14.57 | EW87: 1.21 | EX87: 0.01 | EY87: 0 | EZ87: 0 | FQ87: 0 | FR87: =ROUND(IF(AND(AA87=0,BI87=3),P87,0),0) -> 0 | FS87: 0
A88: 17 | B88: 1 | C88: =ROW(SmtRes!A517) -> 517 | D88: =ROW(EtalonRes!A517) -> 517 | E88: 52 | F88: 18-06-003-8 | G88: Установка воздухосборников из стальных труб (горизонтальных и вертикальных), наружным диаметром, мм: 325 | H88: шт. | I88: 2 | J88: 0 | O88: =ROUND(CP88*I88,0) -> 2132 | P88: =ROUND(CQ88*I88,0) -> 1931 | Q88: =ROUND(CR88*I88,0) -> 45 | R88: =ROUND(CS88*I88,0) -> 2 | S88: =ROUND(CT88*I88,0) -> 155 | T88: =ROUND(CU88*I88,0) -> 0 | U88: =CV88*I88 -> 11.4172 | V88: =CW88*I88 -> 0.085 | W88: =ROUND(CX88*I88,0) -> 0 | X88: =ROUND(CY88,0) -> 204 | Y88: =ROUND(CZ88,0) -> 111 | AA88: 0 | AB88: =ROUND((AC88+AD88+AF88),2) -> 1065.89 | AC88: =ROUND((ES88),2) -> 965.69 | AD88: =ROUND(((((ET88*1.25)*1.7))+(((((EU88*1.25)*1.7))*1.13)-(((EU88*1.25)*1.7)))),2) -> 22.53 | AE88: =ROUND(((((EU88*1.25)*1.7))*1.13),2) -> 0.79 | AF88: =ROUND(((((EV88*1.15)*1.7))*1.13),2) -> 77.67 | AG88: =ROUND((AP88),2) -> 0 | AH88: =(((EW88*1.15)*1.7)) -> 5.7086 | AI88: =(((EX88*1.25)*1.7)) -> 0.0425 | AJ88: =ROUND((AS88),2) -> 0 | AK88: 1011.41 | AL88: 965.69 | AM88: 10.56 | AN88: 0.33 | AO88: 35.16 | AP88: 0 | AQ88: 2.92 | AR88: 0.02 | AS88: 0 | AT88: =BZ88 -> 130 | AU88: =CA88 -> 71 | AV88: 1 | AW88: 1 | AX88: 1 | AY88: 1 | AZ88: 1 | BA88: 1 | BB88: 1 | BC88: 1 | BH88: 0 | BI88: 1 | BJ88: ТЕР Челябинской обл.,сб.18,гл.06,табл.003,поз.8 | BM88: 130 | BN88: 0 | BO88: 18-06-003-8 | BP88: 1 | BQ88: 5 | BR88: 0 | BS88: 1 | BT88: 1 | BU88: 1 | BV88: 1 | BW88: 1 | BX88: 1 | BZ88: 130 | CA88: 71 | CF88: 0 | CG88: 0 | CM88: 0 | CO88: 0 | CP88: =(AB88)*AZ88 -> 1065.89 | CQ88: =(AC88)*BC88 -> 965.69 | CR88: =(AD88)*BB88 -> 22.53 | CS88: =(AE88)*BS88 -> 0.79 | CT88: =(AF88)*BA88 -> 77.67 | CU88: =(AG88)*BT88 -> 0 | CV88: =(AH88)*BU88 -> 5.7086 | CW88: =(AI88)*BV88 -> 0.0425 | CX88: =(AJ88)*BW88 -> 0 | CY88: =(((R88+S88)*BZ88*1)/100) -> 204.1 | CZ88: =(((R88+S88)*CA88*1)/100) -> 111.47 | DE88: )*1,25)*1,7 | DF88: )*1,25)*1,7 | DG88: )*1,15)*1,7 | DI88: )*1,15)*1,7 | DJ88: )*1,25)*1,7 | DN88: 0 | DO88: 0 | DP88: 1 | DQ88: 1 | DR88: 1 | DS88: 1 | DT88: 1 | DU88: 1010 | DV88: шт. | DW88: шт. | DX88: 1 | EE88: 13990945 | EF88: 5 | EG88: Сантехнические работы | EH88: 0 | EJ88: 1 | EK88: 130 | EL88: Санитарнотехнические работы -внутренние (трубопроводы, водопровод, канализация, отопление, газоснабжение, вентиляция, кондиционирование воздуха) | EQ88: 512 | ER88: 1011.41 | ES88: 965.69 | ET88: 10.56 | EU88: 0.33 | EV88: 35.16 | EW88: 2.92 | EX88: 0.02 | EY88: 0 | EZ88: 0 | FQ88: 0 | FR88: =ROUND(IF(AND(AA88=0,BI88=3),P88,0),0) -> 0 | FS88: 0
A89: 17 | B89: 1 | C89: =ROW(SmtRes!A525) -> 525 | D89: =ROW(EtalonRes!A525) -> 525 | E89: 53 | F89: 16-05-001-1 | G89: Установка вентилей, задвижек, затворов, клапанов обратных, кранов проходных на трубопроводах из стальных труб диаметром, мм, до: 25 | H89: шт. | I89: 18 | J89: 0 | O89: =ROUND(CP89*I89,0) -> 1164 | P89: =ROUND(CQ89*I89,0) -> 351 | Q89: =ROUND(CR89*I89,0) -> 141 | R89: =ROUND(CS89*I89,0) -> 0 | S89: =ROUND(CT89*I89,0) -> 671 | T89: =ROUND(CU89*I89,0) -> 0 | U89: =CV89*I89 -> 51.7293 | V89: =CW89*I89 -> 0 | W89: =ROUND(CX89*I89,0) -> 0 | X89: =ROUND(CY89,0) -> 859 | Y89: =ROUND(CZ89,0) -> 476 | AA89: 0 | AB89: =ROUND((AC89+AD89+AF89),2) -> 64.64 | AC89: =ROUND((ES89),2) -> 19.49 | AD89: =ROUND(((((ET89*1.25)*1.7))+(((((EU89*1.25)*1.7))*1.13)-(((EU89*1.25)*1.7)))),2) -> 7.86 | AE89: =ROUND(((((EU89*1.25)*1.7))*1.13),2) -> 0 | AF89: =ROUND(((((EV89*1.15)*1.7))*1.13),2) -> 37.29 | AG89: =ROUND((AP89),2) -> 0 | AH89: =(((EW89*1.15)*1.7)) -> 2.87385 | AI89: =(((EX89*1.25)*1.7)) -> 0 | AJ89: =ROUND((AS89),2) -> 0 | AK89: 40.07 | AL89: 19.49 | AM89: 3.7 | AN89: 0 | AO89: 16.88 | AP89: 0 | AQ89: 1.47 | AR89: 0 | AS89: 0 | AT89: =BZ89 -> 128 | AU89: =CA89 -> 71 | AV89: 1 | AW89: 1 | AX89: 1 | AY89: 1 | AZ89: 1 | BA89: 1 | BB89: 1 | BC89: 1 | BH89: 0 | BI89: 1 | BJ89: ТЕР Челябинской обл.,сб.16,гл.05,табл.001,поз.1 | BM89: 130 | BN89: 0 | BO89: 16-05-001-1 | BP89: 1 | BQ89: 5 | BR89: 0 | BS89: 1 | BT89: 1 | BU89: 1 | BV89: 1 | BW89: 1 | BX89: 1 | BZ89: 128 | CA89: 71 | CF89: 0 | CG89: 0 | CM89: 0 | CO89: 0 | CP89: =(AB89)*AZ89 -> 64.64 | CQ89: =(AC89)*BC89 -> 19.49 | CR89: =(AD89)*BB89 -> 7.86 | CS89: =(AE89)*BS89 -> 0 | CT89: =(AF89)*BA89 -> 37.29 | CU89: =(AG89)*BT89 -> 0 | CV89: =(AH89)*BU89 -> 2.87385 | CW89: =(AI89)*BV89 -> 0 | CX89: =(AJ89)*BW89 -> 0 | CY89: =(((R89+S89)*BZ89*1)/100) -> 858.88 | CZ89: =(((R89+S89)*CA89*1)/100) -> 476.41 | DE89: )*1,25)*1,7 | DF89: )*1,25)*1,7 | DG89: )*1,15)*1,7 | DI89: )*1,15)*1,7 | DJ89: )*1,25)*1,7 | DN89: 0 | DO89: 0 | DP89: 1 | DQ89: 1 | DR89: 1 | DS89: 1 | DT89: 1 | DU89: 1010 | DV89: шт. | DW89: шт. | DX89: 1 | EE89: 13990945 | EF89: 5 | EG89: Сантехнические работы | EH89: 0 | EJ89: 1 | EK89: 130 | EL89: Санитарнотехнические работы -внутренние (трубопроводы, водопровод, канализация, отопление, газоснабжение, вентиляция, кондиционирование воздуха) | EQ89: 512 | ER89: 40.07 | ES89: 19.49 | ET89: 3.7 | EU89: 0 | EV89: 16.88 | EW89: 1.47 | EX89: 0 | EY89: 0 | EZ89: 0 | FQ89: 0 | FR89: =ROUND(IF(AND(AA89=0,BI89=3),P89,0),0) -> 0 | FS89: 0
A90: 17 | B90: 1 | E90: 54 | F90: 300-9002-165 | G90: Вентили проходные фланцевые 15кч19п2 для воды и пара, давлением 1,6 МПа (16 кгс/см2), диаметром, мм: 25 | H90: ШТУKА | I90: 18 | J90: 0 | O90: =ROUND(CP90*I90,0) -> 1145 | P90: =ROUND(CQ90*I90,0) -> 1145 | Q90: =ROUND(CR90*I90,0) -> 0 | R90: =ROUND(CS90*I90,0) -> 0 | S90: =ROUND(CT90*I90,0) -> 0 | T90: =ROUND(CU90*I90,0) -> 0 | U90: =CV90*I90 -> 0 | V90: =CW90*I90 -> 0 | W90: =ROUND(CX90*I90,0) -> 0 | X90: =ROUND(CY90,0) -> 0 | Y90: =ROUND(CZ90,0) -> 0 | AA90: 0 | AB90: =ROUND((AC90+AD90+AF90),2) -> 63.6 | AC90: =ROUND((ES90),2) -> 63.6 | AD90: =ROUND((ET90),2) -> 0 | AE90: =ROUND((EU90),2) -> 0 | AF90: =ROUND((EV90),2) -> 0 | AG90: =ROUND((AP90),2) -> 0 | AH90: =(EW90) -> 0 | AI90: =(EX90) -> 0 | AJ90: =ROUND((AS90),2) -> 0 | AK90: 63.6 | AL90: 63.6 | AM90: 0 | AN90: 0 | AO90: 0 | AP90: 0 | AQ90: 0 | AR90: 0 | AS90: 0 | AT90: =BZ90 -> 0 | AU90: =CA90 -> 0 | AV90: 1 | AW90: 1 | AX90: 1 | AY90: 1 | AZ90: 1 | BA90: 1 | BB90: 1 | BC90: 1 | BH90: 3 | BI90: 1 | BJ90: ССЦ Челябинской обл.,сб.300,поз.9002-165 | BM90: 205 | BN90: 0 | BO90: 300-9002-165 | BP90: 1 | BQ90: 5 | BR90: 0 | BS90: 1 | BT90: 1 | BU90: 1 | BV90: 1 | BW90: 1 | BX90: 1 | BZ90: 0 | CA90: 0 | CF90: 0 | CG90: 0 | CM90: 0 | CO90: 0 | CP90: =(AB90)*AZ90 -> 63.6 | CQ90: =(AC90)*BC90 -> 63.6 | CR90: =(AD90)*BB90 -> 0 | CS90: =(AE90)*BS90 -> 0 | CT90: =(AF90)*BA90 -> 0 | CU90: =(AG90)*BT90 -> 0 | CV90: =(AH90)*BU90 -> 0 | CW90: =(AI90)*BV90 -> 0 | CX90: =(AJ90)*BW90 -> 0 | CY90: =(0)*BX90 -> 0 | CZ90: =(0)*AX90 -> 0 | DN90: 0 | DO90: 0 | DP90: 1 | DQ90: 1 | DR90: 1 | DS90: 1 | DT90: 1 | DU90: 1013 | DV90: ШТУKА | DW90: ШТУKА | DX90: 1 | EE90: 13990987 | EF90: 5 | EG90: Сантехнические работы | EH90: 0 | EJ90: 1 | EK90: 205 | EL90: Материалы для сантехнических работ | EQ90: 0 | ER90: 63.6 | ES90: 63.6 | ET90: 0 | EU90: 0 | EV90: 0 | EW90: 0 | EX90: 0 | EY90: 0 | EZ90: 0 | FQ90: 0 | FR90: =ROUND(IF(AND(AA90=0,BI90=3),P90,0),0) -> 0 | FS90: 0
A91: 17 | B91: 1 | E91: 55 | F91: 300-0980 | G91: Фланцы стальные плоские приварные из стали ВСт3сп2, ВСт3сп3; давлением 1,6 МПа (16 кгс/см2), диаметром, мм: 25 | H91: ШТУKА | I91: 36 | J91: 0 | O91: =ROUND(CP91*I91,0) -> 1195 | P91: =ROUND(CQ91*I91,0) -> 1195 | Q91: =ROUND(CR91*I91,0) -> 0 | R91: =ROUND(CS91*I91,0) -> 0 | S91: =ROUND(CT91*I91,0) -> 0 | T91: =ROUND(CU91*I91,0) -> 0 | U91: =CV91*I91 -> 0 | V91: =CW91*I91 -> 0 | W91: =ROUND(CX91*I91,0) -> 0 | X91: =ROUND(CY91,0) -> 0 | Y91: =ROUND(CZ91,0) -> 0 | AA91: 0 | AB91: =ROUND((AC91+AD91+AF91),2) -> 33.2 | AC91: =ROUND((ES91),2) -> 33.2 | AD91: =ROUND((ET91),2) -> 0 | AE91: =ROUND((EU91),2) -> 0 | AF91: =ROUND((EV91),2) -> 0 | AG91: =ROUND((AP91),2) -> 0 | AH91: =(EW91) -> 0 | AI91: =(EX91) -> 0 | AJ91: =ROUND((AS91),2) -> 0 | AK91: 33.2 | AL91: 33.2 | AM91: 0 | AN91: 0 | AO91: 0 | AP91: 0 | AQ91: 0 | AR91: 0 | AS91: 0 | AT91: =BZ91 -> 0 | AU91: =CA91 -> 0 | AV91: 1 | AW91: 1 | AX91: 1 | AY91: 1 | AZ91: 1 | BA91: 1 | BB91: 1 | BC91: 1 | BH91: 3 | BI91: 1 | BJ91: ССЦ Челябинской обл.,сб.300,поз.0980 | BM91: 205 | BN91: 0 | BO91: 300-0980 | BP91: 1 | BQ91: 5 | BR91: 0 | BS91: 1 | BT91: 1 | BU91: 1 | BV91: 1 | BW91: 1 | BX91: 1 | BZ91: 0 | CA91: 0 | CF91: 0 | CG91: 0 | CM91: 0 | CO91: 0 | CP91: =(AB91)*AZ91 -> 33.2 | CQ91: =(AC91)*BC91 -> 33.2 | CR91: =(AD91)*BB91 -> 0 | CS91: =(AE91)*BS91 -> 0 | CT91: =(AF91)*BA91 -> 0 | CU91: =(AG91)*BT91 -> 0 | CV91: =(AH91)*BU91 -> 0 | CW91: =(AI91)*BV91 -> 0 | CX91: =(AJ91)*BW91 -> 0 | CY91: =(0)*BX91 -> 0 | CZ91: =(0)*AX91 -> 0 | DN91: 0 | DO91: 0 | DP91: 1 | DQ91: 1 | DR91: 1 | DS91: 1 | DT91: 1 | DU91: 1013 | DV91: ШТУKА | DW91: ШТУKА | DX91: 1 | EE91: 13990987 | EF91: 5 | EG91: Сантехнические работы | EH91: 0 | EJ91: 1 | EK91: 205 | EL91: Материалы для сантехнических работ | EQ91: 0 | ER91: 33.2 | ES91: 33.2 | ET91: 0 | EU91: 0 | EV91: 0 | EW91: 0 | EX91: 0 | EY91: 0 | EZ91: 0 | FQ91: 0 | FR91: =ROUND(IF(AND(AA91=0,BI91=3),P91,0),0) -> 0 | FS91: 0
A92: 17 | B92: 1 | C92: =ROW(SmtRes!A533) -> 533 | D92: =ROW(EtalonRes!A533) -> 533 | E92: 56 | F92: 16-05-001-2 | G92: Установка вентилей, задвижек, затворов, клапанов обратных, кранов проходных на трубопроводах из стальных труб диаметром, мм, до: 50 | H92: шт. | I92: 4 | J92: 0 | O92: =ROUND(CP92*I92,0) -> 303 | P92: =ROUND(CQ92*I92,0) -> 114 | Q92: =ROUND(CR92*I92,0) -> 40 | R92: =ROUND(CS92*I92,0) -> 0 | S92: =ROUND(CT92*I92,0) -> 149 | T92: =ROUND(CU92*I92,0) -> 0 | U92: =CV92*I92 -> 11.4954 | V92: =CW92*I92 -> 0 | W92: =ROUND(CX92*I92,0) -> 0 | X92: =ROUND(CY92,0) -> 191 | Y92: =ROUND(CZ92,0) -> 106 | AA92: 0 | AB92: =ROUND((AC92+AD92+AF92),2) -> 75.76 | AC92: =ROUND((ES92),2) -> 28.55 | AD92: =ROUND(((((ET92*1.25)*1.7))+(((((EU92*1.25)*1.7))*1.13)-(((EU92*1.25)*1.7)))),2) -> 9.92 | AE92: =ROUND(((((EU92*1.25)*1.7))*1.13),2) -> 0 | AF92: =ROUND(((((EV92*1.15)*1.7))*1.13),2) -> 37.29 | AG92: =ROUND((AP92),2) -> 0 | AH92: =(((EW92*1.15)*1.7)) -> 2.87385 | AI92: =(((EX92*1.25)*1.7)) -> 0 | AJ92: =ROUND((AS92),2) -> 0 | AK92: 50.1 | AL92: 28.55 | AM92: 4.67 | AN92: 0 | AO92: 16.88 | AP92: 0 | AQ92: 1.47 | AR92: 0 | AS92: 0 | AT92: =BZ92 -> 128 | AU92: =CA92 -> 71 | AV92: 1 | AW92: 1 | AX92: 1 | AY92: 1 | AZ92: 1 | BA92: 1 | BB92: 1 | BC92: 1 | BH92: 0 | BI92: 1 | BJ92: ТЕР Челябинской обл.,сб.16,гл.05,табл.001,поз.2 | BM92: 130 | BN92: 0 | BO92: 16-05-001-2 | BP92: 1 | BQ92: 5 | BR92: 0 | BS92: 1 | BT92: 1 | BU92: 1 | BV92: 1 | BW92: 1 | BX92: 1 | BZ92: 128 | CA92: 71 | CF92: 0 | CG92: 0 | CM92: 0 | CO92: 0 | CP92: =(AB92)*AZ92 -> 75.76 | CQ92: =(AC92)*BC92 -> 28.55 | CR92: =(AD92)*BB92 -> 9.92 | CS92: =(AE92)*BS92 -> 0 | CT92: =(AF92)*BA92 -> 37.29 | CU92: =(AG92)*BT92 -> 0 | CV92: =(AH92)*BU92 -> 2.87385 | CW92: =(AI92)*BV92 -> 0 | CX92: =(AJ92)*BW92 -> 0 | CY92: =(((R92+S92)*BZ92*1)/100) -> 190.72 | CZ92: =(((R92+S92)*CA92*1)/100) -> 105.79 | DE92: )*1,25)*1,7 | DF92: )*1,25)*1,7 | DG92: )*1,15)*1,7 | DI92: )*1,15)*1,7 | DJ92: )*1,25)*1,7 | DN92: 0 | DO92: 0 | DP92: 1 | DQ92: 1 | DR92: 1 | DS92: 1 | DT92: 1 | DU92: 1010 | DV92: шт. | DW92: шт. | DX92: 1 | EE92: 13990945 | EF92: 5 | EG92: Сантехнические работы | EH92: 0 | EJ92: 1 | EK92: 130 | EL92: Санитарнотехнические работы -внутренние (трубопроводы, водопровод, канализация, отопление, газоснабжение, вентиляция, кондиционирование воздуха) | EQ92: 512 | ER92: 50.1 | ES92: 28.55 | ET92: 4.67 | EU92: 0 | EV92: 16.88 | EW92: 1.47 | EX92: 0 | EY92: 0 | EZ92: 0 | FQ92: 0 | FR92: =ROUND(IF(AND(AA92=0,BI92=3),P92,0),0) -> 0 | FS92: 0
A93: 17 | B93: 1 | E93: 57 | F93: 300-9002-168 | G93: Вентили проходные фланцевые 15кч19п2 для воды и пара, давлением 1,6 МПа (16 кгс/см2), диаметром, мм: 50 | H93: ШТУKА | I93: 1 | J93: 0 | O93: =ROUND(CP93*I93,0) -> 212 | P93: =ROUND(CQ93*I93,0) -> 212 | Q93: =ROUND(CR93*I93,0) -> 0 | R93: =ROUND(CS93*I93,0) -> 0 | S93: =ROUND(CT93*I93,0) -> 0 | T93: =ROUND(CU93*I93,0) -> 0 | U93: =CV93*I93 -> 0 | V93: =CW93*I93 -> 0 | W93: =ROUND(CX93*I93,0) -> 0 | X93: =ROUND(CY93,0) -> 0 | Y93: =ROUND(CZ93,0) -> 0 | AA93: 0 | AB93: =ROUND((AC93+AD93+AF93),2) -> 212 | AC93: =ROUND((ES93),2) -> 212 | AD93: =ROUND((ET93),2) -> 0 | AE93: =ROUND((EU93),2) -> 0 | AF93: =ROUND((EV93),2) -> 0 | AG93: =ROUND((AP93),2) -> 0 | AH93: =(EW93) -> 0 | AI93: =(EX93) -> 0 | AJ93: =ROUND((AS93),2) -> 0 | AK93: 212 | AL93: 212 | AM93: 0 | AN93: 0 | AO93: 0 | AP93: 0 | AQ93: 0 | AR93: 0 | AS93: 0 | AT93: =BZ93 -> 0 | AU93: =CA93 -> 0 | AV93: 1 | AW93: 1 | AX93: 1 | AY93: 1 | AZ93: 1 | BA93: 1 | BB93: 1 | BC93: 1 | BH93: 3 | BI93: 1 | BJ93: ССЦ Челябинской обл.,сб.300,поз.9002-168 | BM93: 205 | BN93: 0 | BO93: 300-9002-168 | BP93: 1 | BQ93: 5 | BR93: 0 | BS93: 1 | BT93: 1 | BU93: 1 | BV93: 1 | BW93: 1 | BX93: 1 | BZ93: 0 | CA93: 0 | CF93: 0 | CG93: 0 | CM93: 0 | CO93: 0 | CP93: =(AB93)*AZ93 -> 212 | CQ93: =(AC93)*BC93 -> 212 | CR93: =(AD93)*BB93 -> 0 | CS93: =(AE93)*BS93 -> 0 | CT93: =(AF93)*BA93 -> 0 | CU93: =(AG93)*BT93 -> 0 | CV93: =(AH93)*BU93 -> 0 | CW93: =(AI93)*BV93 -> 0 | CX93: =(AJ93)*BW93 -> 0 | CY93: =(0)*BX93 -> 0 | CZ93: =(0)*AX93 -> 0 | DN93: 0 | DO93: 0 | DP93: 1 | DQ93: 1 | DR93: 1 | DS93: 1 | DT93: 1 | DU93: 1013 | DV93: ШТУKА | DW93: ШТУKА | DX93: 1 | EE93: 13990987 | EF93: 5 | EG93: Сантехнические работы | EH93: 0 | EJ93: 1 | EK93: 205 | EL93: Материалы для сантехнических работ | EQ93: 0 | ER93: 212 | ES93: 212 | ET93: 0 | EU93: 0 | EV93: 0 | EW93: 0 | EX93: 0 | EY93: 0 | EZ93: 0 | FQ93: 0 | FR93: =ROUND(IF(AND(AA93=0,BI93=3),P93,0),0) -> 0 | FS93: 0
